 Dungeon Crawl Stone Soup version 0.31-a0-157-g0643eb4156 (webtiles) character file.

Game seed: 17563980474622205055

1164962 qw the Demon Slayer (level 27, -2/179 HPs)
             Began as a Gargoyle Fighter on June 11, 2023.
             Was a High Priest of the Shining One.
             Killed from afar by an Ice Fiend (20 damage)
             ... with a bolt of cold
             ... on level 7 of Cocytus on June 12, 2023.
             The game lasted 01:18:23 (96208 turns).

qw the Demon Slayer (Gargoyle Fighter)             Turns: 96208, Time: 01:18:23

Health: -2/179     AC: 61    Str: 37    XL:     27
Magic:  7/36       EV: 28    Int: 18    God:    the Shining One [*****.]
Gold:   13881      SH: 26    Dex: 12    Spells: 26/26 levels left

rFire   + . .        k - +7 broad axe (holy)
rCold   + + .        A - +2 tower shield {AC+3}
rNeg    + + +        u - +10 plate armour {rN+}
rPois   inf          e - +2 hat "Cuexuinu" {rPois rC+ Str+2}
rElec   +            E - scarf {rC+ rF+}
rCorr   .            y - +2 pair of gloves {Dex+3}
SInv    +            j - +2 pair of boots
Will    +++..        r - amulet of Puebull {Faith Regen+ Slay+2 SInv} Stlth
                     s - +5 ring of evasion
HPRegen 1.29/turn    o - ring of Cheibriados's Delight {EV+5 Int+6 Dex-2}
MPRegen 0.25/turn

%: random rage (3%), faith
@: about to teleport, frozen, flying, glowing, unable to read, unable to drink,
very slow
A: sickness immunity, AC +20, big wings, negative energy resistance 1,
electricity resistance, torment resistance 1, petrification resistance, agile 1,
berserk 1, clever 1, deformed body, frail 1, low MP 1, strong-willed 1,
screaming 1, strong 1, teleportitis 1, subdued magic 1, inability to read after
injury 1, noise suppression
}: 12/15 runes: barnacled, slimy, silver, golden, bone, abyssal, demonic,
glowing, magical, fiery, dark, gossamer
a: Renounce Religion, Divine Shield, Cleansing Flame, Summon Divine Warrior


You were on level 7 of Cocytus.
You worshipped the Shining One.
The Shining One was extremely pleased with you.
You visited 15 branches of the dungeon, and saw 70 of its levels.
You visited Pandemonium 1 time, and saw 14 of its levels.
You visited the Abyss 3 times.
You also visited: Sewer and Gauntlet.

You collected 15341 gold pieces.
You spent 1460 gold pieces at shops.


Innate Abilities, Weirdness & Mutations

You are immune to sickness and miasma.
Your stone body is resilient. (AC +20)
You are immune to poison.
Your large and strong wings let you fly.
You resist negative energy. (rN+)
You are resistant to electric shocks. (rElec)
You are resistant to unholy torment.
You are immune to petrification.
You are agile. (Dex +4, Str/Int -1)
You sometimes lose your temper in combat.
Your mind is acute. (Int +4, Str/Dex -1)
Armour fits poorly on your strangely shaped body.
You are frail. (-10% HP)
Your magical capacity is low. (-10% MP)
You are strong-willed. (Will+)
You occasionally shout uncontrollably at your foes.
Your muscles are strong. (Str +4, Int/Dex -1)
You are occasionally teleported next to monsters.
Your spells are a little easier to cast, but a little less powerful.
You occasionally lose the ability to read scrolls when taking damage.
You passively dampen the noise of your surroundings.


   Skills:
 O Level 27 Fighting
 - Level 10.2 Short Blades
 O Level 27 Axes
 - Level 15.0 Throwing
 O Level 27 Armour
 + Level 21.0 Dodging
 - Level 26.5 Shields
 O Level 27 Invocations


You had 26 spell levels left.
You didn't know any spells.
Your spell library was empty.

Inventory:

Hand Weapons
 k - a +7 broad axe of holy wrath (weapon)
 D - a +1 spectral broad axe
Armour
 a - a +0 tower shield of cold resistance
 b - the +4 plate armour "Xudux" {rC+}
   (You found it in Pandemonium)

   rC:        It protects you from cold.
 e - the +2 hat "Cuexuinu" (worn) {rPois rC+ Str+2}
   (You acquired it on level 2 of the Tomb of the Ancients)

   Str:       It affects your strength (+2).
   rC:        It protects you from cold.
   rPois:     It protects you from poison.
 j - a +2 pair of boots (worn)
 n - the +1 helmet "Ferrolorph" {Str+3}
   (Okawaru gifted it to you on level 2 of the Lair of Beasts)

   Str:       It affects your strength (+3).
 p - +0 gold dragon scales
 u - a +10 plate armour of positive energy (worn)
 y - a +2 pair of gloves of dexterity (worn)
 A - a +2 tower shield of protection (worn)
 E - a scarf of resistance (worn)
 M - the +4 dragonskin cloak
   (You took it off Tiamat on level 1 of the Realm of Zot)

   Avatar's Aegis: It grants the wearer a chance to resist fire, cold, poison,
   electricity, acid, and negative energy.
Jewellery
 i - the ring "Xutigen" {Str+6 Int+4}
   (You found it on level 7 of Cocytus)

   [ring of strength]

   Str:       It affects your strength (+6).
   Int:       It affects your intelligence (+4).
 o - the ring of Cheibriados's Delight (right hand) {EV+5 Int+6 Dex-2}
   (You found it on level 3 of the Tomb of the Ancients)

   [ring of evasion]

   EV:        It affects your evasion (+5).
   Int:       It affects your intelligence (+6).
   Dex:       It affects your dexterity (-2).
 q - the ring of Kauraggo {Fire Will+ rCorr}
   (You took it off a balrug in Pandemonium)

   [ring of fire]

   It enhances your fire magic.
   rF:        It protects you from fire.
   rC:        It makes you vulnerable to cold.
   rCorr:     It protects you from acid and corrosion.
   Will:      It increases your willpower.
 r - the amulet of Puebull (around neck) {Faith Regen+ Slay+2 SInv}
   (You found it in Pandemonium)

   [amulet of faith]

   It allows you to gain divine favour quickly.
   Slay:      It affects your accuracy & damage with ranged weapons and melee
   (+2).
   SInv:      It lets you see invisible.
   Regen:     It increases your rate of health regeneration.
 s - a +5 ring of evasion (left hand)
 w - a ring of protection from fire
 x - a ring of protection from fire
 B - the ring "Haddoimp" {rC+ Str+2}
   (You found it on level 3 of the Tomb of the Ancients)

   [ring of protection from cold]

   Str:       It affects your strength (+2).
   rC:        It protects you from cold.
 N - a ring of protection from cold
Wands
 z - a wand of digging (36)
Scrolls
 c - 3 scrolls of brand weapon
 f - 11 scrolls of identify
 t - 8 scrolls of teleportation
 v - a scroll of enchant armour
Potions
 d - 12 potions of might
 g - 29 potions of curing
 h - 12 potions of haste
 l - 2 potions of heal wounds
 m - 9 potions of cancellation

Dungeon Overview and Level Annotations

Branches:
Dungeon (15/15)            Temple (1/1) D:4            Lair (5/5) D:8
 Shoals (4/4) Lair:2       Spider (4/4) Lair:2        Slime (5/5) Lair:5
    Orc (2/2) D:10            Elf (0/3) Orc:2        Vaults (5/5) D:13
  Crypt (3/3) Vaults:3       Tomb (3/3) Crypt:3      Depths (4/4) D:15
   Hell (visited)             Dis (0/7) Hell            Geh (0/7) Hell
    Coc (7/7) Hell            Tar (7/7) Hell            Zot (4/5) Depths:4
  Sewer (visited)         Gauntlet (visited)

Altars:
Ashenzari
Cheibriados
Dithmenos
Elyvilon
Fedhas
Gozag
Hepliaklqana
Kikubaaqudgha
Makhleb
Nemelex Xobeh
Okawaru
Qazlal
Ru
Sif Muna
Trog
Uskayaw
Vehumet
Wu Jian
Xom
Yredelemnul
Zin
The Shining One
Lugonu

Shops:
D:2 :   Orc:2 *?!*   Shoals:2 *   Vaults:3 *   Zot:1 *

Portals:
Hell: Depths:1 Depths:2 Depths:3 Depths:4
Abyss: Depths:1 Depths:3 Depths:4
Pandemonium: Depths:2 Depths:3
Ziggurat: Depths:2

Annotations:
Lair:1 3 runed translucent doors, qw's ghost, journeyman NaHu
Spider:4 3 runed translucent doors, qw's ghost, adept MiHu
Orc:2 2 transporters, qw's ghost, adept GrFi
Vaults:2 1 runed translucent door, mantisjm's ghost, veteran HOFi
Vaults:3 3 runed translucent doors, jlumianski's ghost, veteran KoBe
Crypt:2 1 runed translucent door, Zoalos's ghost, veteran GrEE
Depths:3 2 transporters
Zot:1 2 transporters


Message History

The Ice Fiend calls on the powers of darkness!
The shard shrike convulses!
Your body is wracked with pain!
Your daeva convulses!
The Ice Fiend calls on the powers of darkness!
The shard shrike convulses!
Your body is wracked with pain!
Your daeva convulses!
Antaeus gestures at you. The bolt of lightning hits you! You resist.
The bolt of lightning hits your daeva!!!
Your daeva dies!
Your daeva dissolves into sparkling lights!
96204 ||| READING 9 scrolls of teleportation.
As you read the scroll of teleportation, it crumbles to dust.
You feel strangely unstable. Antaeus hits you!! Antaeus freezes you!
You resist. You block Antaeus's attack.
You hit Antaeus but do no damage.
Antaeus is almost dead.
Antaeus gestures at you.
The icy flash freeze hits you but does no damage.
You are encased in ice.
You slice Antaeus!!
Antaeus convulses!!
Antaeus is almost dead.
You slice Antaeus like a ripe choko!!!
Antaeus convulses!!!
Antaeus is almost dead.
Antaeus gestures at you. The bolt of lightning hits you! You resist.
The Shining One protects you from harm!
The Ice Fiend calls on the powers of darkness!
The shard shrike convulses!
You feel a surge of unholy energy.
You slice Antaeus!!
Antaeus convulses!!
You kill Antaeus!
The Shining One accepts your kill.
You feel better.
You feel your power returning.
The shard shrike spits a shard of ice at you.
The shard of ice hits you!! You partially resist.
You feel threatened and lose the ability to read scrolls!
The Ice Fiend gestures at you.
The bolt of cold hits the shard shrike.
The shard shrike resists.
The bolt of cold hits you!! You resist.
You die...

#~~~~~~~~~~~~~~~~~~~~~~~~~
#~~~~~~~~..~~~~~~~~~~~~~~~
#~~~~~~........~~~~~~~~~~~
#~~~~...#####.....^..~~~~~
#~~~..###########.........
#~~..##..... ##.......^
#~~..## /11 ##........
#~....###b#######.....~~~~
#~.....#.@.#.......~~~~~~~
#~.....##'##.~~~~~~~~~~~~~
#~~..........~~~~~~~~~~~~~
#~~~........~~~~~~~~~~~~~~
#~..~.......~~~~~~~~~~~~~~
#~............~~~~~~~~~~~~
#~~..............~~~~~~~~~
#~~~~~............~~~~~~~~
#~~~~~~~~......~~~....~~~~


You could see a shard shrike (catching breath) and 2 Ice Fiends.

Vanquished Creatures
  Antaeus (Coc:7)
  the Royal Jelly (Slime:5)
  Ereshkigal (Tar:7)
  the Serpent of Hell (Tar:7)
  Mnoleg (Pan)
  7 pandemonium lords (Pan)
  Lom Lobon (Pan)
  2 ancient liches
  A dread lich (Tar:3)
  Tiamat (Zot:1)
  2 orbs of fire
  4 juggernauts (Coc:4)
  Boris (thrice) (Depths:1 Crypt:3 Tomb:3)
  21 royal mummies
  Sojobo (Depths:3)
  Bai Suzhen (Depths:2)
  Vv (Crypt:3)
  A Killer Klown (Zot:2)
  15 shard shrikes
  2 curse toes
  Xtahua (Depths:3)
  Margery (Depths:4)
  Geryon (Hell)
  16 golden dragons
  21 profane servitors
  17 bone dragons
  12 Tzitzimimeh
  2 doom hounds
  An electric golem (Zot:1)
  A spectral shard shrike (Tar:7)
  4 Brimstone Fiends (Pan)
  2 iron giants (Coc:4)
  18 tentacled monstrosities
  Jorgrun (Orc:2)
  9 liches
  2 hellephants (Abyss:2)
  19 Ice Fiends
  A shard shrike skeleton (Crypt:3)
  Asterion (Depths:2)
  22 tainted leviathans
  13 quicksilver dragons
  23 titans
  15 acid blobs
  2 deep elf blademasters
  10 ancient champions
  30 Executioners
  4 deep elf master archers
  A kraken (Abyss:3)
  14 sphinxes
  An eldritch tentacle (Pan)
  8 death cobs
  8 tengu reavers
  Polyphemus (Shoals:3)
  Ilsuiw (Shoals:2)
  9 revenants
  23 tentacled starspawn
  A daeva (Abyss:3)
  Roxanne (Shoals:1)
  Donald (Spider:4)
  13 storm dragons
  3 rockslimes (Slime:5)
  9 shadow dragons
  4 draconian knights
  3 draconian monks
  15 fire giants
  12 narguns
  6 azure jellies (Slime:5)
  4 demonspawn warmongers (Pan)
  30 frost giants
  3 iron dragons
  4 deep elf sorcerers
  24 vault wardens
  7 emperor scorpions
  11 curse skulls
  29 balrugs
  A draconian scorcher (Zot:4)
  3 orc warlords
  2 deep elf elementalists (Abyss:2)
  21 ghost moths
  6 shard shrike simulacra (Coc:7)
  Louise (Depths:3)
  A juggernaut zombie (Depths:1)
  9 draconian shifters
  9 draconian annihilators
  7 draconian stormcallers
  20 very ugly things
  25 stone giants
  6 ghouls
  6 demonspawn blood saints (Pan)
  5 broodmothers
  24 ironbound preservers
  A spriggan defender (Depths:4)
  30 cacodemons
  25 reapers
  4 formless jellyfish
  8 war gargoyles
  8 quicksilver oozes
  7 ironbound thunderhulks
  23 putrid mouths
  A juggernaut skeleton (Pan)
  3 caustic shrike skeletons
  Nessos (D:13)
  11 vampire knights
  13 elemental wellsprings
  9 black draconians
  11 demonspawn corrupters (Pan)
  8 green draconians
  7 demonspawn black suns (Pan)
  9 bennus
  3 deep elf annihilators
  5 deep elf demonologists
  12 red draconians
  12 lorocyprocas
  9 wendigos
  8 purple draconians
  11 dire elephants
  4 yellow draconians
  14 white draconians
  A spectral titan (Tar:1)
  5 spark wasps
  14 blizzard demons
  A crystal guardian (Vaults:4)
  Snorg (D:11)
  3 eidola
  A minotaur (Gauntlet)
  24 mummy priests
  21 merfolk impalers
  21 ettins
  15 green deaths
  2 quicksilver dragon zombies
  9 merfolk javelineers
  A deep elf death mage (Crypt:2)
  2 spectral krakens (Tar:7)
  17 fire dragons
  4 entropy weavers
  A spectral spriggan (Tar:2)
  4 jiangshi
  17 great orbs of eyes
  33 vault guards
  9 hydras
  A shambling mangrove (Abyss:3)
  6 juggernaut simulacra
  3 spriggan air magi
  17 yaktaur captains
  3 hell beasts
  12 ice dragons
  8 ironbound frosthearts
  2 merfolk avatars
  8 rakshasas
  A quicksilver dragon skeleton (Crypt:2)
  An alligator snapping turtle (Shoals:4)
  10 caustic shrike simulacra
  4 peacekeepers
  3 radroaches (Spider:4)
  3 jorogumos
  A bennu zombie (Crypt:2)
  6 ogre magi
  11 boulder beetles
  4 catoblepae
  18 centaur warriors
  4 death knights
  17 two-headed ogres
  An anaconda (shapeshifter) (Vaults:5)
  5 merfolk aquamancers
  51 death scarabs
  A satyr (Shoals:2)
  6 dancing weapons (Depths:1)
  10 deep troll shamans
  7 tengu warriors
  A two-headed ogre (shapeshifter) (Abyss:2)
  15 death yaks
  29 demonic crawlers
  8 hell hogs
  14 deep troll earth magi
  7 vampire magi
  2 titan zombies
  A naga warrior (Abyss:3)
  A spectral naga (Tar:4)
  3 spriggan berserkers
  An orc high priest (Abyss:2)
  16 thrashing horrors
  A spectral dire elephant (Tar:1)
  54 soul eaters
  15 hell knights
  35 sixfirhies
  100 sun demons
  7 skysharks
  2 spriggans (Depths:4)
  8 deep elf knights
  Amaemon (Lair:1)
  A skyshark (shapeshifter) (Abyss:3)
  25 skeletal warriors
  A spatial maelstrom (Abyss:2)
  10 shadow wraiths
  2 sun moths
  2 fire crabs
  A golden dragon zombie (Abyss:2)
  A spark wasp zombie (Depths:3)
  2 spectral anacondas
  6 sea snakes
  12 iron trolls
  2 anaconda zombies (Hell)
  6 quicksilver dragon simulacra
  20 wretched stars
  10 orb spiders
  7 pharaoh ants
  2 goliath frogs (Lair:5)
  A storm dragon skeleton (Abyss:2)
  A bog body (Crypt:2)
  11 flayed ghosts
  67 deep trolls
  11 glowing orange brains
  8 deep elf archers
  4 spriggan simulacra
  8 steelbarb worms
  An iron giant skeleton (Crypt:1)
  11 shadow demons
  25 phantasmal warriors
  18 ironbound convokers
  14 wizards
  A bunyip skeleton (Crypt:1)
  9 necromancers
  A fenstrider witch simulacrum (Coc:1)
  10 orc knights
  2 anaconda skeletons
  20 harpies
  An iron dragon zombie (Tomb:3)
  16 deep elf pyromancers
  6 deep elf zephyrmancers
  A spectral hydra (Tar:2)
  8 lindwurms
  A stone giant zombie (Tomb:3)
  A wolf spider (shapeshifter) (Depths:4)
  24 wolf spiders
  A tengu skeleton (Depths:3)
  3 will-o-the-wisps (Abyss:2)
  11 fauns
  3 shining eyes
  A sphinx skeleton (Depths:3)
  A spectral fire dragon (Tar:1)
  44 ugly things
  13 manticores
  An orc sorcerer (Orc:2)
  A faun (shapeshifter) (Vaults:5)
  4 worldbinders (Abyss:2)
  2 black mambas
  12 elephants
  An elephant (shapeshifter) (Vaults:5)
  2 spectral alligator snapping turtles
  11 merfolk sirens
  6 cyclopes
  2 stone giant skeletons
  A centaur zombie (Abyss:2)
  A fire giant skeleton (Depths:1)
  8 rust devils
  19 vault sentinels
  A draconian skeleton (Pan)
  22 moths of wrath
  3 guardian serpents
  62 smoke demons
  4 eyes of devastation
  6 apocalypse crabs
  A naga mage (Abyss:2)
  6 titan simulacra
  2 ice statues (Hell)
  27 orange demons
  2 naga skeletons (Crypt:3)
  A formless jellyfish zombie (Crypt:1)
  A frost giant skeleton (Depths:3)
  4 water nymphs
  5 spectral swamp worms (Tar:7)
  3 gargoyles
  21 cane toads
  5 torpor snails
  A dire elephant skeleton (Pan)
  3 rime drakes
  19 efreet
  A red draconian zombie (Crypt:2)
  An unseen horror (shapeshifter) (Vaults:5)
  9 unseen horrors
  5 kobold demonologists
  3 bunyip simulacra
  39 yaktaurs
  26 hellions
  A rime drake (shapeshifter) (Abyss:2)
  6 komodo dragons
  19 tormentors
  An elf (Vaults:2)
  A pale draconian zombie (Crypt:1)
  4 ice devils
  12 freezing wraiths
  3 anaconda simulacra
  3 hydra zombies (Hell)
  A minotaur skeleton (Abyss:2)
  3 spectral harpies (Tar:3)
  21 ancient zymes
  2 iron giant simulacra (Coc:7)
  40 guardian mummies
  A tengu conjurer (Depths:3)
  11 red devils
  A purple draconian skeleton (Crypt:2)
  7 trolls
  4 polar bears
  A silent spectre (Abyss:2)
  66 starcursed masses
  A golden dragon simulacrum (Coc:5)
  A green draconian skeleton (Crypt:2)
  A grey draconian skeleton (Crypt:1)
  2 harpy skeletons
  37 hellwings
  A tengu simulacrum (Depths:3)
  2 tyrant leeches (Lair:5)
  A meliai (shapeshifter) (D:15)
  13 meliai
  21 tarantellas
  9 hornets
  19 blink frogs
  4 wind drakes (Shoals:4)
  48 raiju
  35 merfolk
  4 snapping turtles
  A mana viper skeleton (Crypt:2)
  3 dream sheep (Shoals:3)
  A fire dragon zombie (Crypt:2)
  3 iron dragon simulacra
  A dream sheep (shapeshifter) (Abyss:2)
  2 ettin zombies
  6 stone giant simulacra
  31 jumping spiders
  55 slime creatures
  7 shadows
  3 dire elephant simulacra
  20 flying skulls
  An ice dragon skeleton (Pan)
  2 ettin skeletons (Pan)
  5 spriggan skeletons
  30 culicivoras
  12 wraiths
  25 water elementals
  Eustachio (D:5)
  A fire bat (shapeshifter) (Abyss:2)
  A vampire (Abyss:2)
  38 ynoxinuls
  20 ushabtiu
  33 yaks
  6 basilisks
  2 wyverns
  2 steam dragons
  3 black mamba skeletons
  7 golden eyes
  29 chaos spawn
  A fire bat (Abyss:3)
  21 vampire mosquitoes
  A fire elemental (Abyss:2)
  75 redbacks
  29 neqoxecs
  3 wargs
  A naga (Abyss:2)
  8 harpy simulacra
  2 hydra simulacra
  4 acid dragons
  3 spatial vortices (Abyss:2)
  14 water moccasins
  A glowing shapeshifter zombie (Depths:1)
  9 hell hounds
  A floating eye (Depths:4)
  97 large abominations
  3 ettin simulacra
  13 orc warriors
  A glowing shapeshifter skeleton (Depths:3)
  6 ice beasts (D:8)
  Pargi (Sewer)
  2 sky beasts
  5 boggarts
  24 ogres
  25 wolves
  21 centaurs
  2 phantoms (D:6)
  45 small abominations
  A vine stalker zombie (Crypt:1)
  2 gnoll sergeants
  A kobold brigand (D:9)
  18 bullfrogs
  4 necrophages
  6 scorpions
  2 earth elementals
  A glowing shapeshifter simulacrum (Depths:1)
  2 water moccasin skeletons
  16 wights
  A spriggan zombie (Crypt:2)
  4 killer bees (D:7)
  3 electric eels
  6 howler monkeys
  9 crimson imps
  6 quasits (Abyss:2)
  4 human zombies
  14 orc priests
  3 hounds
  5 jellies
  6 iron imps (Abyss:2)
  A sleepcap (D:7)
  3 iguanas
  23 orc wizards
  3 hell rats (Lair:5)
  A sky beast zombie (Crypt:2)
  48 mummies
  9 adders
  16 gnolls
  5 river rats (Lair:5)
  A river rat (shapeshifter) (Abyss:2)
  4 shadow imps
  8 white imps
  8 ufetubi
  A worm (D:2)
  A dart slug (D:2)
  61 orcs
  5 ball pythons
  9 bats
  12 endoplasms
  6 giant cockroaches
  A gnoll zombie (Crypt:1)
  4 goblins
  5 hobgoblins
  2 jackals (D:3)
  10 quokkas
  7 frilled lizards
  18 kobolds
  10 rats
  2 fire vortices (Hell)
  8 lurking horrors
  2 spectral weapons (Depths:2)
  28 starspawn tentacles
  5 tentacles
4156 creatures vanquished.

Vanquished Creatures (collateral kills)
  Cerebov (Pan)
  Ignacio (Pan)
  Gloorx Vloq (Pan)
  Mennas (Pan)
  An ancient lich (Crypt:3)
  A juggernaut (Coc:4)
  4 shard shrikes (Coc:6)
  10 royal mummies
  2 bone dragons
  4 Tzitzimimeh
  2 Brimstone Fiends (Pan)
  A Hell Sentinel (Pan)
  8 Ice Fiends
  5 tainted leviathans
  3 pandemonium lords (Pan)
  A lich (Crypt:3)
  2 titans
  2 sphinxes
  An ancient champion (Tomb:1)
  2 tentacled starspawn (Abyss:2)
  5 Executioners (Pan)
  3 demonspawn warmongers (Pan)
  A fire giant (Coc:4)
  A balrug (Abyss:2)
  4 frost giants
  A curse skull (Pan)
  3 cacodemons (Pan)
  2 stone giants
  A ghost moth (Abyss:2)
  2 reapers
  3 putrid mouths (Tar:7)
  2 demonspawn corrupters (Pan)
  A wendigo (Coc:7)
  3 bennus
  6 elemental wellsprings
  A lorocyproca (Abyss:3)
  A black draconian (Crypt:3)
  A bunyip (Abyss:2)
  An eidolon (Abyss:2)
  4 green deaths (Pan)
  5 mummy priests
  2 hell beasts (Pan)
  2 rakshasas
  A juggernaut simulacrum (Coc:2)
  A ghost crab (Abyss:3)
  A spriggan skeleton (Pan)
  A dancing weapon (Abyss:2)
  5 death scarabs
  4 thrashing horrors
  A naga warrior (Abyss:3)
  An orc high priest (Abyss:2)
  A deep elf knight (Tomb:1)
  9 demonic crawlers (Pan)
  6 soul eaters (Pan)
  14 sun demons (Pan)
  A titan skeleton (Tomb:1)
  2 wretched stars
  3 shadow wraiths (Pan)
  2 skeletal warriors (Tomb:2)
  A storm dragon zombie (Abyss:2)
  2 sixfirhies
  4 shadow demons (Pan)
  A deep elf archer (Crypt:3)
  A golden dragon skeleton (Tomb:3)
  2 phantasmal warriors (Crypt:3)
  A wizard (Abyss:2)
  3 deep elf zephyrmancers
  A salamander (Abyss:3)
  A titan simulacrum (Coc:7)
  A rust devil (Pan)
  An eye of devastation (Abyss:2)
  An apocalypse crab (Abyss:2)
  3 orange demons (Pan)
  2 gargoyles (Crypt:3)
  12 smoke demons
  An unseen horror (Abyss:2)
  4 spectral swamp worms (Tar:7)
  A dire elephant skeleton (Crypt:3)
  A sea snake zombie (Hell)
  A hellion (Pan)
  2 efreet
  A freezing wraith (Coc:2)
  An iron giant simulacrum (Coc:7)
  3 ancient zymes (Abyss:2)
  2 tormentors (Pan)
  8 guardian mummies
  2 hellwings (Pan)
  2 red devils
  2 silent spectres
  2 hydra skeletons
  11 raiju
  A stone giant simulacrum (Coc:2)
  A blink frog (Abyss:2)
  3 harpy skeletons
  2 flying skulls (Abyss:2)
  13 starcursed masses (Abyss:2)
  3 ushabtiu
  3 wraiths (Crypt:3)
  7 ynoxinuls
  A fire bat (Abyss:2)
  6 chaos spawn
  A neqoxec (Abyss:2)
  A spatial vortex (Abyss:2)
  23 large abominations
  2 harpy simulacra
  A hell hound (Abyss:2)
  A hydra simulacrum (Coc:6)
  An ettin simulacrum (Coc:6)
  A boggart (Abyss:2)
  4 small abominations
  5 wights
  2 quasits (Abyss:2)
  An iron imp (Abyss:2)
  12 mummies
  2 ufetubi (Abyss:2)
  4 starspawn tentacles (Abyss:2)
  A tentacle (Tar:7)
344 creatures vanquished.

Vanquished Creatures (others)
  Boris (Vaults:2)
  A shard shrike (Coc:7)
  A sphinx (Tomb:1)
  2 fire giants
  2 demonspawn blood saints (Pan)
  An ironbound preserver (Vaults:5)
  A reaper (Pan)
  A wendigo (Coc:3)
  A green death (Tar:1)
  A fire dragon (Zot:1)
  2 ice dragons
  2 juggernaut simulacra (Coc:7)
  2 soul eaters (Pan)
  A sun demon (Abyss:2)
  A spriggan simulacrum (Abyss:2)
  A shining eye (Abyss:3)
  An orange demon (Pan)
  3 titan simulacra (Coc:7)
  A tormentor (Pan)
  A tengu conjurer (Depths:3)
  An iron giant simulacrum (Coc:5)
  A hornet (Abyss:3)
  A hellwing (Pan)
  3 raiju
  An iron dragon simulacrum (Coc:3)
  3 small abominations
  A ynoxinul (Pan)
  A hydra simulacrum (Coc:3)
  A hell rat (Lair:5)
  An ufetubus (Abyss:2)
  8 foxfires (Abyss:2)
  109 spectral weapons
  34 starspawn tentacles
  8 tentacles
200 creatures vanquished.

Grand Total: 4700 creatures vanquished

Notes
Turn   | Place    | Note
-------+----------+-------------------------------------------
     0 | D:1      | qw the Gargoyle Fighter began the quest for the Orb.
     0 | D:1      | Reached XP level 1. HP: 14/14 MP: 1/1
     0 | D:1      | 0 ||| qw: Version: 0.2-a-29-g99eb96e
     0 | D:1      | 0 ||| qw: Game counter: 4102
     0 | D:1      | 0 ||| qw: Always use a shield: true
     0 | D:1      | 0 ||| qw: God list: Okawaru
     0 | D:1      | 0 ||| qw: Allow faded altars: false
     0 | D:1      | 0 ||| qw: Do Orc after D:15 true
     0 | D:1      | 0 ||| qw: Do second Lair branch before Depths: true
     0 | D:1      | 0 ||| qw: Lair rune preference: random
     0 | D:1      | 0 ||| qw: Plans: Normal, Zot:1-4, Slime:5, God:TSO, Crypt,
                  | Tomb, Abyss, Pan, Hells, Win
     0 | D:1      | 0 ||| PLANNING D:1-11
    22 | D:1      | 22 ||| Stepping ~*~*~tactically~*~*~ (hiding).
   206 | D:1      | Reached XP level 2. HP: 19/19 MP: 2/2
   382 | D:1      | 382 ||| Stepping ~*~*~tactically~*~*~ (stealth).
   390 | D:1      | 390 ||| Stepping ~*~*~tactically~*~*~ (stealth).
   396 | D:1      | 396 ||| Stepping ~*~*~tactically~*~*~ (stealth).
   411 | D:1      | 411 ||| Stepping ~*~*~tactically~*~*~ (stealth).
   465 | D:1      | Reached skill level 3 in Axes
   607 | D:1      | Reached XP level 3. HP: 21/23 MP: 3/3
   788 | D:1      | 788 ||| UPGRADING to +0 chain mail.
   798 | D:1      | 798 ||| DROPPING +0 scale mail.
   799 | D:1      | 799 ||| READING scroll labelled JOSSUA HOSI.
   800 | D:1      | 800 ||| READING 2 scrolls labelled YDOLYANO GUOZ.
   801 | D:1      | 801 ||| READING scroll labelled XEUPPI YCHEWI.
   801 | D:1      | Identified a scroll of acquirement
   801 | D:1      | 801 ||| ACQUIRING +0 kite shield of protection
   801 | D:1      | Acquired a +0 kite shield of protection
   803 | D:1      | 803 ||| UPGRADING to +0 kite shield of protection.
   813 | D:1      | 813 ||| DROPPING +0 buckler.
   814 | D:1      | 814 ||| READING scroll labelled URARUSEULL.
   836 | D:2      | 836 ||| FLEEEEING.
   837 | D:2      | 837 ||| STAIRDANCE
   887 | D:2      | Found Lasepoytt's Vocational Training.
   906 | D:2      | You fall into a shaft and drop 2 floors!
   914 | D:4      | 914 ||| PLANNING SEWER
  1013 | D:4      | Reached XP level 4. HP: 28/28 MP: 4/4
  1049 | D:4      | Found a glowing drain.
  1070 | D:4      | 1070 ||| READING scroll labelled IFEHAIP GYSASE.
  1071 | D:4      | 1071 ||| DRINKING 2 dark potions.
  1076 | Sewer    | Entered a sewer
  1115 | Sewer    | Noticed Pargi
  1126 | Sewer    | Killed Pargi
  1127 | Sewer    | Reached XP level 5. HP: 31/32 MP: 5/5
  1225 | Sewer    | 1225 ||| READING scroll labelled ZUPUATW OLUIQ.
  1226 | Sewer    | 1226 ||| READING scroll labelled COEMET TIHOXT.
  1242 | D:4      | 1242 ||| PLANNING D:1-11
  1326 | D:4      | 1326 ||| READING 2 scrolls of identify.
  1326 | D:4      | 1326 ||| IDENTIFYING red potion
  1462 | D:3      | Found a hide-covered altar of Uskayaw.
  1614 | D:3      | 1614 ||| Stepping ~*~*~tactically~*~*~ (stealth).
  1615 | D:3      | 1615 ||| Stepping ~*~*~tactically~*~*~ (stealth).
  1638 | D:3      | 1638 ||| UPGRADING to ring of see invisible.
  1639 | D:3      | 1639 ||| UPGRADING to ring of positive energy.
  1640 | D:3      | 1640 ||| READING scroll labelled YXKETOA HOEPHEUGU.
  1641 | D:3      | 1641 ||| READING scroll labelled EVUTOSM NAWISS.
  1743 | D:2      | Found a faded altar of an unknown god.
  1812 | D:2      | 1812 ||| Stepping ~*~*~tactically~*~*~ (hiding).
  1820 | D:2      | Reached XP level 6. HP: 37/37 MP: 6/6
  1820 | D:2      | 1820 ||| Stepping ~*~*~tactically~*~*~ (hiding).
  2067 | D:2      | 2067 ||| UPGRADING to +0 pair of gloves.
  2072 | D:2      | 2072 ||| DRINKING 2 coppery potions.
  2073 | D:2      | 2073 ||| READING 3 scrolls of identify.
  2073 | D:2      | 2073 ||| IDENTIFYING sapphire potion
  2074 | D:2      | 2074 ||| READING 2 scrolls of identify.
  2074 | D:2      | 2074 ||| IDENTIFYING bubbling orange potion
  2075 | D:2      | 2075 ||| DROPPING potion of invisibility.
  2260 | D:3      | Found a sacrificial altar of Ru.
  2541 | D:4      | 2541 ||| Stepping ~*~*~tactically~*~*~ (stealth).
  2557 | D:4      | Reached XP level 7. HP: 24/43 MP: 7/7
  2660 | D:4      | 2660 ||| DROPPING +0 whip.
  2876 | D:4      | Found a staircase to the Ecumenical Temple.
  2877 | D:4      | 2877 ||| PLANNING TEMPLE
  2877 | D:4      | 2877 ||| READING scroll labelled JAEMNOEXIJE.
  2907 | D:4      | 2907 ||| READING scroll labelled YLASUE QEIT.
  3002 | Temple   | Entered the Ecumenical Temple
  3031 | Temple   | 3031 ||| PLANNING OKAWARU WORSHIP
  3308 | Temple   | Became a worshipper of Warmaster Okawaru
  3308 | Temple   | 3308 ||| PLANNING D:1-11
  3606 | D:5      | Entered Level 5 of the Dungeon
  3627 | D:5      | Noticed Eustachio
  3645 | D:5      | Killed Eustachio
  3646 | D:5      | Reached skill level 6 in Axes
  3733 | D:5      | Reached skill level 6 in Shields
  3789 | D:5      | Reached * piety under Okawaru
  3790 | D:5      | Reached skill level 1 in Dodging
  3790 | D:5      | Reached XP level 8. HP: 48/48 MP: 8/8
  3881 | D:5      | 3881 ||| Stepping ~*~*~tactically~*~*~ (hiding).
  3883 | D:5      | 3883 ||| Stepping ~*~*~tactically~*~*~ (hiding).
  3884 | D:5      | 3884 ||| INVOKING Heroism.
  3893 | D:5      | Reached skill level 1 in Invocations
  3983 | D:5      | 3983 ||| Stepping ~*~*~tactically~*~*~ (hiding).
  3985 | D:5      | 3985 ||| Stepping ~*~*~tactically~*~*~ (hiding).
  4143 | D:5      | 4143 ||| Stepping ~*~*~tactically~*~*~ (hiding).
  4144 | D:5      | 4144 ||| Stepping ~*~*~tactically~*~*~ (hiding).
  4246 | D:5      | Reached skill level 3 in Invocations
  4308 | D:5      | 4308 ||| Stepping ~*~*~tactically~*~*~ (hiding).
  4315 | D:5      | 4315 ||| Stepping ~*~*~tactically~*~*~ (hiding).
  4317 | D:5      | 4317 ||| Stepping ~*~*~tactically~*~*~ (hiding).
  4438 | D:5      | 4438 ||| UPGRADING to ring of protection from fire.
  4440 | D:5      | 4440 ||| READING 2 scrolls labelled KIMMAG SIUHAOL.
  4441 | D:5      | 4441 ||| READING scroll labelled KIRAQAM YSHRASH.
  4442 | D:5      | 4442 ||| DRINKING 2 brown potions.
  4443 | D:5      | 4443 ||| DROPPING potion of brilliance.
  4444 | D:5      | 4444 ||| DROPPING scroll of noise.
  4586 | D:6      | 4586 ||| Stepping ~*~*~tactically~*~*~ (hiding).
  4645 | D:6      | Reached ** piety under Okawaru
  4702 | D:6      | 4702 ||| Stepping ~*~*~tactically~*~*~ (stealth).
  4704 | D:6      | 4704 ||| Stepping ~*~*~tactically~*~*~ (stealth).
  4710 | D:6      | 4710 ||| FLEEEEING.
  4711 | D:6      | 4711 ||| FLEEEEING.
  4726 | D:6      | 4726 ||| DROPPING +0 flail.
  4840 | D:6      | Found a glowing golden altar of the Shining One.
  4965 | D:6      | Noticed an angel
  4966 | D:6      | Found a glowing silver altar of Zin.
  5015 | D:6      | 5015 ||| UPGRADING to +0 plate armour.
  5025 | D:6      | 5025 ||| DROPPING +0 chain mail.
  5059 | D:7      | 5059 ||| Stepping ~*~*~tactically~*~*~ (stealth).
  5081 | D:7      | Reached XP level 9. HP: 51/54 MP: 12/12
  5110 | D:7      | Reached skill level 1 in Throwing
  5112 | D:7      | 5112 ||| INVOKING Heroism.
  5119 | D:7      | HP: 9/54 [orc priest/divine providence (13)]
  5120 | D:7      | 5120 ||| DRINKING 4 potions of heal wounds.
  5249 | D:7      | Found a bloodstained altar of Trog.
  5264 | D:7      | 5264 ||| Stepping ~*~*~tactically~*~*~ (hiding).
  5265 | D:7      | 5265 ||| Stepping ~*~*~tactically~*~*~ (hiding).
  5266 | D:7      | 5266 ||| Stepping ~*~*~tactically~*~*~ (hiding).
  5268 | D:7      | 5268 ||| Stepping ~*~*~tactically~*~*~ (hiding).
  5320 | D:7      | 5320 ||| Stepping ~*~*~tactically~*~*~ (stealth).
  5321 | D:7      | 5321 ||| INVOKING Heroism.
  5335 | D:7      | Reached skill level 6 in Fighting
  5399 | D:7      | Reached *** piety under Okawaru
  5419 | D:7      | 5419 ||| Stepping ~*~*~tactically~*~*~ (stealth).
  5473 | D:7      | 5473 ||| Stepping ~*~*~tactically~*~*~ (stealth).
  5647 | D:7      | 5647 ||| INVOKING Heroism.
  5748 | D:7      | Found a blossoming altar of Fedhas.
  5836 | D:7      | 5836 ||| UPGRADING to +0 helmet.
  5841 | D:7      | 5841 ||| READING scroll labelled JETYDAF PEBBIKH.
  5842 | D:7      | 5842 ||| DRINKING 3 white potions.
  6069 | D:8      | Reached XP level 10. HP: 60/60 MP: 13/13
  6088 | D:8      | Found a broken altar of Ashenzari.
  6089 | D:8      | 6089 ||| Stepping ~*~*~tactically~*~*~ (stealth).
  6093 | D:8      | 6093 ||| DRINKING 2 potions of curing.
  6093 | D:8      | 6093 ||| (to cure confusion)
  6137 | D:8      | Reached skill level 9 in Axes
  6141 | D:8      | 6141 ||| INVOKING Heroism.
  6157 | D:8      | Reached skill level 6 in Armour
  6164 | D:8      | 6164 ||| INVOKING Heroism.
  6171 | D:8      | 6171 ||| FLEEEEING.
  6172 | D:8      | 6172 ||| FLEEEEING.
  6173 | D:8      | 6173 ||| FLEEEEING.
  6176 | D:8      | 6176 ||| INVOKING Heroism.
  6191 | D:8      | 6191 ||| Stepping ~*~*~tactically~*~*~ (hiding).
  6197 | D:8      | 6197 ||| Stepping ~*~*~tactically~*~*~ (stealth).
  6199 | D:8      | 6199 ||| INVOKING Heroism.
  6375 | D:8      | 6375 ||| Stepping ~*~*~tactically~*~*~ (hiding).
  6552 | D:8      | Found a staircase to the Lair.
  6626 | D:8      | Reached **** piety under Okawaru
  6669 | D:8      | Reached skill level 9 in Shields
  6838 | D:8      | 6838 ||| PLANNING LAIR
  6838 | D:8      | 6838 ||| READING scroll labelled QUFON UHOCIFICW.
  6862 | Lair:1   | Entered Level 1 of the Lair of Beasts
  6862 | Lair:1   | Noticed a cane toad
  6863 | Lair:1   | 6863 ||| INVOKING Heroism.
  6867 | Lair:1   | Killed a cane toad
  6923 | Lair:1   | 6923 ||| INVOKING Heroism.
  7052 | Lair:1   | Noticed a cane toad
  7053 | Lair:1   | 7053 ||| INVOKING Heroism.
  7060 | Lair:1   | Killed a cane toad
  7060 | Lair:1   | Received a gift from Okawaru
  7188 | Lair:1   | Reached skill level 6 in Invocations
  7195 | Lair:1   | Reached XP level 11. HP: 61/67 MP: 15/15
  7203 | Lair:1   | 7203 ||| INVOKING Heroism.
  7403 | Lair:1   | 7403 ||| INVOKING Heroism.
  7447 | Lair:1   | 7447 ||| INVOKING Heroism.
  7498 | Lair:1   | 7498 ||| Stepping ~*~*~tactically~*~*~ (hiding).
  7500 | Lair:1   | 7500 ||| Stepping ~*~*~tactically~*~*~ (hiding).
  7546 | Lair:1   | Noticed a death yak
  7546 | Lair:1   | Noticed a death yak
  7546 | Lair:1   | Noticed Amaemon
  7547 | Lair:1   | Noticed a death yak
  7547 | Lair:1   | 7547 ||| Stepping ~*~*~tactically~*~*~ (stealth).
  7549 | Lair:1   | 7549 ||| INVOKING Heroism.
  7558 | Lair:1   | Killed a death yak
  7571 | Lair:1   | Killed a death yak
  7578 | Lair:1   | 7578 ||| INVOKING Heroism.
  7579 | Lair:1   | Killed a death yak
  7589 | Lair:1   | Killed Amaemon
  7750 | Lair:1   | 7750 ||| Stepping ~*~*~tactically~*~*~ (stealth).
  7822 | Lair:1   | Found a runed translucent gate.
  7822 | Lair:1   | Found a runed translucent gate.
  7822 | Lair:1   | Found a runed translucent gate.
  7822 | Lair:1   | Noticed qw's ghost (journeyman NaHu)
  7986 | Lair:1   | 7986 ||| Stepping ~*~*~tactically~*~*~ (stealth).
  7991 | Lair:1   | Reached skill level 9 in Invocations
  7996 | Lair:1   | 7996 ||| INVOKING Heroism.
  8004 | Lair:1   | Received a gift from Okawaru
  8150 | Lair:1   | 8150 ||| INVOKING Heroism.
  8458 | Lair:2   | 8458 ||| INVOKING Heroism.
  8460 | Lair:2   | 8460 ||| Stepping ~*~*~tactically~*~*~ (stealth).
  8471 | Lair:2   | Reached XP level 12. HP: 62/73 MP: 17/19
  8560 | Lair:2   | Noticed a six-headed hydra
  8561 | Lair:2   | 8561 ||| INVOKING Heroism.
  8567 | Lair:2   | 8567 ||| SWAPPING to +1 hand axe of flaming.
  8577 | Lair:2   | Killed a one-headed hydra
  8578 | Lair:2   | 8578 ||| SWAPPING to +1 war axe of freezing.
  8682 | Lair:2   | 8682 ||| INVOKING Heroism.
  8781 | Lair:2   | Found a hole to the Spider Nest.
  8809 | Lair:2   | Found a staircase to the Shoals.
  8816 | Lair:2   | 8816 ||| INVOKING Heroism.
  8966 | Lair:2   | 8966 ||| Stepping ~*~*~tactically~*~*~ (hiding).
  8982 | Lair:2   | Noticed a boulder beetle
  8983 | Lair:2   | 8983 ||| INVOKING Heroism.
  8995 | Lair:2   | Killed a boulder beetle
  8996 | Lair:2   | Reached skill level 9 in Fighting
  9001 | Lair:2   | Reached ***** piety under Okawaru
  9169 | Lair:2   | Identified the +1 helmet "Ferrolorph" {Str+3} (Okawaru
                  | gifted it to you on level 2 of the Lair of Beasts)
  9169 | Lair:2   | Received a gift from Okawaru
  9459 | Lair:2   | 9459 ||| INVOKING Heroism.
  9744 | Lair:2   | 9744 ||| UPGRADING to +1 helmet "Ferrolorph" {Str+3}.
  9754 | Lair:2   | 9754 ||| DROPPING +0 helmet.
  9755 | Lair:2   | 9755 ||| DRINKING 2 fuming red potions.
  9789 | Lair:2   | 9789 ||| DRINKING 2 golden potions.
  9790 | Lair:2   | 9790 ||| DRINKING 2 potions of curing.
  9790 | Lair:2   | 9790 ||| (to cure confusion)
  9791 | Lair:2   | 9791 ||| READING 2 scrolls of identify.
  9791 | Lair:2   | 9791 ||| IDENTIFYING orange potion
  9792 | Lair:2   | 9792 ||| DROPPING potion of ambrosia.
  9793 | Lair:2   | 9793 ||| DROPPING potion of enlightenment.
  9822 | Lair:3   | 9822 ||| PLANNING GAUNTLET
  9899 | Lair:3   | 9899 ||| INVOKING Heroism.
 10309 | Lair:3   | Found a gate leading to a gauntlet.
 10310 | Lair:3   | 10310 ||| READING scroll labelled XIOHE CE FEFF.
 10311 | Lair:3   | 10311 ||| READING 2 scrolls of identify.
 10311 | Lair:3   | 10311 ||| IDENTIFYING inky potion
 10312 | Lair:3   | 10312 ||| INVOKING Heroism.
 10329 | Lair:3   | 10329 ||| INVOKING Heroism.
 10349 | Gauntlet | Entered a Gauntlet
 10349 | Gauntlet | Found a transporter.
 10352 | Gauntlet | Found a transporter.
 10353 | Gauntlet | Noticed a great orb of eyes
 10354 | Gauntlet | Found a transporter.
 10356 | Gauntlet | Noticed a green death
 10357 | Gauntlet | Found a transporter.
 10357 | Gauntlet | Found a transporter.
 10358 | Gauntlet | Found a transporter.
 10367 | Gauntlet | Found a transporter.
 10368 | Gauntlet | Found a transporter.
 10386 | Gauntlet | Found a transporter.
 10386 | Gauntlet | Noticed a cacodemon
 10406 | Gauntlet | Found a transporter.
 10410 | Gauntlet | Found a transporter.
 10418 | Gauntlet | Found a transporter.
 10528 | Gauntlet | 10528 ||| INVOKING Heroism.
 10537 | Gauntlet | Killed a great orb of eyes
 10538 | Gauntlet | Reached skill level 12 in Axes
 10626 | Gauntlet | 10626 ||| DROPPING +0 helmet of intelligence.
 10633 | Gauntlet | 10633 ||| INVOKING Heroism.
 10769 | Gauntlet | Identified the ring "Uneazusi" {Str+6 Int+5}
 10776 | Gauntlet | 10776 ||| DROPPING scarf of shadows.
 10777 | Gauntlet | 10777 ||| UPGRADING to ring "Uneazusi" {Str+6 Int+5}.
 10779 | Gauntlet | 10779 ||| UPGRADING to ring of see invisible.
 10793 | Gauntlet | Identified the +1 scimitar "Ytedonk" {venom, Contam Fragile
                  | Str+5 Int+3}
 10793 | Gauntlet | Noticed a minotaur
 10794 | Gauntlet | 10794 ||| Stepping ~*~*~tactically~*~*~ (hiding).
 10797 | Gauntlet | 10797 ||| INVOKING Heroism.
 10808 | Gauntlet | Killed a minotaur
 10809 | Gauntlet | Reached XP level 13. HP: 72/82 MP: 18/20
 10848 | Gauntlet | 10848 ||| UPGRADING to +2 plate armour of positive energy.
 10858 | Gauntlet | 10858 ||| DROPPING +0 plate armour.
 10859 | Gauntlet | 10859 ||| UPGRADING to +2 pair of gloves of dexterity.
 10869 | Gauntlet | 10869 ||| DROPPING +0 pair of gloves.
 10870 | Gauntlet | 10870 ||| DROPPING +0 helmet of see invisible.
 10871 | Gauntlet | 10871 ||| DROPPING +6 ring of intelligence.
 10872 | Gauntlet | 10872 ||| READING scroll labelled HACISA QOXEST.
 10875 | Lair:3   | 10875 ||| PLANNING LAIR
 11004 | Lair:3   | 11004 ||| Stepping ~*~*~tactically~*~*~ (stealth).
 11006 | Lair:3   | 11006 ||| INVOKING Heroism.
 11007 | Lair:3   | 11007 ||| Stepping ~*~*~tactically~*~*~ (stealth).
 11016 | Lair:3   | 11016 ||| Stepping ~*~*~tactically~*~*~ (stealth).
 11029 | Lair:3   | Reached skill level 3 in Throwing
 11042 | Lair:3   | Reached skill level 3 in Dodging
 11269 | Lair:4   | 11269 ||| Stepping ~*~*~tactically~*~*~ (stealth).
 11270 | Lair:4   | 11270 ||| Stepping ~*~*~tactically~*~*~ (stealth).
 11272 | Lair:4   | 11272 ||| INVOKING Heroism.
 11284 | Lair:4   | 11284 ||| SWAPPING to +1 hand axe of flaming.
 11290 | Lair:4   | 11290 ||| SWAPPING to +1 war axe of freezing.
 11324 | Lair:4   | 11324 ||| INVOKING Heroism.
 11541 | Lair:4   | 11541 ||| Stepping ~*~*~tactically~*~*~ (stealth).
 11546 | Lair:4   | 11546 ||| Stepping ~*~*~tactically~*~*~ (stealth).
 11603 | Lair:4   | 11603 ||| Stepping ~*~*~tactically~*~*~ (stealth).
 11607 | Lair:4   | 11607 ||| Stepping ~*~*~tactically~*~*~ (stealth).
 11608 | Lair:4   | 11608 ||| Stepping ~*~*~tactically~*~*~ (stealth).
 11609 | Lair:4   | 11609 ||| Stepping ~*~*~tactically~*~*~ (stealth).
 11621 | Lair:4   | 11621 ||| Stepping ~*~*~tactically~*~*~ (stealth).
 11622 | Lair:4   | 11622 ||| INVOKING Heroism.
 11686 | Lair:4   | Received a gift from Okawaru
 11997 | Lair:4   | 11997 ||| INVOKING Heroism.
 12001 | Lair:4   | 12001 ||| SWAPPING to +1 hand axe of flaming.
 12004 | Lair:4   | 12004 ||| SWAPPING to +1 war axe of freezing.
 12008 | Lair:4   | Reached skill level 9 in Armour
 12094 | Lair:4   | Received a gift from Okawaru
 12396 | Lair:4   | 12396 ||| INVOKING Heroism.
 12457 | Lair:4   | 12457 ||| READING 3 scrolls of identify.
 12457 | Lair:4   | 12457 ||| IDENTIFYING murky emerald potion
 12519 | Lair:5   | Entered Level 5 of the Lair of Beasts
 12592 | Lair:5   | 12592 ||| Stepping ~*~*~tactically~*~*~ (stealth).
 12594 | Lair:5   | 12594 ||| Stepping ~*~*~tactically~*~*~ (stealth).
 12597 | Lair:5   | 12597 ||| Stepping ~*~*~tactically~*~*~ (stealth).
 12604 | Lair:5   | 12604 ||| INVOKING Heroism.
 12615 | Lair:5   | 12615 ||| Stepping ~*~*~tactically~*~*~ (hiding).
 12628 | Lair:5   | 12628 ||| Stepping ~*~*~tactically~*~*~ (cloud).
 12634 | Lair:5   | 12634 ||| Stepping ~*~*~tactically~*~*~ (cloud).
 12665 | Lair:5   | 12665 ||| Stepping ~*~*~tactically~*~*~ (stealth).
 12666 | Lair:5   | 12666 ||| Stepping ~*~*~tactically~*~*~ (stealth).
 12674 | Lair:5   | 12674 ||| Stepping ~*~*~tactically~*~*~ (stealth).
 12675 | Lair:5   | 12675 ||| Stepping ~*~*~tactically~*~*~ (stealth).
 12677 | Lair:5   | 12677 ||| Stepping ~*~*~tactically~*~*~ (stealth).
 12681 | Lair:5   | 12681 ||| Stepping ~*~*~tactically~*~*~ (stealth).
 12688 | Lair:5   | 12688 ||| INVOKING Heroism.
 12698 | Lair:5   | Gained mutation: Your large and strong wings let you fly.
                  | [Gargoyle growth]
 12698 | Lair:5   | Reached XP level 14. HP: 77/88 MP: 19/21
 12707 | Lair:5   | 12707 ||| Stepping ~*~*~tactically~*~*~ (stealth).
 12728 | Lair:5   | 12728 ||| SWAPPING to +1 hand axe of flaming.
 12735 | Lair:5   | 12735 ||| SWAPPING to +1 war axe of freezing.
 12759 | Lair:5   | 12759 ||| Stepping ~*~*~tactically~*~*~ (stealth).
 12769 | Lair:5   | 12769 ||| Stepping ~*~*~tactically~*~*~ (stealth).
 12770 | Lair:5   | 12770 ||| Stepping ~*~*~tactically~*~*~ (stealth).
 12772 | Lair:5   | 12772 ||| INVOKING Heroism.
 12794 | Lair:5   | 12794 ||| Stepping ~*~*~tactically~*~*~ (stealth).
 12825 | Lair:5   | 12825 ||| SWAPPING to +1 hand axe of flaming.
 12829 | Lair:5   | 12829 ||| SWAPPING to +1 war axe of freezing.
 12877 | Lair:5   | 12877 ||| Stepping ~*~*~tactically~*~*~ (stealth).
 12881 | Lair:5   | 12881 ||| Stepping ~*~*~tactically~*~*~ (stealth).
 12882 | Lair:5   | 12882 ||| Stepping ~*~*~tactically~*~*~ (stealth).
 12941 | Lair:5   | 12941 ||| Stepping ~*~*~tactically~*~*~ (stealth).
 12945 | Lair:5   | Identified the +1 ring mail "Zikhilur" {rPois rCorr Str-3
                  | Stlth+}
 12983 | Lair:5   | 12983 ||| Stepping ~*~*~tactically~*~*~ (stealth).
 13002 | Lair:5   | 13002 ||| INVOKING Heroism.
 13022 | Lair:5   | Reached skill level 12 in Shields
 13058 | Lair:5   | 13058 ||| INVOKING Heroism.
 13147 | Lair:5   | 13147 ||| Stepping ~*~*~tactically~*~*~ (stealth).
 13149 | Lair:5   | 13149 ||| Stepping ~*~*~tactically~*~*~ (stealth).
 13156 | Lair:5   | 13156 ||| Stepping ~*~*~tactically~*~*~ (stealth).
 13164 | Lair:5   | Found a staircase to the Slime Pits.
 13237 | Lair:5   | 13237 ||| READING scroll of enchant armour.
 13237 | Lair:5   | 13237 ||| ENCHANTING +2 plate armour of positive energy.
 13299 | Lair:5   | 13299 ||| INVOKING Heroism.
 13300 | Lair:5   | 13300 ||| INVOKING Finesse.
 13304 | Lair:5   | 13304 ||| SWAPPING to +1 hand axe of flaming.
 13309 | Lair:5   | 13309 ||| SWAPPING to +1 war axe of freezing.
 13316 | Lair:5   | 13316 ||| Stepping ~*~*~tactically~*~*~ (stealth).
 13481 | Lair:5   | 13481 ||| Stepping ~*~*~tactically~*~*~ (stealth).
 13484 | Lair:5   | 13484 ||| INVOKING Heroism.
 13487 | Lair:5   | 13487 ||| Stepping ~*~*~tactically~*~*~ (stealth).
 13490 | Lair:5   | 13490 ||| SWAPPING to +1 hand axe of flaming.
 13496 | Lair:5   | 13496 ||| SWAPPING to +1 war axe of freezing.
 14044 | Lair:5   | 14044 ||| PLANNING D:1-11
 14044 | Lair:5   | 14044 ||| DROPPING scarf of shadows.
 14045 | Lair:5   | 14045 ||| DRINKING 2 emerald potions.
 14208 | D:9      | 14208 ||| DRINKING 4 potions of curing.
 14208 | D:9      | 14208 ||| (to cure confusion)
 14281 | D:9      | 14281 ||| Stepping ~*~*~tactically~*~*~ (hiding).
 14282 | D:9      | 14282 ||| Stepping ~*~*~tactically~*~*~ (hiding).
 14331 | D:9      | 14331 ||| Stepping ~*~*~tactically~*~*~ (stealth).
 14332 | D:9      | 14332 ||| Stepping ~*~*~tactically~*~*~ (stealth).
 14390 | D:9      | 14390 ||| Stepping ~*~*~tactically~*~*~ (hiding).
 14391 | D:9      | 14391 ||| Stepping ~*~*~tactically~*~*~ (hiding).
 14393 | D:9      | 14393 ||| Stepping ~*~*~tactically~*~*~ (hiding).
 14469 | D:9      | Found the +4 robe of Augmentation {Str+4 Int+4 Dex+4}
 14481 | D:9      | Found a radiant altar of Vehumet.
 14485 | D:9      | Found a sparkling altar of Nemelex Xobeh.
 14561 | D:9      | 14561 ||| Stepping ~*~*~tactically~*~*~ (stealth).
 14562 | D:9      | 14562 ||| Stepping ~*~*~tactically~*~*~ (hiding).
 14564 | D:9      | 14564 ||| Stepping ~*~*~tactically~*~*~ (hiding).
 14818 | D:9      | 14818 ||| DROPPING +1 ring mail "Zikhilur" {rPois rCorr
                  | Str-3 Stlth+}.
 14831 | D:10     | Entered Level 10 of the Dungeon
 15040 | D:10     | 15040 ||| READING scroll of enchant weapon.
 15040 | D:10     | 15040 ||| ENCHANTING +1 war axe of freezing.
 15052 | D:10     | 15052 ||| Stepping ~*~*~tactically~*~*~ (hiding).
 15081 | D:10     | Found a staircase to the Orcish Mines.
 15218 | D:10     | Reached skill level 15 in Axes
 15218 | D:10     | 15218 ||| Stepping ~*~*~tactically~*~*~ (cloud).
 15429 | D:10     | 15429 ||| DROPPING +2 hat.
 15430 | D:10     | 15430 ||| READING 4 scrolls of identify.
 15430 | D:10     | 15430 ||| IDENTIFYING cyan potion
 15431 | D:10     | 15431 ||| DROPPING potion of degeneration.
 15471 | D:11     | 15471 ||| STAIRDANCE
 15553 | D:11     | 15553 ||| Stepping ~*~*~tactically~*~*~ (hiding).
 15554 | D:11     | 15554 ||| Stepping ~*~*~tactically~*~*~ (hiding).
 15555 | D:11     | 15555 ||| Stepping ~*~*~tactically~*~*~ (hiding).
 15556 | D:11     | 15556 ||| Stepping ~*~*~tactically~*~*~ (hiding).
 15602 | D:11     | 15602 ||| Stepping ~*~*~tactically~*~*~ (stealth).
 15606 | D:11     | 15606 ||| Stepping ~*~*~tactically~*~*~ (stealth).
 15613 | D:11     | 15613 ||| INVOKING Heroism.
 15614 | D:11     | 15614 ||| INVOKING Finesse.
 15662 | D:11     | 15662 ||| INVOKING Heroism.
 15669 | D:11     | Received a gift from Okawaru
 15678 | D:11     | Reached skill level 12 in Fighting
 15679 | D:11     | Reached XP level 15. HP: 84/96 MP: 22/22
 15706 | D:11     | 15706 ||| Stepping ~*~*~tactically~*~*~ (stealth).
 15708 | D:11     | 15708 ||| SWAPPING to +2 heavy broad axe.
 15711 | D:11     | 15711 ||| Stepping ~*~*~tactically~*~*~ (stealth).
 15712 | D:11     | 15712 ||| DROPPING +2 war axe of freezing.
 15731 | D:11     | 15731 ||| Stepping ~*~*~tactically~*~*~ (stealth).
 15737 | D:11     | Identified the +0 chain mail "Egholor" {Dex+3 Slay+4}
 15738 | D:11     | 15738 ||| Stepping ~*~*~tactically~*~*~ (stealth).
 15810 | D:11     | 15810 ||| Stepping ~*~*~tactically~*~*~ (stealth).
 15823 | D:11     | Found a snail-covered altar of Cheibriados.
 15841 | D:11     | 15841 ||| Stepping ~*~*~tactically~*~*~ (hiding).
 15845 | D:11     | 15845 ||| INVOKING Heroism.
 15847 | D:11     | Found a blossoming altar of Fedhas.
 15859 | D:11     | 15859 ||| FLEEEEING.
 15859 | D:11     | Found a glowing silver altar of Zin.
 15859 | D:11     | Found a burning altar of Makhleb.
 15861 | D:11     | 15861 ||| Stepping ~*~*~tactically~*~*~ (hiding).
 15866 | D:11     | 15866 ||| Stepping ~*~*~tactically~*~*~ (hiding).
 15867 | D:11     | 15867 ||| Stepping ~*~*~tactically~*~*~ (hiding).
 15885 | D:11     | 15885 ||| INVOKING Heroism.
 15906 | D:11     | 15906 ||| INVOKING Heroism.
 15940 | D:11     | 15940 ||| Stepping ~*~*~tactically~*~*~ (stealth).
 15946 | D:11     | 15946 ||| Stepping ~*~*~tactically~*~*~ (stealth).
 15948 | D:11     | 15948 ||| Stepping ~*~*~tactically~*~*~ (stealth).
 15949 | D:11     | 15949 ||| Stepping ~*~*~tactically~*~*~ (stealth).
 15966 | D:11     | 15966 ||| Stepping ~*~*~tactically~*~*~ (stealth).
 16327 | D:11     | Noticed Snorg
 16334 | D:11     | 16334 ||| INVOKING Heroism.
 16341 | D:11     | Killed Snorg
 16483 | D:11     | 16483 ||| PLANNING D
 16799 | D:12     | 16799 ||| Stepping ~*~*~tactically~*~*~ (hiding).
 16889 | D:12     | 16889 ||| Stepping ~*~*~tactically~*~*~ (stealth).
 16900 | D:12     | Received a gift from Okawaru
 17387 | D:13     | 17387 ||| Stepping ~*~*~tactically~*~*~ (stealth).
 17390 | D:13     | 17390 ||| Stepping ~*~*~tactically~*~*~ (stealth).
 17450 | D:13     | 17450 ||| INVOKING Heroism.
 17617 | D:13     | 17617 ||| Stepping ~*~*~tactically~*~*~ (hiding).
 17656 | D:13     | 17656 ||| Stepping ~*~*~tactically~*~*~ (stealth).
 17657 | D:13     | 17657 ||| Stepping ~*~*~tactically~*~*~ (stealth).
 17658 | D:13     | 17658 ||| Stepping ~*~*~tactically~*~*~ (stealth).
 17754 | D:13     | 17754 ||| FLEEEEING.
 17755 | D:13     | 17755 ||| FLEEEEING.
 17756 | D:13     | 17756 ||| FLEEEEING.
 17757 | D:13     | 17757 ||| FLEEEEING.
 17759 | D:13     | 17759 ||| STAIRDANCE
 17803 | D:13     | 17803 ||| FLEEEEING.
 17831 | D:13     | 17831 ||| Stepping ~*~*~tactically~*~*~ (stealth).
 17874 | D:13     | Noticed Nessos
 17875 | D:13     | 17875 ||| Stepping ~*~*~tactically~*~*~ (hiding).
 17876 | D:13     | 17876 ||| Stepping ~*~*~tactically~*~*~ (hiding).
 17877 | D:13     | 17877 ||| Stepping ~*~*~tactically~*~*~ (hiding).
 17878 | D:13     | 17878 ||| INVOKING Finesse.
 17880 | D:13     | 17880 ||| INVOKING Heroism.
 17881 | D:13     | 17881 ||| Stepping ~*~*~tactically~*~*~ (hiding).
 17890 | D:13     | 17890 ||| Stepping ~*~*~tactically~*~*~ (hiding).
 17891 | D:13     | 17891 ||| Stepping ~*~*~tactically~*~*~ (hiding).
 17894 | D:13     | 17894 ||| Stepping ~*~*~tactically~*~*~ (hiding).
 17900 | D:13     | 17900 ||| Stepping ~*~*~tactically~*~*~ (hiding).
 17903 | D:13     | Killed Nessos
 18115 | D:13     | Found a gate to the Vaults.
 18118 | D:13     | 18118 ||| READING scroll of enchant armour.
 18118 | D:13     | 18118 ||| ENCHANTING +3 plate armour of positive energy.
 18157 | D:13     | 18157 ||| Stepping ~*~*~tactically~*~*~ (stealth).
 18159 | D:13     | Received a gift from Okawaru
 18336 | D:13     | 18336 ||| INVOKING Heroism.
 18548 | D:14     | 18548 ||| INVOKING Heroism.
 18552 | D:14     | 18552 ||| STAIRDANCE
 18750 | D:14     | 18750 ||| INVOKING Heroism.
 18765 | D:14     | Received a gift from Okawaru
 18916 | D:14     | 18916 ||| Stepping ~*~*~tactically~*~*~ (stealth).
 18917 | D:14     | 18917 ||| Stepping ~*~*~tactically~*~*~ (stealth).
 19002 | D:14     | 19002 ||| Stepping ~*~*~tactically~*~*~ (hiding).
 19008 | D:14     | 19008 ||| INVOKING Heroism.
 19128 | D:14     | 19128 ||| INVOKING Heroism.
 19132 | D:14     | HP: 22/96 [red ugly thing (16)]
 19133 | D:14     | 19133 ||| READING 7 scrolls of teleportation.
 19134 | D:14     | 19134 ||| DRINKING 10 potions of heal wounds.
 19444 | D:14     | 19444 ||| INVOKING Heroism.
 19492 | D:14     | 19492 ||| Stepping ~*~*~tactically~*~*~ (stealth).
 19618 | D:14     | 19618 ||| Stepping ~*~*~tactically~*~*~ (stealth).
 19785 | D:14     | 19785 ||| INVOKING Heroism.
 20078 | D:14     | Received a gift from Okawaru
 20424 | D:15     | Entered Level 15 of the Dungeon
 20448 | D:15     | 20448 ||| INVOKING Heroism.
 20460 | D:15     | HP: 20/96 [meliai/divine providence (15)]
 20461 | D:15     | 20461 ||| READING 6 scrolls of teleportation.
 20462 | D:15     | 20462 ||| DRINKING 10 potions of heal wounds.
 20464 | D:15     | 20464 ||| Stepping ~*~*~tactically~*~*~ (hiding).
 20472 | D:15     | 20472 ||| Stepping ~*~*~tactically~*~*~ (hiding).
 20475 | D:15     | 20475 ||| INVOKING Heroism.
 20791 | D:15     | 20791 ||| Stepping ~*~*~tactically~*~*~ (hiding).
 20795 | D:15     | 20795 ||| INVOKING Heroism.
 20804 | D:15     | Reached XP level 16. HP: 58/101 MP: 21/23
 20987 | D:15     | Found a staircase to the Depths.
 21090 | D:15     | 21090 ||| Stepping ~*~*~tactically~*~*~ (hiding).
 21100 | D:15     | Reached skill level 6 in Throwing
 21312 | D:15     | 21312 ||| Stepping ~*~*~tactically~*~*~ (hiding).
 21799 | D:15     | 21799 ||| PLANNING ORC
 21932 | Orc:1    | Entered Level 1 of the Orcish Mines
 21957 | Orc:1    | 21957 ||| Stepping ~*~*~tactically~*~*~ (hiding).
 21958 | Orc:1    | 21958 ||| Stepping ~*~*~tactically~*~*~ (hiding).
 22089 | Orc:1    | 22089 ||| Stepping ~*~*~tactically~*~*~ (stealth).
 22090 | Orc:1    | 22090 ||| Stepping ~*~*~tactically~*~*~ (stealth).
 22093 | Orc:1    | 22093 ||| Stepping ~*~*~tactically~*~*~ (hiding).
 22100 | Orc:1    | 22100 ||| Stepping ~*~*~tactically~*~*~ (hiding).
 22361 | Orc:1    | 22361 ||| Stepping ~*~*~tactically~*~*~ (hiding).
 22363 | Orc:1    | 22363 ||| Stepping ~*~*~tactically~*~*~ (hiding).
 22364 | Orc:1    | 22364 ||| INVOKING Heroism.
 22371 | Orc:1    | 22371 ||| DRINKING 9 potions of curing.
 22371 | Orc:1    | 22371 ||| (to cure confusion)
 22374 | Orc:1    | 22374 ||| Stepping ~*~*~tactically~*~*~ (stealth).
 22384 | Orc:1    | 22384 ||| Stepping ~*~*~tactically~*~*~ (stealth).
 22385 | Orc:1    | 22385 ||| Stepping ~*~*~tactically~*~*~ (stealth).
 22504 | Orc:1    | 22504 ||| UPGRADING to scarf of resistance.
 22530 | Orc:2    | Entered Level 2 of the Orcish Mines
 22579 | Orc:2    | 22579 ||| DROPPING +1 hand axe of flaming.
 22649 | Orc:2    | Found a transporter.
 22649 | Orc:2    | Noticed qw's ghost (adept GrFi)
 22681 | Orc:2    | Found a transporter.
 22868 | Orc:2    | 22868 ||| INVOKING Heroism.
 22874 | Orc:2    | Received a gift from Okawaru
 22894 | Orc:2    | HP: 24/104 [ogre/+0 giant spiked club (7)]
 22895 | Orc:2    | 22895 ||| READING 6 scrolls of teleportation.
 22896 | Orc:2    | 22896 ||| DRINKING 9 potions of heal wounds.
 22911 | Orc:2    | Found a staircase to the Elven Halls.
 23149 | Orc:2    | Noticed Jorgrun
 23150 | Orc:2    | 23150 ||| INVOKING Heroism.
 23151 | Orc:2    | 23151 ||| INVOKING Finesse.
 23165 | Orc:2    | Killed Jorgrun
 23348 | Orc:2    | Found Masoatan's Assorted Antiques.
 23348 | Orc:2    | Found Cawk's Magic Scroll Shoppe.
 23350 | Orc:2    | Found Gamowont's Distillery.
 23350 | Orc:2    | Found Tegam's General Store.
 23357 | Orc:2    | 23357 ||| BUYING garnet ring (170 gold).
 23357 | Orc:2    | Bought a garnet ring for 170 gold pieces
 23357 | Orc:2    | 23357 ||| BUYING potion of curing (102 gold).
 23357 | Orc:2    | Bought a potion of curing for 102 gold pieces
 23358 | Orc:2    | 23358 ||| BUYING potion of attraction (45 gold).
 23358 | Orc:2    | Bought a potion of attraction for 45 gold pieces
 23358 | Orc:2    | 23358 ||| BUYING potion of curing (45 gold).
 23358 | Orc:2    | Bought a potion of curing for 45 gold pieces
 23358 | Orc:2    | 23358 ||| BUYING potion of heal wounds (75 gold).
 23358 | Orc:2    | Bought a potion of heal wounds for 75 gold pieces
 23358 | Orc:2    | 23358 ||| BUYING potion of resistance (150 gold).
 23358 | Orc:2    | Bought a potion of resistance for 150 gold pieces
 23359 | Orc:2    | 23359 ||| BUYING potion of lignification (39 gold).
 23359 | Orc:2    | Bought a potion of lignification for 39 gold pieces
 23360 | Orc:2    | 23360 ||| BUYING scroll of brand weapon (95 gold).
 23360 | Orc:2    | Bought a scroll of brand weapon for 95 gold pieces
 23360 | Orc:2    | 23360 ||| BUYING scroll of enchant armour (75 gold).
 23360 | Orc:2    | Bought a scroll of enchant armour for 75 gold pieces
 23360 | Orc:2    | 23360 ||| BUYING scroll of identify (20 gold).
 23360 | Orc:2    | Bought a scroll of identify for 20 gold pieces
 23360 | Orc:2    | 23360 ||| BUYING scroll of teleportation (30 gold).
 23360 | Orc:2    | Bought a scroll of teleportation for 30 gold pieces
 23360 | Orc:2    | 23360 ||| READING scroll of brand weapon.
 23360 | Orc:2    | 23360 ||| BRANDING +2 heavy broad axe.
 23361 | Orc:2    | 23361 ||| DROPPING +1 war axe of flaming.
 23362 | Orc:2    | 23362 ||| READING scroll of enchant armour.
 23362 | Orc:2    | 23362 ||| ENCHANTING +4 plate armour of positive energy.
 23537 | Orc:2    | 23537 ||| PLANNING SHOALS:1-3
 23537 | Orc:2    | 23537 ||| DROPPING ring of positive energy.
 23538 | Orc:2    | 23538 ||| UPGRADING to +5 ring of evasion.
 23540 | Orc:2    | 23540 ||| UPGRADING to ring "Uneazusi" {Str+6 Int+5}.
 23542 | Orc:2    | 23542 ||| UPGRADING to +1 helmet of see invisible.
 23552 | Orc:2    | 23552 ||| DROPPING ring of see invisible.
 23683 | Shoals:1 | Entered Level 1 of the Shoals
 23708 | Shoals:1 | Noticed Roxanne
 23709 | Shoals:1 | 23709 ||| INVOKING Heroism.
 23710 | Shoals:1 | 23710 ||| INVOKING Finesse.
 23731 | Shoals:1 | Killed Roxanne
 23740 | Shoals:1 | 23740 ||| INVOKING Heroism.
 24062 | Shoals:1 | Reached skill level 18 in Axes
 24093 | Shoals:1 | 24093 ||| INVOKING Heroism.
 24233 | Shoals:1 | You are sucked into a shaft and drop 1 floor!
 24388 | Shoals:2 | Noticed Ilsuiw
 24389 | Shoals:2 | 24389 ||| INVOKING Heroism.
 24390 | Shoals:2 | 24390 ||| INVOKING Finesse.
 24416 | Shoals:2 | Reached skill level 12 in Armour
 24430 | Shoals:2 | Killed Ilsuiw
 24434 | Shoals:2 | HP: 24/104 [barbs]
 24435 | Shoals:2 | 24435 ||| READING 9 scrolls of teleportation.
 24436 | Shoals:2 | 24436 ||| DRINKING 9 potions of heal wounds.
 24447 | Shoals:2 | HP: 19/104 [merfolk impaler/+3 heavy trident (9)]
 24448 | Shoals:2 | 24448 ||| READING 8 scrolls of teleportation.
 24449 | Shoals:2 | 24449 ||| DRINKING 8 potions of heal wounds.
 24617 | Shoals:2 | 24617 ||| Stepping ~*~*~tactically~*~*~ (stealth).
 24618 | Shoals:2 | 24618 ||| Stepping ~*~*~tactically~*~*~ (stealth).
 24642 | Shoals:2 | 24642 ||| Stepping randomly (stuck).
 24643 | Shoals:2 | 24643 ||| Stepping randomly (stuck).
 24644 | Shoals:2 | 24644 ||| Stepping randomly (stuck).
 24645 | Shoals:2 | 24645 ||| Stepping randomly (stuck).
 24646 | Shoals:2 | 24646 ||| Stepping randomly (stuck).
 24647 | Shoals:2 | 24647 ||| Stepping randomly (stuck).
 24648 | Shoals:2 | 24648 ||| Stepping randomly (stuck).
 24649 | Shoals:2 | 24649 ||| Stepping randomly (stuck).
 24650 | Shoals:2 | 24650 ||| Stepping randomly (stuck).
 24651 | Shoals:2 | 24651 ||| Stepping randomly (stuck).
 24652 | Shoals:2 | 24652 ||| Stepping randomly (stuck).
 24653 | Shoals:2 | 24653 ||| Stepping randomly (stuck).
 24654 | Shoals:2 | 24654 ||| Stepping randomly (stuck).
 24655 | Shoals:2 | 24655 ||| Stepping randomly (stuck).
 24656 | Shoals:2 | 24656 ||| Stepping randomly (stuck).
 24657 | Shoals:2 | 24657 ||| Stepping randomly (stuck).
 24658 | Shoals:2 | 24658 ||| Stepping randomly (stuck).
 24659 | Shoals:2 | 24659 ||| Stepping randomly (stuck).
 24660 | Shoals:2 | 24660 ||| Stepping randomly (stuck).
 24661 | Shoals:2 | 24661 ||| Stepping randomly (stuck).
 24662 | Shoals:2 | 24662 ||| Stepping randomly (stuck).
 24663 | Shoals:2 | 24663 ||| Stepping randomly (stuck).
 24664 | Shoals:2 | 24664 ||| Stepping randomly (stuck).
 24665 | Shoals:2 | 24665 ||| Stepping randomly (stuck).
 24666 | Shoals:2 | 24666 ||| Stepping randomly (stuck).
 24667 | Shoals:2 | 24667 ||| Stepping randomly (stuck).
 24668 | Shoals:2 | 24668 ||| Stepping randomly (stuck).
 24669 | Shoals:2 | 24669 ||| Stepping randomly (stuck).
 24670 | Shoals:2 | 24670 ||| Stepping randomly (stuck).
 24671 | Shoals:2 | 24671 ||| Stepping randomly (stuck).
 24672 | Shoals:2 | 24672 ||| Stepping randomly (stuck).
 24673 | Shoals:2 | 24673 ||| Stepping randomly (stuck).
 24674 | Shoals:2 | 24674 ||| Stepping randomly (stuck).
 24675 | Shoals:2 | 24675 ||| Stepping randomly (stuck).
 24676 | Shoals:2 | 24676 ||| Stepping randomly (stuck).
 24677 | Shoals:2 | 24677 ||| Stepping randomly (stuck).
 24678 | Shoals:2 | 24678 ||| Stepping randomly (stuck).
 24679 | Shoals:2 | 24679 ||| Stepping randomly (stuck).
 24680 | Shoals:2 | 24680 ||| Stepping randomly (stuck).
 24681 | Shoals:2 | 24681 ||| Stepping randomly (stuck).
 24682 | Shoals:2 | 24682 ||| Stepping randomly (stuck).
 24683 | Shoals:2 | 24683 ||| Stepping randomly (stuck).
 24684 | Shoals:2 | 24684 ||| Stepping randomly (stuck).
 24685 | Shoals:2 | 24685 ||| Stepping randomly (stuck).
 24686 | Shoals:2 | 24686 ||| Stepping randomly (stuck).
 24687 | Shoals:2 | 24687 ||| Stepping randomly (stuck).
 24688 | Shoals:2 | 24688 ||| Stepping randomly (stuck).
 24689 | Shoals:2 | 24689 ||| Stepping randomly (stuck).
 24690 | Shoals:2 | 24690 ||| Stepping randomly (stuck).
 24691 | Shoals:2 | 24691 ||| Stepping randomly (stuck).
 24692 | Shoals:2 | 24692 ||| Stepping randomly (stuck).
 24693 | Shoals:2 | 24693 ||| READING 7 scrolls of teleportation.
 24697 | Shoals:2 | Found Arheadgh's General Store.
 24701 | Shoals:2 | Received a gift from Okawaru
 24715 | Shoals:2 | Reached XP level 17. HP: 108/108 MP: 24/24
 24848 | Shoals:1 | 24848 ||| Stepping ~*~*~tactically~*~*~ (hiding).
 24870 | Shoals:1 | 24870 ||| INVOKING Heroism.
 25172 | Shoals:2 | 25172 ||| INVOKING Heroism.
 25173 | Shoals:2 | 25173 ||| INVOKING Finesse.
 25241 | Shoals:2 | 25241 ||| INVOKING Heroism.
 25431 | Shoals:2 | 25431 ||| DROPPING +0 broad axe of flaming.
 25434 | Shoals:2 | 25434 ||| BUYING 2 potions of heal wounds (180 gold).
 25434 | Shoals:2 | Bought 2 potions of heal wounds for 180 gold pieces
 25434 | Shoals:2 | 25434 ||| BUYING potion of curing (54 gold).
 25434 | Shoals:2 | Bought a potion of curing for 54 gold pieces
 25469 | Shoals:2 | 25469 ||| INVOKING Heroism.
 25643 | Shoals:2 | 25643 ||| Stepping ~*~*~tactically~*~*~ (hiding).
 25644 | Shoals:2 | 25644 ||| Stepping ~*~*~tactically~*~*~ (hiding).
 26048 | Shoals:3 | 26048 ||| INVOKING Heroism.
 26155 | Shoals:3 | Found a frozen archway.
 26157 | Shoals:3 | 26157 ||| INVOKING Heroism.
 26297 | Shoals:3 | Noticed Polyphemus
 26298 | Shoals:3 | 26298 ||| INVOKING Heroism.
 26299 | Shoals:3 | 26299 ||| INVOKING Finesse.
 26311 | Shoals:3 | Killed Polyphemus
 26327 | Shoals:3 | Gained mutation: You have a somewhat thin skeletal
                  | structure. (Dex +2, Stealth+) [a neqoxec]
 26330 | Shoals:3 | Noticed a Tzitzimitl
 26374 | Shoals:3 | 26374 ||| INVOKING Heroism.
 26566 | Shoals:3 | 26566 ||| READING scroll of enchant armour.
 26566 | Shoals:3 | 26566 ||| ENCHANTING +1 helmet of see invisible.
 26669 | Shoals:3 | Received a gift from Okawaru
 26775 | Shoals:3 | 26775 ||| INVOKING Heroism.
 26820 | Shoals:3 | 26820 ||| READING scroll of enchant weapon.
 26820 | Shoals:3 | 26820 ||| ENCHANTING +2 broad axe of flaming.
 26823 | Shoals:3 | 26823 ||| READING scroll of enchant armour.
 26823 | Shoals:3 | 26823 ||| ENCHANTING +5 plate armour of positive energy.
 26966 | Shoals:3 | Found the +8 longbow "Zephyr" {speed, Dex+3 SInv}
 26978 | Shoals:3 | 26978 ||| Stepping ~*~*~tactically~*~*~ (stealth).
 26983 | Shoals:3 | Received a gift from Okawaru
 27186 | Shoals:3 | 27186 ||| INVOKING Heroism.
 27187 | Shoals:3 | 27187 ||| INVOKING Finesse.
 27256 | Shoals:3 | 27256 ||| PLANNING SPIDER:1-3
 27256 | Shoals:3 | 27256 ||| READING 12 scrolls of identify.
 27256 | Shoals:3 | 27256 ||| IDENTIFYING sedimented amethyst potion
 27257 | Shoals:3 | 27257 ||| DROPPING potion of berserk rage.
 27360 | Spider:1 | Entered Level 1 of the Spider Nest
 27404 | Spider:1 | Received a gift from Okawaru
 27462 | Spider:1 | 27462 ||| Stepping ~*~*~tactically~*~*~ (stealth).
 27524 | Spider:1 | 27524 ||| INVOKING Finesse.
 27574 | Spider:1 | Reached skill level 15 in Fighting
 27596 | Spider:1 | 27596 ||| INVOKING Heroism.
 27704 | Spider:1 | 27704 ||| Stepping ~*~*~tactically~*~*~ (stealth).
 27706 | Spider:1 | 27706 ||| INVOKING Heroism.
 27707 | Spider:1 | 27707 ||| INVOKING Finesse.
 27722 | Spider:1 | Received a gift from Okawaru
 27792 | Spider:1 | 27792 ||| READING scroll of enchant armour.
 27792 | Spider:1 | 27792 ||| ENCHANTING +6 plate armour of positive energy.
 27815 | Spider:1 | 27815 ||| Stepping ~*~*~tactically~*~*~ (stealth).
 27841 | Spider:1 | 27841 ||| Stepping ~*~*~tactically~*~*~ (hiding).
 28155 | Spider:1 | 28155 ||| Stepping ~*~*~tactically~*~*~ (hiding).
 28157 | Spider:1 | 28157 ||| INVOKING Finesse.
 28210 | Spider:1 | 28210 ||| Stepping ~*~*~tactically~*~*~ (stealth).
 28455 | Spider:1 | 28455 ||| READING scroll of enchant weapon.
 28455 | Spider:1 | 28455 ||| ENCHANTING +3 broad axe of flaming.
 28601 | Spider:1 | 28601 ||| READING scroll of brand weapon.
 28601 | Spider:1 | 28601 ||| BRANDING +4 broad axe of flaming.
 28712 | Spider:1 | 28712 ||| READING scroll of enchant weapon.
 28712 | Spider:1 | 28712 ||| ENCHANTING +4 broad axe of protection.
 28922 | Spider:1 | 28922 ||| UPGRADING to amulet of the acrobat.
 29137 | Spider:2 | 29137 ||| INVOKING Finesse.
 29176 | Spider:2 | Reached XP level 18. HP: 119/119 MP: 23/25
 29237 | Spider:2 | 29237 ||| Stepping ~*~*~tactically~*~*~ (hiding).
 29258 | Spider:2 | Received a gift from Okawaru
 29260 | Spider:2 | 29260 ||| Stepping ~*~*~tactically~*~*~ (stealth).
 29262 | Spider:2 | 29262 ||| INVOKING Heroism.
 29460 | Spider:2 | 29460 ||| Stepping ~*~*~tactically~*~*~ (stealth).
 29488 | Spider:2 | 29488 ||| Stepping ~*~*~tactically~*~*~ (stealth).
 29489 | Spider:2 | 29489 ||| Stepping ~*~*~tactically~*~*~ (stealth).
 29490 | Spider:2 | 29490 ||| Stepping ~*~*~tactically~*~*~ (stealth).
 29491 | Spider:2 | 29491 ||| Stepping ~*~*~tactically~*~*~ (stealth).
 29495 | Spider:2 | 29495 ||| Stepping ~*~*~tactically~*~*~ (stealth).
 29500 | Spider:2 | Reached skill level 15 in Shields
 29538 | Spider:2 | Reached skill level 6 in Dodging
 29563 | Spider:2 | 29563 ||| INVOKING Heroism.
 29588 | Spider:2 | 29588 ||| Stepping ~*~*~tactically~*~*~ (stealth).
 29703 | Spider:2 | 29703 ||| Stepping ~*~*~tactically~*~*~ (hiding).
 29711 | Spider:2 | 29711 ||| INVOKING Heroism.
 29718 | Spider:2 | 29718 ||| INVOKING Finesse.
 29835 | Spider:2 | 29835 ||| Stepping ~*~*~tactically~*~*~ (stealth).
 29838 | Spider:2 | 29838 ||| INVOKING Finesse.
 30149 | Spider:2 | 30149 ||| FLEEEEING.
 30151 | Spider:2 | 30151 ||| FLEEEEING.
 30152 | Spider:2 | 30152 ||| FLEEEEING.
 30153 | Spider:2 | 30153 ||| FLEEEEING.
 30154 | Spider:2 | 30154 ||| FLEEEEING.
 30155 | Spider:2 | 30155 ||| FLEEEEING.
 30156 | Spider:2 | 30156 ||| FLEEEEING.
 30158 | Spider:2 | 30158 ||| FLEEEEING.
 30159 | Spider:2 | 30159 ||| FLEEEEING.
 30160 | Spider:2 | 30160 ||| FLEEEEING.
 30161 | Spider:2 | 30161 ||| FLEEEEING.
 30162 | Spider:2 | 30162 ||| FLEEEEING.
 30163 | Spider:2 | 30163 ||| FLEEEEING.
 30164 | Spider:2 | 30164 ||| FLEEEEING.
 30165 | Spider:2 | 30165 ||| FLEEEEING.
 30186 | Spider:2 | Identified the -1 pair of gloves of Gotzou Axko {Contam
                  | rPois Int+2}
 30216 | Spider:2 | 30216 ||| FLEEEEING.
 30371 | Spider:2 | 30371 ||| Stepping ~*~*~tactically~*~*~ (stealth).
 30481 | Spider:2 | 30481 ||| Stepping ~*~*~tactically~*~*~ (hiding).
 30487 | Spider:2 | 30487 ||| INVOKING Finesse.
 30652 | Spider:2 | 30652 ||| Stepping ~*~*~tactically~*~*~ (stealth).
 30655 | Spider:2 | 30655 ||| INVOKING Finesse.
 30759 | Spider:2 | 30759 ||| UPGRADING to +0 pair of boots.
 30764 | Spider:2 | 30764 ||| DROPPING -1 pair of gloves of Gotzou Axko {Contam
                  | rPois Int+2}.
 30847 | Spider:3 | 30847 ||| Stepping ~*~*~tactically~*~*~ (stealth).
 30849 | Spider:3 | 30849 ||| INVOKING Heroism.
 30917 | Spider:3 | 30917 ||| Stepping ~*~*~tactically~*~*~ (stealth).
 30918 | Spider:3 | 30918 ||| Stepping ~*~*~tactically~*~*~ (stealth).
 30919 | Spider:3 | 30919 ||| INVOKING Heroism.
 31037 | Spider:3 | 31037 ||| Stepping ~*~*~tactically~*~*~ (hiding).
 31038 | Spider:3 | 31038 ||| Stepping ~*~*~tactically~*~*~ (stealth).
 31238 | Spider:3 | 31238 ||| Stepping ~*~*~tactically~*~*~ (stealth).
 31256 | Spider:3 | 31256 ||| Stepping ~*~*~tactically~*~*~ (stealth).
 31264 | Spider:3 | 31264 ||| Stepping ~*~*~tactically~*~*~ (stealth).
 31319 | Spider:3 | 31319 ||| INVOKING Finesse.
 31398 | Spider:3 | 31398 ||| INVOKING Heroism.
 31431 | Spider:3 | 31431 ||| INVOKING Finesse.
 31649 | Spider:3 | 31649 ||| PLANNING SHOALS:4
 31767 | Shoals:4 | Entered Level 4 of the Shoals
 31829 | Shoals:4 | 31829 ||| Stepping ~*~*~tactically~*~*~ (stealth).
 31830 | Shoals:4 | 31830 ||| Stepping ~*~*~tactically~*~*~ (stealth).
 31831 | Shoals:4 | 31831 ||| Stepping ~*~*~tactically~*~*~ (stealth).
 31835 | Shoals:4 | 31835 ||| INVOKING Heroism.
 31877 | Shoals:4 | 31877 ||| Stepping ~*~*~tactically~*~*~ (hiding).
 31880 | Shoals:4 | 31880 ||| INVOKING Heroism.
 31896 | Shoals:4 | Received a gift from Okawaru
 31911 | Shoals:4 | HP: 21/120 [merfolk impaler/+0 trident of venom (14)]
 31912 | Shoals:4 | 31912 ||| READING 11 scrolls of teleportation.
 31913 | Shoals:4 | 31913 ||| DRINKING 10 potions of heal wounds.
 31915 | Shoals:4 | 31915 ||| DRINKING 9 potions of heal wounds.
 31987 | Shoals:4 | 31987 ||| FLEEEEING.
 31989 | Shoals:4 | 31989 ||| FLEEEEING.
 31990 | Shoals:4 | 31990 ||| FLEEEEING.
 31991 | Shoals:4 | 31991 ||| FLEEEEING.
 31992 | Shoals:4 | 31992 ||| INVOKING Heroism.
 32001 | Shoals:4 | Reached skill level 15 in Armour
 32051 | Shoals:4 | 32051 ||| INVOKING Heroism.
 32167 | Shoals:4 | 32167 ||| INVOKING Heroism.
 32196 | Shoals:4 | 32196 ||| Stepping ~*~*~tactically~*~*~ (stealth).
 32212 | Shoals:4 | 32212 ||| INVOKING Heroism.
 32230 | Shoals:4 | 32230 ||| Stepping ~*~*~tactically~*~*~ (stealth).
 32300 | Shoals:4 | 32300 ||| Stepping ~*~*~tactically~*~*~ (hiding).
 32362 | Shoals:4 | 32362 ||| INVOKING Heroism.
 32446 | Shoals:4 | 32446 ||| Stepping ~*~*~tactically~*~*~ (hiding).
 32448 | Shoals:4 | 32448 ||| Stepping ~*~*~tactically~*~*~ (hiding).
 32449 | Shoals:4 | 32449 ||| Stepping ~*~*~tactically~*~*~ (hiding).
 32463 | Shoals:4 | 32463 ||| Stepping ~*~*~tactically~*~*~ (hiding).
 32465 | Shoals:4 | 32465 ||| Stepping ~*~*~tactically~*~*~ (hiding).
 32472 | Shoals:4 | 32472 ||| INVOKING Heroism.
 32537 | Shoals:4 | 32537 ||| Stepping ~*~*~tactically~*~*~ (hiding).
 32540 | Shoals:4 | 32540 ||| INVOKING Heroism.
 32555 | Shoals:4 | Reached skill level 9 in Throwing
 32637 | Shoals:4 | 32637 ||| FLEEEEING.
 32638 | Shoals:4 | 32638 ||| FLEEEEING.
 32639 | Shoals:4 | 32639 ||| FLEEEEING.
 32640 | Shoals:4 | 32640 ||| INVOKING Heroism.
 32653 | Shoals:4 | HP: 25/122 [merfolk javelineer/silver javelin (21)]
 32654 | Shoals:4 | 32654 ||| READING 11 scrolls of teleportation.
 32655 | Shoals:4 | 32655 ||| DRINKING 9 potions of heal wounds.
 32760 | Shoals:4 | 32760 ||| FLEEEEING.
 32886 | Shoals:4 | 32886 ||| INVOKING Heroism.
 32937 | Shoals:4 | 32937 ||| Stepping ~*~*~tactically~*~*~ (hiding).
 32943 | Shoals:4 | Reached XP level 19. HP: 127/127 MP: 26/26
 32970 | Shoals:4 | 32970 ||| Stepping ~*~*~tactically~*~*~ (stealth).
 33024 | Shoals:4 | 33024 ||| INVOKING Heroism.
 33051 | Shoals:4 | Received a gift from Okawaru
 33069 | Shoals:4 | 33069 ||| INVOKING Heroism.
 33433 | Shoals:4 | Got a barnacled rune of Zot
 33439 | Shoals:4 | 33439 ||| Stepping ~*~*~tactically~*~*~ (hiding).
 33497 | Shoals:4 | Identified the +9 quarterstaff of Anxiety {heavy, rC-
                  | Int+6}
 33703 | Shoals:4 | 33703 ||| PLANNING VAULTS:1-4
 33703 | Shoals:4 | 33703 ||| DROPPING +1 plate armour of positive energy.
 34013 | Vaults:1 | Entered Level 1 of the Vaults
 34034 | Vaults:1 | 34034 ||| FLEEEEING.
 34035 | Vaults:1 | 34035 ||| FLEEEEING.
 34036 | Vaults:1 | 34036 ||| FLEEEEING.
 34037 | Vaults:1 | 34037 ||| FLEEEEING.
 34038 | Vaults:1 | 34038 ||| FLEEEEING.
 34039 | Vaults:1 | 34039 ||| FLEEEEING.
 34040 | Vaults:1 | 34040 ||| FLEEEEING.
 34041 | Vaults:1 | 34041 ||| FLEEEEING.
 34042 | Vaults:1 | 34042 ||| STAIRDANCE
 34257 | Vaults:1 | 34257 ||| Stepping ~*~*~tactically~*~*~ (hiding).
 34258 | Vaults:1 | 34258 ||| Stepping ~*~*~tactically~*~*~ (hiding).
 34298 | Vaults:1 | 34298 ||| Stepping ~*~*~tactically~*~*~ (stealth).
 34300 | Vaults:1 | 34300 ||| Stepping ~*~*~tactically~*~*~ (hiding).
 34302 | Vaults:1 | 34302 ||| Stepping ~*~*~tactically~*~*~ (hiding).
 34305 | Vaults:1 | 34305 ||| INVOKING Heroism.
 34455 | Vaults:1 | 34455 ||| Stepping ~*~*~tactically~*~*~ (hiding).
 34605 | Vaults:1 | 34605 ||| DRINKING 11 potions of curing.
 34605 | Vaults:1 | 34605 ||| (to cure confusion)
 34615 | Vaults:1 | Received a gift from Okawaru
 34616 | Vaults:1 | 34616 ||| FLEEEEING.
 34703 | Vaults:1 | Received a gift from Okawaru
 34786 | Vaults:1 | Received a gift from Okawaru
 34835 | Vaults:1 | 34835 ||| Stepping ~*~*~tactically~*~*~ (hiding).
 34866 | Vaults:1 | 34866 ||| INVOKING Heroism.
 34869 | Vaults:1 | Received a gift from Okawaru
 34880 | Vaults:1 | 34880 ||| Stepping ~*~*~tactically~*~*~ (hiding).
 35129 | Vaults:1 | 35129 ||| UPGRADING to +0 tower shield.
 35157 | Vaults:1 | 35157 ||| INVOKING Heroism.
 35255 | Vaults:1 | 35255 ||| DROPPING +0 kite shield of protection.
 35374 | Vaults:1 | 35374 ||| INVOKING Heroism.
 35469 | Vaults:1 | Identified the +1 hat "Ukkatoagog" {rN+ Int+3} (Okawaru
                  | gifted it to you on level 1 of the Vaults)
 35469 | Vaults:1 | Received a gift from Okawaru
 35513 | Vaults:1 | 35513 ||| DROPPING +1 hat "Ukkatoagog" {rN+ Int+3}.
 35541 | Vaults:1 | 35541 ||| INVOKING Heroism.
 35807 | Vaults:1 | 35807 ||| INVOKING Heroism.
 35843 | Vaults:1 | 35843 ||| INVOKING Heroism.
 36707 | Vaults:2 | Reached XP level 20. HP: 110/134 MP: 27/27
 36832 | Vaults:2 | 36832 ||| Stepping ~*~*~tactically~*~*~ (stealth).
 36843 | Vaults:2 | 36843 ||| INVOKING Heroism.
 36848 | Vaults:2 | 36848 ||| INVOKING Finesse.
 36855 | Vaults:2 | Reached skill level 18 in Shields
 36897 | Vaults:2 | 36897 ||| Stepping ~*~*~tactically~*~*~ (stealth).
 37029 | Vaults:2 | 37029 ||| Stepping ~*~*~tactically~*~*~ (hiding).
 37121 | Vaults:2 | 37121 ||| Stepping ~*~*~tactically~*~*~ (hiding).
 37190 | Vaults:2 | 37190 ||| Stepping ~*~*~tactically~*~*~ (hiding).
 37192 | Vaults:2 | 37192 ||| Stepping ~*~*~tactically~*~*~ (hiding).
 37208 | Vaults:2 | 37208 ||| INVOKING Heroism.
 37551 | Vaults:2 | 37551 ||| Stepping ~*~*~tactically~*~*~ (hiding).
 37568 | Vaults:2 | 37568 ||| FLEEEEING.
 37569 | Vaults:2 | 37569 ||| FLEEEEING.
 37570 | Vaults:2 | 37570 ||| FLEEEEING.
 37571 | Vaults:2 | 37571 ||| FLEEEEING.
 37572 | Vaults:2 | 37572 ||| FLEEEEING.
 37573 | Vaults:2 | 37573 ||| FLEEEEING.
 37574 | Vaults:2 | 37574 ||| FLEEEEING.
 37575 | Vaults:2 | 37575 ||| FLEEEEING.
 37576 | Vaults:2 | 37576 ||| FLEEEEING.
 37577 | Vaults:2 | 37577 ||| FLEEEEING.
 37578 | Vaults:2 | 37578 ||| FLEEEEING.
 37579 | Vaults:2 | 37579 ||| FLEEEEING.
 37580 | Vaults:2 | 37580 ||| FLEEEEING.
 37581 | Vaults:2 | 37581 ||| FLEEEEING.
 37582 | Vaults:2 | 37582 ||| FLEEEEING.
 37583 | Vaults:2 | 37583 ||| FLEEEEING.
 37584 | Vaults:2 | 37584 ||| FLEEEEING.
 37585 | Vaults:2 | 37585 ||| FLEEEEING.
 37586 | Vaults:2 | 37586 ||| FLEEEEING.
 37592 | Vaults:2 | Noticed Boris
 37593 | Vaults:2 | 37593 ||| INVOKING Heroism.
 37608 | Vaults:2 | Received a gift from Okawaru
 37609 | Vaults:2 | 37609 ||| INVOKING Finesse.
 37625 | Vaults:2 | Killed Boris
 37636 | Vaults:2 | 37636 ||| INVOKING Heroism.
 38067 | Vaults:2 | 38067 ||| INVOKING Heroism.
 38069 | Vaults:2 | 38069 ||| Stepping ~*~*~tactically~*~*~ (hiding).
 38078 | Vaults:2 | 38078 ||| Stepping ~*~*~tactically~*~*~ (hiding).
 38079 | Vaults:2 | 38079 ||| Stepping ~*~*~tactically~*~*~ (hiding).
 38080 | Vaults:2 | 38080 ||| Stepping ~*~*~tactically~*~*~ (hiding).
 38141 | Vaults:2 | 38141 ||| READING scroll of brand weapon.
 38141 | Vaults:2 | 38141 ||| BRANDING +5 broad axe of protection.
 38193 | Vaults:2 | Identified the +1 long sword of the Hierophant {drain, rN+
                  | Int+4 SInv}
 38483 | Vaults:2 | Found a runed translucent door.
 38483 | Vaults:2 | Found a shimmering altar of Xom.
 38483 | Vaults:2 | Noticed mantisjm's ghost (veteran HOFi)
 38547 | Vaults:2 | 38547 ||| DROPPING +0 plate armour of fire resistance.
 38710 | Vaults:3 | 38710 ||| Stepping ~*~*~tactically~*~*~ (hiding).
 38820 | Vaults:3 | Received a gift from Okawaru
 38875 | Vaults:3 | Found a runed translucent gate.
 38912 | Vaults:3 | 38912 ||| Stepping ~*~*~tactically~*~*~ (hiding).
 38927 | Vaults:3 | 38927 ||| INVOKING Heroism.
 38992 | Vaults:3 | 38992 ||| FLEEEEING.
 38993 | Vaults:3 | 38993 ||| FLEEEEING.
 39120 | Vaults:3 | Found a staircase to the Crypt.
 39121 | Vaults:3 | 39121 ||| INVOKING Heroism.
 39140 | Vaults:3 | Reached skill level 18 in Fighting
 39146 | Vaults:3 | HP: 34/136 [??? (7)]
 39147 | Vaults:3 | 39147 ||| READING 11 scrolls of teleportation.
 39148 | Vaults:3 | 39148 ||| DRINKING 9 potions of heal wounds.
 39149 | Vaults:3 | 39149 ||| DRINKING 8 potions of heal wounds.
 39367 | Vaults:3 | 39367 ||| Stepping ~*~*~tactically~*~*~ (hiding).
 39602 | Vaults:3 | Identified the +3 leather armour "Wecukiaf" {+Inv}
 39637 | Vaults:3 | 39637 ||| INVOKING Heroism.
 40037 | Vaults:3 | 40037 ||| Stepping ~*~*~tactically~*~*~ (hiding).
 40046 | Vaults:3 | Reached XP level 21. HP: 141/141 MP: 28/28
 40131 | Vaults:3 | 40131 ||| FLEEEEING.
 40132 | Vaults:3 | 40132 ||| FLEEEEING.
 40134 | Vaults:3 | 40134 ||| FLEEEEING.
 40135 | Vaults:3 | 40135 ||| FLEEEEING.
 40136 | Vaults:3 | 40136 ||| FLEEEEING.
 40137 | Vaults:3 | 40137 ||| FLEEEEING.
 40138 | Vaults:3 | 40138 ||| FLEEEEING.
 40139 | Vaults:3 | 40139 ||| FLEEEEING.
 40140 | Vaults:3 | 40140 ||| FLEEEEING.
 40141 | Vaults:3 | 40141 ||| FLEEEEING.
 40142 | Vaults:3 | 40142 ||| FLEEEEING.
 40148 | Vaults:3 | 40148 ||| FLEEEEING.
 40149 | Vaults:3 | 40149 ||| FLEEEEING.
 40150 | Vaults:3 | 40150 ||| FLEEEEING.
 40151 | Vaults:3 | 40151 ||| FLEEEEING.
 40152 | Vaults:3 | 40152 ||| FLEEEEING.
 40153 | Vaults:3 | 40153 ||| FLEEEEING.
 40154 | Vaults:3 | 40154 ||| FLEEEEING.
 40155 | Vaults:3 | 40155 ||| FLEEEEING.
 40156 | Vaults:3 | 40156 ||| FLEEEEING.
 40157 | Vaults:3 | 40157 ||| FLEEEEING.
 40158 | Vaults:3 | 40158 ||| FLEEEEING.
 40159 | Vaults:3 | 40159 ||| FLEEEEING.
 40160 | Vaults:3 | 40160 ||| FLEEEEING.
 40161 | Vaults:3 | 40161 ||| FLEEEEING.
 40162 | Vaults:3 | 40162 ||| FLEEEEING.
 40163 | Vaults:3 | 40163 ||| FLEEEEING.
 40164 | Vaults:3 | 40164 ||| FLEEEEING.
 40165 | Vaults:3 | 40165 ||| FLEEEEING.
 40166 | Vaults:3 | 40166 ||| FLEEEEING.
 40177 | Vaults:3 | 40177 ||| FLEEEEING.
 40178 | Vaults:3 | 40178 ||| STAIRDANCE
 40388 | Vaults:3 | 40388 ||| INVOKING Heroism.
 40625 | Vaults:3 | Found a runed translucent gate.
 40625 | Vaults:3 | Found a runed translucent gate.
 40625 | Vaults:3 | Found an opulent altar of Gozag.
 40625 | Vaults:3 | Noticed jlumianski's ghost (veteran KoBe)
 40628 | Vaults:3 | Found Baklosou's Assorted Antiques.
 40863 | Vaults:4 | 40863 ||| FLEEEEING.
 40864 | Vaults:4 | 40864 ||| FLEEEEING.
 40865 | Vaults:4 | 40865 ||| FLEEEEING.
 40866 | Vaults:4 | 40866 ||| FLEEEEING.
 40867 | Vaults:4 | 40867 ||| FLEEEEING.
 40871 | Vaults:4 | 40871 ||| FLEEEEING.
 40872 | Vaults:4 | 40872 ||| FLEEEEING.
 40873 | Vaults:4 | 40873 ||| FLEEEEING.
 40874 | Vaults:4 | 40874 ||| Stepping ~*~*~tactically~*~*~ (hiding).
 40875 | Vaults:4 | 40875 ||| FLEEEEING.
 40887 | Vaults:4 | 40887 ||| Stepping ~*~*~tactically~*~*~ (hiding).
 41015 | Vaults:4 | 41015 ||| FLEEEEING.
 41016 | Vaults:4 | 41016 ||| FLEEEEING.
 41017 | Vaults:4 | 41017 ||| FLEEEEING.
 41020 | Vaults:4 | 41020 ||| FLEEEEING.
 41021 | Vaults:4 | 41021 ||| FLEEEEING.
 41022 | Vaults:4 | 41022 ||| FLEEEEING.
 41023 | Vaults:4 | 41023 ||| FLEEEEING.
 41230 | Vaults:4 | 41230 ||| Stepping ~*~*~tactically~*~*~ (hiding).
 41232 | Vaults:4 | 41232 ||| Stepping ~*~*~tactically~*~*~ (hiding).
 41278 | Vaults:4 | 41278 ||| INVOKING Heroism.
 41284 | Vaults:4 | Received a gift from Okawaru
 41569 | Vaults:4 | 41569 ||| Stepping ~*~*~tactically~*~*~ (stealth).
 41664 | Vaults:4 | 41664 ||| Stepping ~*~*~tactically~*~*~ (hiding).
 41679 | Vaults:4 | Received a gift from Okawaru
 41725 | Vaults:4 | 41725 ||| Stepping ~*~*~tactically~*~*~ (hiding).
 41735 | Vaults:4 | 41735 ||| Stepping ~*~*~tactically~*~*~ (hiding).
 41737 | Vaults:4 | 41737 ||| Stepping ~*~*~tactically~*~*~ (hiding).
 41741 | Vaults:4 | 41741 ||| Stepping ~*~*~tactically~*~*~ (hiding).
 41795 | Vaults:4 | 41795 ||| Stepping ~*~*~tactically~*~*~ (hiding).
 42163 | Vaults:4 | 42163 ||| FLEEEEING.
 42164 | Vaults:4 | 42164 ||| FLEEEEING.
 42165 | Vaults:4 | 42165 ||| FLEEEEING.
 42166 | Vaults:4 | 42166 ||| FLEEEEING.
 42167 | Vaults:4 | 42167 ||| FLEEEEING.
 42168 | Vaults:4 | 42168 ||| FLEEEEING.
 42169 | Vaults:4 | 42169 ||| FLEEEEING.
 42170 | Vaults:4 | 42170 ||| FLEEEEING.
 42171 | Vaults:4 | 42171 ||| FLEEEEING.
 42172 | Vaults:4 | 42172 ||| FLEEEEING.
 42173 | Vaults:4 | 42173 ||| FLEEEEING.
 42174 | Vaults:4 | 42174 ||| FLEEEEING.
 42175 | Vaults:4 | 42175 ||| FLEEEEING.
 42176 | Vaults:4 | 42176 ||| FLEEEEING.
 42177 | Vaults:4 | 42177 ||| FLEEEEING.
 42178 | Vaults:4 | 42178 ||| FLEEEEING.
 42179 | Vaults:4 | 42179 ||| FLEEEEING.
 42181 | Vaults:4 | 42181 ||| FLEEEEING.
 42182 | Vaults:4 | 42182 ||| FLEEEEING.
 42183 | Vaults:4 | 42183 ||| FLEEEEING.
 42184 | Vaults:4 | 42184 ||| FLEEEEING.
 42185 | Vaults:4 | 42185 ||| FLEEEEING.
 42187 | Vaults:4 | 42187 ||| FLEEEEING.
 42188 | Vaults:4 | 42188 ||| FLEEEEING.
 42189 | Vaults:4 | 42189 ||| FLEEEEING.
 42190 | Vaults:4 | 42190 ||| FLEEEEING.
 42191 | Vaults:4 | 42191 ||| FLEEEEING.
 42192 | Vaults:4 | 42192 ||| STAIRDANCE
 42218 | Vaults:3 | 42218 ||| Stepping ~*~*~tactically~*~*~ (hiding).
 42220 | Vaults:3 | 42220 ||| INVOKING Heroism.
 42301 | Vaults:3 | 42301 ||| FLEEEEING.
 42302 | Vaults:3 | 42302 ||| FLEEEEING.
 42303 | Vaults:3 | 42303 ||| FLEEEEING.
 42304 | Vaults:3 | 42304 ||| FLEEEEING.
 42305 | Vaults:3 | 42305 ||| FLEEEEING.
 42306 | Vaults:3 | 42306 ||| FLEEEEING.
 42307 | Vaults:3 | 42307 ||| FLEEEEING.
 42308 | Vaults:3 | 42308 ||| FLEEEEING.
 42309 | Vaults:3 | 42309 ||| FLEEEEING.
 42542 | Abyss:2  | Cast into level 2 of the Abyss (a wizard)
 42578 | Abyss:2  | 42578 ||| Stepping ~*~*~tactically~*~*~ (stealth).
 42580 | Abyss:2  | Found a corrupted altar of Lugonu.
 42630 | Abyss:2  | Found a corrupted altar of Lugonu.
 42638 | Abyss:2  | Found a corrupted altar of Lugonu.
 42662 | Abyss:2  | Found a corrupted altar of Lugonu.
 42673 | Abyss:2  | 42673 ||| Stepping ~*~*~tactically~*~*~ (stealth).
 42675 | Abyss:2  | 42675 ||| INVOKING Heroism.
 42705 | Abyss:2  | 42705 ||| Stepping ~*~*~tactically~*~*~ (stealth).
 42720 | Abyss:2  | 42720 ||| Stepping ~*~*~tactically~*~*~ (stealth).
 42723 | Abyss:2  | 42723 ||| Stepping ~*~*~tactically~*~*~ (hiding).
 42749 | Abyss:2  | Found a corrupted altar of Lugonu.
 42754 | Abyss:2  | Found a corrupted altar of Lugonu.
 42801 | Abyss:2  | 42801 ||| Stepping ~*~*~tactically~*~*~ (stealth).
 42885 | Abyss:2  | 42885 ||| Stepping ~*~*~tactically~*~*~ (stealth).
 42887 | Abyss:2  | 42887 ||| Stepping ~*~*~tactically~*~*~ (stealth).
 42893 | Abyss:2  | 42893 ||| Stepping ~*~*~tactically~*~*~ (stealth).
 42894 | Abyss:2  | 42894 ||| Stepping ~*~*~tactically~*~*~ (hiding).
 42903 | Abyss:2  | 42903 ||| Stepping ~*~*~tactically~*~*~ (stealth).
 42918 | Abyss:2  | 42918 ||| Stepping ~*~*~tactically~*~*~ (hiding).
 43007 | Abyss:2  | 43007 ||| Stepping ~*~*~tactically~*~*~ (stealth).
 43031 | Abyss:2  | 43031 ||| Stepping ~*~*~tactically~*~*~ (stealth).
 43045 | Abyss:2  | 43045 ||| Stepping ~*~*~tactically~*~*~ (hiding).
 43046 | Abyss:2  | 43046 ||| Stepping ~*~*~tactically~*~*~ (hiding).
 43047 | Abyss:2  | 43047 ||| Stepping ~*~*~tactically~*~*~ (hiding).
 43069 | Abyss:2  | 43069 ||| Stepping ~*~*~tactically~*~*~ (stealth).
 43070 | Abyss:2  | 43070 ||| Stepping ~*~*~tactically~*~*~ (stealth).
 43112 | Abyss:2  | 43112 ||| Stepping ~*~*~tactically~*~*~ (stealth).
 43115 | Abyss:2  | 43115 ||| Stepping ~*~*~tactically~*~*~ (stealth).
 43124 | Abyss:2  | 43124 ||| Stepping ~*~*~tactically~*~*~ (stealth).
 43126 | Abyss:2  | 43126 ||| Stepping ~*~*~tactically~*~*~ (hiding).
 43127 | Abyss:2  | 43127 ||| Stepping ~*~*~tactically~*~*~ (hiding).
 43129 | Abyss:2  | 43129 ||| Stepping ~*~*~tactically~*~*~ (hiding).
 43132 | Abyss:2  | 43132 ||| Stepping ~*~*~tactically~*~*~ (hiding).
 43143 | Abyss:2  | 43143 ||| Stepping ~*~*~tactically~*~*~ (hiding).
 43166 | Abyss:2  | Reached skill level 18 in Armour
 43174 | Abyss:2  | 43174 ||| Stepping ~*~*~tactically~*~*~ (stealth).
 43175 | Abyss:2  | 43175 ||| Stepping ~*~*~tactically~*~*~ (stealth).
 43176 | Abyss:2  | 43176 ||| Stepping ~*~*~tactically~*~*~ (stealth).
 43177 | Abyss:2  | 43177 ||| Stepping ~*~*~tactically~*~*~ (stealth).
 43201 | Abyss:2  | 43201 ||| Stepping ~*~*~tactically~*~*~ (stealth).
 43203 | Abyss:2  | Received a gift from Okawaru
 43210 | Abyss:2  | 43210 ||| Stepping ~*~*~tactically~*~*~ (stealth).
 43262 | Abyss:2  | 43262 ||| Stepping ~*~*~tactically~*~*~ (stealth).
 43266 | Abyss:2  | 43266 ||| Stepping ~*~*~tactically~*~*~ (stealth).
 43267 | Abyss:2  | 43267 ||| Stepping ~*~*~tactically~*~*~ (stealth).
 43272 | Abyss:2  | 43272 ||| Stepping ~*~*~tactically~*~*~ (hiding).
 43273 | Abyss:2  | 43273 ||| Stepping ~*~*~tactically~*~*~ (hiding).
 43274 | Abyss:2  | 43274 ||| Stepping ~*~*~tactically~*~*~ (hiding).
 43276 | Abyss:2  | 43276 ||| Stepping ~*~*~tactically~*~*~ (hiding).
 43277 | Abyss:2  | 43277 ||| Stepping ~*~*~tactically~*~*~ (hiding).
 43284 | Abyss:2  | 43284 ||| Stepping ~*~*~tactically~*~*~ (hiding).
 43286 | Vaults:4 | Escaped the Abyss
 43351 | Vaults:4 | 43351 ||| Stepping ~*~*~tactically~*~*~ (stealth).
 43385 | Vaults:4 | 43385 ||| Stepping ~*~*~tactically~*~*~ (hiding).
 43389 | Vaults:4 | Received a gift from Okawaru
 43506 | Vaults:4 | 43506 ||| PLANNING SPIDER:4
 43506 | Vaults:4 | 43506 ||| DROPPING amulet of guardian spirit.
 43507 | Vaults:4 | 43507 ||| UPGRADING to amulet of regeneration.
 43517 | Vaults:4 | 43517 ||| DROPPING amulet of the acrobat.
 43661 | Vaults:1 | 43661 ||| Stepping ~*~*~tactically~*~*~ (stealth).
 44034 | Spider:4 | Entered Level 4 of the Spider Nest
 44072 | Spider:4 | Noticed Donald
 44079 | Spider:4 | Received a gift from Okawaru
 44092 | Spider:4 | 44092 ||| INVOKING Heroism.
 44097 | Spider:4 | Killed Donald
 44230 | Spider:4 | 44230 ||| DROPPING +0 heavy war axe.
 44290 | Spider:4 | 44290 ||| INVOKING Heroism.
 44377 | Spider:4 | 44377 ||| Stepping ~*~*~tactically~*~*~ (stealth).
 44435 | Spider:4 | 44435 ||| Stepping ~*~*~tactically~*~*~ (hiding).
 44467 | Spider:4 | Reached XP level 22. HP: 150/150 MP: 20/29
 44939 | Spider:4 | Identified the orb of the Harp {*channel, Str+3}
 44956 | Spider:4 | Got a gossamer rune of Zot
 45044 | Spider:4 | 45044 ||| Stepping ~*~*~tactically~*~*~ (stealth).
 45045 | Spider:4 | 45045 ||| Stepping ~*~*~tactically~*~*~ (stealth).
 45049 | Spider:4 | 45049 ||| Stepping ~*~*~tactically~*~*~ (stealth).
 45141 | Spider:4 | 45141 ||| Stepping ~*~*~tactically~*~*~ (stealth).
 45142 | Spider:4 | 45142 ||| Stepping ~*~*~tactically~*~*~ (hiding).
 45157 | Spider:4 | Received a gift from Okawaru
 45197 | Spider:4 | 45197 ||| Stepping ~*~*~tactically~*~*~ (stealth).
 45219 | Spider:4 | Received a gift from Okawaru
 45420 | Spider:4 | Found a runed translucent gate.
 45420 | Spider:4 | Found a runed translucent gate.
 45420 | Spider:4 | Found a runed translucent gate.
 45423 | Spider:4 | Noticed qw's ghost (adept MiHu)
 45551 | Spider:4 | 45551 ||| PLANNING DEPTHS
 45551 | Spider:4 | 45551 ||| DROPPING +1 pair of gloves of dexterity.
 45552 | Spider:4 | 45552 ||| DROPPING scarf of invisibility.
 45553 | Spider:4 | 45553 ||| DROPPING +4 ring of protection.
 45883 | Depths:1 | Entered Level 1 of the Depths
 45884 | Depths:1 | 45884 ||| Stepping ~*~*~tactically~*~*~ (hiding).
 45886 | Depths:1 | Noticed Boris
 45887 | Depths:1 | 45887 ||| INVOKING Heroism.
 45888 | Depths:1 | 45888 ||| INVOKING Finesse.
 45898 | Depths:1 | Found a corrupted altar of Lugonu.
 45898 | Depths:1 | Found a one-way gate to the infinite horrors of the Abyss.
 45919 | Depths:1 | HP: 38/152 [frost giant/bolt of cold (12)]
 45920 | Depths:1 | 45920 ||| READING 11 scrolls of teleportation.
 45921 | Depths:1 | 45921 ||| DRINKING 10 potions of heal wounds.
 45927 | Depths:1 | HP: 36/152 [merfolk javelineer/silver javelin (3)]
 45928 | Depths:1 | 45928 ||| READING 10 scrolls of teleportation.
 45929 | Depths:1 | 45929 ||| DRINKING 9 potions of heal wounds.
 45930 | Depths:1 | 45930 ||| DRINKING 8 potions of heal wounds.
 45934 | Depths:1 | 45934 ||| INVOKING Finesse.
 45951 | Depths:1 | Received a gift from Okawaru
 45963 | Depths:1 | 45963 ||| INVOKING Heroism.
 45963 | Depths:1 | HP: 38/152 [merfolk impaler/+0 trident (3)]
 45964 | Depths:1 | 45964 ||| READING 9 scrolls of teleportation.
 45971 | Depths:1 | HP: 29/152 [red ugly thing (10)]
 45972 | Depths:1 | 45972 ||| DRINKING 7 potions of heal wounds.
 45997 | Depths:1 | Reached skill level 9 in Dodging
 46016 | Depths:1 | Received a gift from Okawaru
 46044 | Depths:1 | 46044 ||| INVOKING Heroism.
 46066 | Depths:1 | 46066 ||| Stepping ~*~*~tactically~*~*~ (hiding).
 46067 | Depths:1 | 46067 ||| Stepping ~*~*~tactically~*~*~ (hiding).
 46068 | Depths:1 | 46068 ||| Stepping ~*~*~tactically~*~*~ (hiding).
 46069 | Depths:1 | 46069 ||| Stepping ~*~*~tactically~*~*~ (hiding).
 46070 | Depths:1 | 46070 ||| INVOKING Finesse.
 46101 | Depths:1 | 46101 ||| INVOKING Heroism.
 46103 | Depths:1 | 46103 ||| Stepping ~*~*~tactically~*~*~ (hiding).
 46105 | Depths:1 | 46105 ||| Stepping ~*~*~tactically~*~*~ (hiding).
 46118 | Depths:1 | 46118 ||| INVOKING Finesse.
 46134 | Depths:1 | Killed Boris
 46171 | Depths:1 | 46171 ||| Stepping ~*~*~tactically~*~*~ (stealth).
 46422 | Depths:1 | Found a gateway to Hell.
 46451 | Depths:1 | 46451 ||| Stepping ~*~*~tactically~*~*~ (hiding).
 46454 | Depths:1 | Found a burning altar of Makhleb.
 46579 | Depths:1 | Found an ornate altar of the Wu Jian Council.
 46645 | Depths:2 | 46645 ||| INVOKING Finesse.
 46692 | Depths:2 | Found a one-way gateway to a ziggurat.
 46698 | Depths:2 | 46698 ||| DROPPING ring of fire.
 46698 | Depths:2 | Noticed Bai Suzhen
 46705 | Depths:2 | 46705 ||| INVOKING Heroism.
 46713 | Depths:2 | Reached skill level 21 in Shields
 46720 | Depths:2 | Killed Bai Suzhen
 46721 | Depths:2 | 46721 ||| Stepping ~*~*~tactically~*~*~ (cloud).
 46729 | Depths:2 | 46729 ||| INVOKING Finesse.
 46733 | Depths:2 | 46733 ||| INVOKING Heroism.
 46809 | Depths:2 | 46809 ||| Stepping ~*~*~tactically~*~*~ (stealth).
 46810 | Depths:2 | 46810 ||| Stepping ~*~*~tactically~*~*~ (stealth).
 46811 | Depths:2 | 46811 ||| Stepping ~*~*~tactically~*~*~ (stealth).
 46816 | Depths:2 | 46816 ||| Stepping ~*~*~tactically~*~*~ (hiding).
 46843 | Depths:2 | 46843 ||| INVOKING Heroism.
 46848 | Depths:2 | Noticed Asterion
 46867 | Depths:2 | Killed Asterion
 46871 | Depths:2 | Received a gift from Okawaru
 46906 | Depths:2 | 46906 ||| SWAPPING to +0 spectral broad axe.
 46947 | Depths:2 | 46947 ||| Stepping ~*~*~tactically~*~*~ (stealth).
 46949 | Depths:2 | 46949 ||| INVOKING Finesse.
 46990 | Depths:2 | You are sucked into a shaft and drop 2 floors!
 46990 | Depths:4 | Entered Level 4 of the Depths
 46991 | Depths:4 | 46991 ||| INVOKING Heroism.
 47060 | Depths:4 | 47060 ||| INVOKING Heroism.
 47093 | Depths:4 | Found a gate to the Realm of Zot.
 47093 | Depths:4 | Noticed a golden dragon
 47094 | Depths:4 | 47094 ||| Stepping ~*~*~tactically~*~*~ (stealth).
 47096 | Depths:4 | Noticed a golden dragon
 47099 | Depths:4 | 47099 ||| INVOKING Heroism.
 47106 | Depths:4 | Killed a golden dragon
 47117 | Depths:4 | Killed a golden dragon
 47162 | Depths:4 | 47162 ||| INVOKING Heroism.
 47171 | Depths:4 | Reached skill level 21 in Fighting
 47171 | Depths:4 | Reached XP level 23. HP: 160/160 MP: 28/30
 47271 | Depths:4 | 47271 ||| INVOKING Heroism.
 47319 | Depths:4 | 47319 ||| INVOKING Heroism.
 47369 | Depths:4 | 47369 ||| Stepping ~*~*~tactically~*~*~ (stealth).
 47370 | Depths:4 | 47370 ||| Stepping ~*~*~tactically~*~*~ (stealth).
 47374 | Depths:4 | 47374 ||| Stepping ~*~*~tactically~*~*~ (stealth).
 47377 | Depths:4 | 47377 ||| Stepping ~*~*~tactically~*~*~ (hiding).
 47441 | Depths:4 | Paralysed by a floating eye for 3 turns
 47464 | Depths:3 | 47464 ||| INVOKING Heroism.
 47470 | Depths:3 | Noticed Sojobo
 47490 | Depths:3 | HP: 32/160 [rock wall collision (13)]
 47491 | Depths:3 | 47491 ||| READING 8 scrolls of teleportation.
 47492 | Depths:3 | 47492 ||| DRINKING 6 potions of heal wounds.
 47500 | Depths:3 | HP: 40/160 [deep troll (6)]
 47501 | Depths:3 | 47501 ||| READING 7 scrolls of teleportation.
 47503 | Depths:3 | 47503 ||| DRINKING 5 potions of heal wounds.
 47505 | Depths:3 | 47505 ||| DRINKING 4 potions of heal wounds.
 47549 | Depths:3 | 47549 ||| INVOKING Heroism.
 47610 | Depths:3 | 47610 ||| INVOKING Heroism.
 47639 | Depths:3 | Received a gift from Okawaru
 47680 | Depths:3 | Noticed Xtahua
 47681 | Depths:3 | 47681 ||| DRINKING 8 potions of resistance.
 47681 | Depths:3 | Paralysed by Xtahua for 5 turns
 47686 | Depths:3 | 47686 ||| INVOKING Heroism.
 47694 | Depths:3 | Killed Xtahua
 47764 | Depths:3 | 47764 ||| FLEEEEING.
 47779 | Depths:3 | 47779 ||| INVOKING Heroism.
 47792 | Depths:3 | Received a gift from Okawaru
 47872 | Depths:2 | Found a one-way gate leading to the halls of Pandemonium.
 47881 | Depths:2 | Identified the +9 trident of Fate {flame, *Slow rPois rF+++
                  | rC+}
 47922 | Depths:2 | 47922 ||| INVOKING Heroism.
 47929 | Depths:2 | 47929 ||| Stepping ~*~*~tactically~*~*~ (stealth).
 47949 | Depths:2 | 47949 ||| READING scroll of enchant armour.
 47949 | Depths:2 | 47949 ||| ENCHANTING +0 pair of boots.
 48063 | Depths:2 | 48063 ||| INVOKING Heroism.
 48217 | Depths:2 | 48217 ||| READING scroll of enchant armour.
 48217 | Depths:2 | 48217 ||| ENCHANTING +1 pair of boots.
 48239 | Depths:2 | Received a gift from Okawaru
 48240 | Depths:2 | Reached skill level 12 in Throwing
 48366 | Depths:2 | Found a glowing golden altar of the Shining One.
 48389 | Depths:2 | 48389 ||| Stepping ~*~*~tactically~*~*~ (hiding).
 48524 | Depths:3 | Found a corrupted altar of Lugonu.
 48524 | Depths:3 | Found a transporter.
 48526 | Depths:3 | 48526 ||| Stepping ~*~*~tactically~*~*~ (stealth).
 48529 | Depths:3 | 48529 ||| Stepping ~*~*~tactically~*~*~ (hiding).
 48530 | Depths:3 | 48530 ||| Stepping ~*~*~tactically~*~*~ (hiding).
 48583 | Depths:3 | 48583 ||| INVOKING Heroism.
 48590 | Depths:3 | Paralysed by an air elemental for 1 turns
 48609 | Depths:3 | Noticed Louise
 48611 | Depths:3 | Killed Sojobo
 48626 | Depths:3 | Killed Louise
 48652 | Depths:3 | 48652 ||| INVOKING Heroism.
 48705 | Depths:3 | 48705 ||| READING scroll of enchant weapon.
 48705 | Depths:3 | 48705 ||| ENCHANTING +0 spectral broad axe.
 48712 | Depths:3 | 48712 ||| Stepping ~*~*~tactically~*~*~ (stealth).
 48718 | Depths:3 | 48718 ||| Stepping ~*~*~tactically~*~*~ (stealth).
 48720 | Depths:3 | 48720 ||| Stepping ~*~*~tactically~*~*~ (hiding).
 48723 | Depths:3 | 48723 ||| Stepping ~*~*~tactically~*~*~ (hiding).
 48771 | Depths:3 | Found a transporter.
 48881 | Depths:3 | Found a stormy altar of Qazlal.
 48975 | Depths:3 | 48975 ||| Stepping ~*~*~tactically~*~*~ (hiding).
 48976 | Depths:3 | 48976 ||| Stepping ~*~*~tactically~*~*~ (hiding).
 48982 | Depths:3 | Received a gift from Okawaru
 49153 | Depths:3 | 49153 ||| Stepping ~*~*~tactically~*~*~ (stealth).
 49324 | Depths:4 | 49324 ||| INVOKING Heroism.
 49374 | Depths:4 | 49374 ||| Stepping ~*~*~tactically~*~*~ (hiding).
 49502 | Depths:4 | 49502 ||| INVOKING Heroism.
 49537 | Depths:4 | Received a gift from Okawaru
 49738 | Depths:4 | Noticed Margery
 49739 | Depths:4 | 49739 ||| DRINKING 8 potions of resistance.
 49750 | Depths:4 | Killed Margery
 49829 | Depths:4 | Reached XP level 24. HP: 168/168 MP: 30/30
 49875 | Depths:4 | 49875 ||| PLANNING VAULTS:5
 50138 | Vaults:5 | Entered Level 5 of the Vaults
 50142 | Vaults:5 | 50142 ||| INVOKING Heroism.
 50150 | Vaults:5 | Received a gift from Okawaru
 50151 | Vaults:5 | 50151 ||| STAIRDANCE
 50307 | Vaults:5 | 50307 ||| READING scroll of enchant armour.
 50307 | Vaults:5 | 50307 ||| ENCHANTING +7 plate armour of positive energy.
 50317 | Vaults:5 | Identified the +5 battleaxe of the Blessed Realm {venom,
                  | Str+6}
 50339 | Vaults:5 | 50339 ||| INVOKING Heroism.
 50341 | Vaults:5 | 50341 ||| DRINKING 7 potions of resistance.
 50342 | Vaults:5 | 50342 ||| INVOKING Finesse.
 50370 | Abyss:2  | Cast into level 2 of the Abyss (a deep elf demonologist)
 50394 | Vaults:5 | Escaped the Abyss
 50402 | Vaults:5 | 50402 ||| INVOKING Heroism.
 50407 | Vaults:5 | 50407 ||| INVOKING Finesse.
 50415 | Vaults:5 | HP: 37/168 [quicksilver dragon/bolt of dispelling energy
                  | (40)]
 50416 | Vaults:5 | 50416 ||| READING 7 scrolls of teleportation.
 50416 | Vaults:5 | HP: 16/165 [yaktaur captain/bolt (3)]
 50417 | Vaults:5 | 50417 ||| DRINKING 3 potions of heal wounds.
 50418 | Vaults:5 | 50418 ||| DRINKING 2 potions of heal wounds.
 50421 | Vaults:5 | Received a gift from Okawaru
 50426 | Vaults:5 | 50426 ||| Stepping ~*~*~tactically~*~*~ (hiding).
 50468 | Vaults:5 | 50468 ||| Stepping ~*~*~tactically~*~*~ (hiding).
 50482 | Vaults:5 | Received a gift from Okawaru
 50498 | Vaults:5 | 50498 ||| INVOKING Heroism.
 50504 | Vaults:5 | 50504 ||| Stepping ~*~*~tactically~*~*~ (hiding).
 50512 | Vaults:5 | Reached skill level 21 in Armour
 50518 | Vaults:5 | 50518 ||| Stepping ~*~*~tactically~*~*~ (stealth).
 50577 | Vaults:5 | 50577 ||| Stepping ~*~*~tactically~*~*~ (hiding).
 50578 | Vaults:5 | 50578 ||| Stepping ~*~*~tactically~*~*~ (hiding).
 50630 | Vaults:5 | 50630 ||| Stepping ~*~*~tactically~*~*~ (stealth).
 50636 | Vaults:5 | 50636 ||| Stepping ~*~*~tactically~*~*~ (stealth).
 50637 | Vaults:5 | 50637 ||| Stepping ~*~*~tactically~*~*~ (stealth).
 50639 | Vaults:5 | 50639 ||| Stepping ~*~*~tactically~*~*~ (stealth).
 50739 | Vaults:5 | 50739 ||| Stepping ~*~*~tactically~*~*~ (stealth).
 50867 | Vaults:5 | Identified the +7 orcbow "Lonno" {antimagic, Will+}
 50875 | Vaults:5 | Identified the +6 battleaxe "Gargoyle's Peril" {flame,
                  | rPois rF- Str+4 Stlth+}
 50913 | Vaults:5 | 50913 ||| FLEEEEING.
 50914 | Vaults:5 | 50914 ||| FLEEEEING.
 50915 | Vaults:5 | 50915 ||| FLEEEEING.
 50916 | Vaults:5 | 50916 ||| FLEEEEING.
 50917 | Vaults:5 | 50917 ||| FLEEEEING.
 50922 | Vaults:5 | 50922 ||| FLEEEEING.
 50923 | Vaults:5 | 50923 ||| FLEEEEING.
 50924 | Vaults:5 | 50924 ||| FLEEEEING.
 50925 | Vaults:5 | 50925 ||| FLEEEEING.
 50926 | Vaults:5 | 50926 ||| FLEEEEING.
 50931 | Vaults:5 | 50931 ||| Stepping ~*~*~tactically~*~*~ (hiding).
 50932 | Vaults:5 | 50932 ||| INVOKING Heroism.
 50954 | Vaults:5 | 50954 ||| INVOKING Finesse.
 50965 | Vaults:5 | 50965 ||| INVOKING Heroism.
 50968 | Vaults:5 | 50968 ||| DRINKING 6 potions of resistance.
 50973 | Vaults:5 | Identified the +7 broad axe of the Spider Nest {pain, rElec
                  | Dex+3 Stlth+}
 50983 | Vaults:5 | Identified the +2 flail of the Crafting Whale {drain,
                  | Dex+3}
 51186 | Vaults:5 | 51186 ||| INVOKING Heroism.
 51201 | Vaults:5 | Received a gift from Okawaru
 51277 | Vaults:5 | 51277 ||| Stepping ~*~*~tactically~*~*~ (stealth).
 51279 | Vaults:5 | 51279 ||| Stepping ~*~*~tactically~*~*~ (hiding).
 51290 | Vaults:5 | Identified the +0 leather armour "Niveh" {rPois rN+++ MP-9
                  | Dex-5}
 51331 | Vaults:5 | 51331 ||| READING scroll of enchant armour.
 51331 | Vaults:5 | 51331 ||| ENCHANTING +8 plate armour of positive energy.
 51380 | Vaults:5 | 51380 ||| Stepping ~*~*~tactically~*~*~ (hiding).
 51381 | Vaults:5 | 51381 ||| Stepping ~*~*~tactically~*~*~ (hiding).
 51383 | Vaults:5 | 51383 ||| Stepping ~*~*~tactically~*~*~ (hiding).
 51385 | Vaults:5 | 51385 ||| INVOKING Heroism.
 51386 | Vaults:5 | 51386 ||| INVOKING Finesse.
 51621 | Vaults:5 | 51621 ||| Stepping ~*~*~tactically~*~*~ (hiding).
 51625 | Vaults:5 | 51625 ||| INVOKING Heroism.
 51895 | Vaults:5 | Identified the +3 flail of Fury {antimagic, rPois rF- rC+}
 51901 | Vaults:5 | Got a silver rune of Zot
 51970 | Vaults:5 | 51970 ||| PLANNING SHOPPING SPREE
 51970 | Vaults:5 | 51970 ||| PLANNING ZOT:1-4
 52044 | Vaults:3 | 52044 ||| Stepping ~*~*~tactically~*~*~ (stealth).
 52383 | Zot:1    | Entered Level 1 of the Realm of Zot
 52402 | Zot:1    | 52402 ||| INVOKING Heroism.
 52443 | Zot:1    | 52443 ||| INVOKING Heroism.
 52452 | Zot:1    | 52452 ||| FLEEEEING.
 52453 | Zot:1    | 52453 ||| FLEEEEING.
 52454 | Zot:1    | 52454 ||| FLEEEEING.
 52455 | Zot:1    | 52455 ||| FLEEEEING.
 52456 | Zot:1    | 52456 ||| FLEEEEING.
 52457 | Zot:1    | 52457 ||| FLEEEEING.
 52458 | Zot:1    | 52458 ||| FLEEEEING.
 52460 | Zot:1    | 52460 ||| STAIRDANCE
 52535 | Zot:1    | 52535 ||| Stepping ~*~*~tactically~*~*~ (hiding).
 52729 | Zot:1    | 52729 ||| Stepping ~*~*~tactically~*~*~ (cloud).
 52755 | Zot:1    | Found a transporter.
 52779 | Zot:1    | 52779 ||| Stepping ~*~*~tactically~*~*~ (hiding).
 52803 | Zot:1    | Noticed a curse toe
 52804 | Zot:1    | 52804 ||| INVOKING Heroism.
 52816 | Zot:1    | Killed a curse toe
 52816 | Zot:1    | Received a gift from Okawaru
 52817 | Zot:1    | Reached XP level 25. HP: 132/176 MP: 30/30
 52878 | Zot:1    | Found Boshir's Changing Room.
 52891 | Zot:1    | 52891 ||| BUYING 2 potions of lignification (114 gold).
 52891 | Zot:1    | Bought 2 potions of lignification for 114 gold pieces
 52891 | Zot:1    | 52891 ||| BUYING 2 potions of lignification (114 gold).
 52891 | Zot:1    | Bought 2 potions of lignification for 114 gold pieces
 52891 | Zot:1    | 52891 ||| BUYING potion of mutation (152 gold).
 52891 | Zot:1    | Bought a potion of mutation for 152 gold pieces
 52900 | Zot:1    | Noticed an orb of fire
 52901 | Zot:1    | 52901 ||| Stepping ~*~*~tactically~*~*~ (hiding).
 52902 | Zot:1    | 52902 ||| Stepping ~*~*~tactically~*~*~ (hiding).
 52903 | Zot:1    | 52903 ||| Stepping ~*~*~tactically~*~*~ (hiding).
 52904 | Zot:1    | 52904 ||| DRINKING 5 potions of resistance.
 52905 | Zot:1    | 52905 ||| INVOKING Heroism.
 52906 | Zot:1    | 52906 ||| INVOKING Finesse.
 52916 | Zot:1    | Killed an orb of fire
 53040 | Zot:1    | 53040 ||| Stepping ~*~*~tactically~*~*~ (stealth).
 53093 | Zot:1    | Found a transporter.
 53144 | Zot:1    | 53144 ||| INVOKING Heroism.
 53189 | Zot:1    | HP: 39/178 [fire dragon (8)]
 53190 | Zot:1    | 53190 ||| READING 11 scrolls of teleportation.
 53191 | Zot:1    | 53191 ||| DRINKING 2 potions of heal wounds.
 53192 | Zot:1    | 53192 ||| INVOKING Heroism.
 53194 | Zot:1    | Identified the scarf of the Bard {repulsion, Fly Will+}
                  | (Okawaru gifted it to you on level 1 of the Realm of Zot)
 53194 | Zot:1    | Received a gift from Okawaru
 53194 | Zot:1    | HP: 44/178 [shadow dragon (6)]
 53195 | Zot:1    | 53195 ||| DRINKING potion of heal wounds.
 53199 | Zot:1    | HP: 29/178 [fire dragon/blast of flame (17)]
 53201 | Zot:1    | HP: 14/176 [lindwurm (9)]
 53370 | Zot:1    | 53370 ||| Stepping ~*~*~tactically~*~*~ (hiding).
 53489 | Zot:1    | 53489 ||| Stepping ~*~*~tactically~*~*~ (stealth).
 53491 | Zot:1    | 53491 ||| Stepping ~*~*~tactically~*~*~ (hiding).
 53492 | Zot:1    | 53492 ||| Stepping ~*~*~tactically~*~*~ (hiding).
 53493 | Zot:1    | 53493 ||| Stepping ~*~*~tactically~*~*~ (hiding).
 53528 | Zot:1    | Reached skill level 24 in Fighting
 53528 | Zot:1    | Found the +4 dragonskin cloak
 53528 | Zot:1    | Noticed Tiamat
 53529 | Zot:1    | 53529 ||| INVOKING Heroism.
 53530 | Zot:1    | 53530 ||| INVOKING Finesse.
 53583 | Zot:1    | Killed Tiamat
 53644 | Zot:1    | 53644 ||| Stepping ~*~*~tactically~*~*~ (stealth).
 53652 | Zot:1    | 53652 ||| INVOKING Heroism.
 53654 | Zot:1    | 53654 ||| Stepping ~*~*~tactically~*~*~ (hiding).
 53663 | Zot:1    | 53663 ||| Stepping ~*~*~tactically~*~*~ (hiding).
 53727 | Zot:1    | Identified the +6 chain mail of Dramatic Exits {rCorr}
 53730 | Zot:1    | Identified the ring of Taibuv Jikin {rPois Dex+6}
 53757 | Zot:1    | Identified the +3 war axe "Arcanum" {freeze, *Noise rN++
                  | Dex+4}
 54096 | Zot:1    | 54096 ||| DROPPING scarf of the Bard {repulsion, Fly
                  | Will+}.
 54097 | Zot:1    | 54097 ||| DROPPING +0 acid dragon scales.
 54098 | Zot:1    | 54098 ||| DROPPING +0 cloak.
 54099 | Zot:1    | 54099 ||| DROPPING ring of ice.
 54100 | Zot:1    | 54100 ||| DROPPING ring of Taibuv Jikin {rPois Dex+6}.
 54199 | Zot:2    | Noticed a Killer Klown
 54200 | Zot:2    | 54200 ||| Stepping ~*~*~tactically~*~*~ (hiding).
 54206 | Zot:2    | 54206 ||| INVOKING Heroism.
 54246 | Zot:2    | Killed a Killer Klown
 54261 | Zot:2    | 54261 ||| INVOKING Heroism.
 54384 | Zot:2    | 54384 ||| INVOKING Heroism.
 54488 | Zot:2    | 54488 ||| Stepping ~*~*~tactically~*~*~ (hiding).
 54489 | Zot:2    | 54489 ||| Stepping ~*~*~tactically~*~*~ (hiding).
 54569 | Zot:2    | 54569 ||| Stepping ~*~*~tactically~*~*~ (hiding).
 54749 | Zot:2    | 54749 ||| UPGRADING to +2 tower shield.
 54759 | Zot:2    | 54759 ||| DROPPING +0 tower shield.
 54765 | Zot:2    | Paralysed by a Zot trap for 4 turns
 54870 | Zot:3    | 54870 ||| Stepping ~*~*~tactically~*~*~ (hiding).
 54871 | Zot:3    | 54871 ||| Stepping ~*~*~tactically~*~*~ (hiding).
 54872 | Zot:3    | 54872 ||| Stepping ~*~*~tactically~*~*~ (hiding).
 54874 | Zot:3    | 54874 ||| Stepping ~*~*~tactically~*~*~ (hiding).
 54875 | Zot:3    | 54875 ||| Stepping ~*~*~tactically~*~*~ (hiding).
 54892 | Zot:3    | 54892 ||| Stepping ~*~*~tactically~*~*~ (stealth).
 54896 | Zot:3    | 54896 ||| INVOKING Heroism.
 54910 | Zot:3    | Noticed an orb of fire
 54911 | Zot:3    | 54911 ||| DRINKING 4 potions of resistance.
 54925 | Zot:3    | Killed an orb of fire
 54945 | Zot:3    | 54945 ||| INVOKING Heroism.
 55142 | Zot:3    | 55142 ||| ZAPPING wand of digging (29).
 55143 | Zot:3    | 55143 ||| Stepping ~*~*~tactically~*~*~ (hiding).
 55145 | Zot:3    | 55145 ||| Stepping ~*~*~tactically~*~*~ (hiding).
 55155 | Zot:3    | 55155 ||| Stepping ~*~*~tactically~*~*~ (hiding).
 55171 | Zot:3    | 55171 ||| INVOKING Heroism.
 55182 | Zot:3    | HP: 45/181 [golden dragon (9)]
 55183 | Zot:3    | 55183 ||| DRINKING potion of heal wounds.
 55272 | Zot:3    | 55272 ||| FLEEEEING.
 55287 | Zot:3    | 55287 ||| ZAPPING wand of digging (28).
 55312 | Zot:3    | 55312 ||| ZAPPING wand of digging (27).
 55313 | Zot:3    | 55313 ||| ZAPPING wand of digging (26).
 55322 | Zot:3    | Received a gift from Okawaru
 55822 | Zot:3    | 55822 ||| DROPPING ring of willpower.
 55923 | Zot:4    | Reached XP level 26. HP: 135/188 MP: 30/30
 55940 | Zot:4    | 55940 ||| INVOKING Heroism.
 55946 | Zot:4    | Received a gift from Okawaru
 55963 | Zot:4    | 55963 ||| INVOKING Heroism.
 55967 | Zot:4    | 55967 ||| FLEEEEING.
 55968 | Zot:4    | 55968 ||| FLEEEEING.
 56149 | Zot:4    | Received a gift from Okawaru
 56360 | Zot:4    | 56360 ||| Stepping ~*~*~tactically~*~*~ (stealth).
 56370 | Zot:4    | Reached skill level 15 in Throwing
 56375 | Zot:4    | 56375 ||| Stepping ~*~*~tactically~*~*~ (stealth).
 56378 | Zot:4    | 56378 ||| Stepping ~*~*~tactically~*~*~ (stealth).
 56390 | Zot:4    | 56390 ||| INVOKING Heroism.
 56508 | Zot:4    | 56508 ||| INVOKING Heroism.
 56538 | Zot:4    | 56538 ||| Stepping ~*~*~tactically~*~*~ (hiding).
 56552 | Zot:4    | 56552 ||| Stepping ~*~*~tactically~*~*~ (hiding).
 56555 | Zot:4    | 56555 ||| Stepping ~*~*~tactically~*~*~ (hiding).
 56557 | Zot:4    | 56557 ||| INVOKING Heroism.
 56569 | Zot:4    | 56569 ||| Stepping ~*~*~tactically~*~*~ (hiding).
 56605 | Zot:4    | 56605 ||| Stepping ~*~*~tactically~*~*~ (stealth).
 56611 | Zot:4    | 56611 ||| INVOKING Heroism.
 57125 | Zot:4    | 57125 ||| PLANNING SLIME:5
 57125 | Zot:4    | 57125 ||| UPGRADING to +1 helmet "Ferrolorph" {Str+3}.
 57135 | Zot:4    | 57135 ||| UPGRADING to +4 dragonskin cloak.
 57145 | Zot:4    | 57145 ||| UPGRADING to +6 chain mail of Dramatic Exits
                  | {rCorr}.
 57582 | Slime:1  | Entered Level 1 of the Pits of Slime
 57646 | Slime:5  | Entered Level 5 of the Pits of Slime
 57736 | Slime:5  | Noticed the Royal Jelly
 57737 | Slime:5  | 57737 ||| INVOKING Heroism.
 57751 | Slime:5  | Killed the Royal Jelly
 57762 | Slime:5  | Reached skill level 12 in Dodging
 57856 | Slime:5  | Identified the +6 mace "Hydraslayer" {freeze, rC++}
 57893 | Slime:5  | Identified the +6 chain mail of Free Expression {rF- Str+4}
 57924 | Slime:5  | Got a slimy rune of Zot
 57939 | Slime:5  | Identified the ring "Kozxoass" {*Corrode +Blink rPois Str+6
                  | Dex+2}
 57943 | Slime:5  | Identified the +6 sling of the Lair of Beasts {elec, rF-
                  | Dex+7}
 58239 | Slime:5  | Received a gift from Okawaru
 58523 | Slime:5  | 58523 ||| PLANNING THE SHINING ONE WORSHIP
 58523 | Slime:5  | 58523 ||| UPGRADING to +0 gold dragon scales.
 58533 | Slime:5  | 58533 ||| UPGRADING to +9 plate armour of positive energy.
 58543 | Slime:5  | 58543 ||| UPGRADING to +2 helmet of see invisible.
 58553 | Slime:5  | 58553 ||| DROPPING +2 hat.
 58554 | Slime:5  | 58554 ||| DROPPING +2 fire dragon scales.
 58555 | Slime:5  | 58555 ||| DROPPING +6 chain mail of Dramatic Exits {rCorr}.
 58556 | Slime:5  | 58556 ||| READING scroll of enchant armour.
 58556 | Slime:5  | 58556 ||| ENCHANTING +9 plate armour of positive energy.
 58557 | Slime:5  | 58557 ||| DROPPING +10 plate armour of ponderousness.
 58558 | Slime:5  | 58558 ||| DROPPING amulet of magic regeneration.
 58559 | Slime:5  | 58559 ||| DROPPING ring "Kozxoass" {*Corrode +Blink rPois
                  | Str+6 Dex+2}.
 58778 | D:6      | Fell from the grace of Okawaru
 58778 | D:6      | Became a worshipper of the Shining One
 58778 | D:6      | 58778 ||| PLANNING CRYPT
 59145 | Crypt:1  | Entered Level 1 of the Crypt
 59163 | Crypt:1  | Reached * piety under the Shining One
 59167 | Crypt:1  | 59167 ||| Stepping ~*~*~tactically~*~*~ (hiding).
 59198 | Crypt:1  | Reached ** piety under the Shining One
 59200 | Crypt:1  | 59200 ||| FLEEEEING.
 59201 | Crypt:1  | 59201 ||| FLEEEEING.
 59202 | Crypt:1  | 59202 ||| FLEEEEING.
 59204 | Crypt:1  | 59204 ||| FLEEEEING.
 59333 | Crypt:1  | Reached *** piety under the Shining One
 59436 | Crypt:1  | 59436 ||| Stepping ~*~*~tactically~*~*~ (hiding).
 59703 | Crypt:1  | Identified the +3 ring mail of Snakes and Ladders {Str+2
                  | Int+3 Dex-4}
 59910 | Crypt:1  | 59910 ||| Stepping ~*~*~tactically~*~*~ (hiding).
 59911 | Crypt:1  | 59911 ||| Stepping ~*~*~tactically~*~*~ (hiding).
 59988 | Crypt:1  | 59988 ||| Stepping ~*~*~tactically~*~*~ (hiding).
 60104 | Crypt:1  | 60104 ||| Stepping ~*~*~tactically~*~*~ (hiding).
 60180 | Crypt:1  | You are sucked into a shaft and drop 1 floor!
 60188 | Crypt:2  | 60188 ||| Stepping ~*~*~tactically~*~*~ (stealth).
 60191 | Crypt:2  | 60191 ||| Stepping ~*~*~tactically~*~*~ (hiding).
 60192 | Crypt:2  | Reached **** piety under the Shining One
 60200 | Crypt:2  | 60200 ||| INVOKING Cleansing Flame.
 60202 | Crypt:2  | Reached skill level 12 in Invocations
 60202 | Crypt:2  | 60202 ||| INVOKING Cleansing Flame.
 60215 | Crypt:2  | 60215 ||| Stepping ~*~*~tactically~*~*~ (hiding).
 60221 | Crypt:2  | Reached ***** piety under the Shining One
 60231 | Crypt:2  | 60231 ||| Stepping ~*~*~tactically~*~*~ (hiding).
 60249 | Crypt:2  | 60249 ||| Stepping ~*~*~tactically~*~*~ (cloud).
 60270 | Crypt:2  | Found a runed translucent door.
 60276 | Crypt:2  | Noticed Zoalos's ghost (veteran GrEE)
 60306 | Crypt:2  | 60306 ||| UPGRADING to +1 helmet "Ferrolorph" {Str+3}.
 60342 | Crypt:2  | 60342 ||| DROPPING +2 helmet of see invisible.
 60346 | Crypt:2  | 60346 ||| Stepping ~*~*~tactically~*~*~ (stealth).
 60742 | Crypt:2  | Identified the +5 ring mail "Ollyleuq" {Str+2 SInv}
 60870 | Crypt:2  | Reached XP level 27. HP: 196/196 MP: 32/32
 61088 | Crypt:2  | 61088 ||| Stepping ~*~*~tactically~*~*~ (stealth).
 61191 | Crypt:2  | 61191 ||| Stepping ~*~*~tactically~*~*~ (hiding).
 61201 | Crypt:2  | Reached ****** piety under the Shining One
 61202 | Crypt:2  | 61202 ||| INVOKING Brand Weapon With Holy Wrath.
 61202 | Crypt:2  | Identified a +7 broad axe of holy wrath (a +5 broad axe of
                  | venom blessed by the Shining One)
 61202 | Crypt:2  | Received a gift from the Shining One
 61314 | Crypt:2  | Identified the +12 dagger of Myerch {heavy, +Blink rC+
                  | Str+3}
 61494 | Crypt:3  | Entered Level 3 of the Crypt
 61494 | Crypt:3  | Noticed Boris
 61495 | Crypt:3  | 61495 ||| INVOKING Summon Divine Warrior.
 61502 | Crypt:3  | Killed Boris
 61855 | Crypt:3  | 61855 ||| INVOKING Cleansing Flame.
 61890 | Crypt:3  | Identified the +2 war axe of Luetre {drain, rPois}
 61956 | Crypt:3  | 61956 ||| INVOKING Summon Divine Warrior.
 62088 | Crypt:3  | Reached skill level 15 in Invocations
 62092 | Crypt:3  | 62092 ||| DRINKING 23 potions of curing.
 62092 | Crypt:3  | 62092 ||| (to cure confusion)
 62128 | Crypt:3  | Identified the +0 ring mail "Juzasye" {rC+ Regen+ Dex+4}
 62552 | Crypt:3  | Noticed Vv
 62553 | Crypt:3  | 62553 ||| DRINKING 4 potions of resistance.
 62569 | Crypt:3  | Killed Vv
 62585 | Crypt:3  | Noticed an ancient lich
 62589 | Crypt:3  | 62589 ||| PLANNING CRYPT
 62589 | Crypt:3  | 62589 ||| INVOKING Cleansing Flame.
 62593 | Crypt:3  | Killed an ancient lich
 62697 | Crypt:3  | Upgraded the game from 0.31-a0-152-g6aa68a64a1 to
                  | 0.31-a0-154-g56bf346678
 62697 | Crypt:3  | 62697 ||| PLANNING CRYPT
 62698 | Crypt:3  | Upgraded the game from 0.31-a0-154-g56bf346678 to
                  | 0.31-a0-157-g0643eb4156
 62698 | Crypt:3  | 62698 ||| PLANNING CRYPT
 62700 | Crypt:3  | 62700 ||| PLANNING CRYPT
 62701 | Crypt:3  | 62701 ||| SWAPPING to +7 broad axe of holy wrath.
 62721 | Crypt:3  | 62721 ||| INVOKING Cleansing Flame.
 62814 | Crypt:3  | Found a staircase to the Tomb.
 62825 | Crypt:3  | 62825 ||| DRINKING 22 potions of curing.
 62825 | Crypt:3  | 62825 ||| (to cure confusion)
 62830 | Crypt:3  | 62830 ||| INVOKING Cleansing Flame.
 62831 | Crypt:3  | 62831 ||| INVOKING Cleansing Flame.
 62833 | Crypt:3  | Noticed an ancient lich
 62834 | Crypt:3  | 62834 ||| INVOKING Cleansing Flame.
 62840 | Crypt:3  | Killed an ancient lich
 62849 | Crypt:3  | Found the +8 autumn katana {manifold assault}
 62850 | Crypt:3  | 62850 ||| PLANNING CRYPT
 63193 | Crypt:3  | 63193 ||| PLANNING TOMB
 63193 | Crypt:3  | 63193 ||| DROPPING +4 ring of slaying {mikee}.
 63365 | Tomb:1   | Entered Level 1 of the Tomb of the Ancients
 63464 | Tomb:1   | 63464 ||| INVOKING Cleansing Flame.
 63466 | Tomb:1   | Paralysed by a sphinx for 2 turns
 63471 | Tomb:1   | Paralysed by a sphinx for 4 turns
 63475 | Tomb:1   | 63475 ||| INVOKING Summon Divine Warrior.
 63476 | Tomb:1   | 63476 ||| DRINKING 21 potions of curing.
 63476 | Tomb:1   | 63476 ||| (to cure confusion)
 63480 | Tomb:1   | Noticed a royal mummy
 63486 | Tomb:1   | HP: 48/196 [bennu (9)]
 63487 | Tomb:1   | 63487 ||| READING 14 scrolls of teleportation.
 63488 | Tomb:1   | 63488 ||| DRINKING 4 potions of heal wounds.
 63724 | Tomb:1   | 63724 ||| INVOKING Summon Divine Warrior.
 63732 | Tomb:1   | Killed a royal mummy
 63801 | Tomb:1   | 63801 ||| INVOKING Cleansing Flame.
 63819 | Tomb:1   | 63819 ||| FLEEEEING.
 63916 | Tomb:1   | 63916 ||| INVOKING Cleansing Flame.
 63918 | Tomb:1   | Reached skill level 18 in Invocations
 63920 | Tomb:1   | Noticed a royal mummy
 63923 | Tomb:1   | Noticed a royal mummy
 63925 | Tomb:1   | 63925 ||| INVOKING Cleansing Flame.
 63926 | Tomb:1   | 63926 ||| INVOKING Cleansing Flame.
 63927 | Tomb:1   | 63927 ||| INVOKING Summon Divine Warrior.
 63930 | Tomb:1   | Killed a royal mummy
 63934 | Tomb:1   | Killed a royal mummy
 64062 | Tomb:1   | 64062 ||| INVOKING Cleansing Flame.
 64063 | Tomb:1   | 64063 ||| INVOKING Cleansing Flame.
 64073 | Tomb:1   | 64073 ||| INVOKING Cleansing Flame.
 64167 | Tomb:1   | 64167 ||| INVOKING Cleansing Flame.
 64168 | Tomb:1   | 64168 ||| INVOKING Cleansing Flame.
 64360 | Tomb:1   | Gained mutation: You are occasionally teleported next to
                  | monsters. [mutagenic glow]
 64361 | Tomb:1   | 64361 ||| DRINKING 9 potions of mutation.
 64361 | Tomb:1   | Lost mutation: You have a somewhat thin skeletal structure.
                  | (Dex +2, Stealth+) [potion of mutation]
 64361 | Tomb:1   | Lost mutation: You are occasionally teleported next to
                  | monsters. [potion of mutation]
 64361 | Tomb:1   | Gained mutation: You expend magic power (3 MP) to
                  | strengthen your wands. [potion of mutation]
 64361 | Tomb:1   | Gained mutation: You have sharp fingernails. [potion of
                  | mutation]
 64361 | Tomb:1   | Gained mutation: Your natural rate of healing is unusually
                  | fast. [potion of mutation]
 64361 | Tomb:1   | Gained mutation: You have a pair of small antennae on your
                  | head. [potion of mutation]
 64374 | Tomb:1   | Gained mutation: You occasionally lose the ability to read
                  | scrolls when taking damage. [mutagenic glow]
 64375 | Tomb:1   | 64375 ||| DRINKING 8 potions of mutation.
 64375 | Tomb:1   | Lost mutation: You have a pair of small antennae on your
                  | head. [potion of mutation]
 64375 | Tomb:1   | Lost mutation: You expend magic power (3 MP) to strengthen
                  | your wands. [potion of mutation]
 64375 | Tomb:1   | Gained mutation: Your flesh is cold resistant. (rC+)
                  | [potion of mutation]
 64375 | Tomb:1   | Gained mutation: You have sharp toenails. [potion of
                  | mutation]
 64375 | Tomb:1   | Gained mutation: Your mind is acute. (Int +4, Str/Dex -1)
                  | [potion of mutation]
 64376 | Tomb:1   | 64376 ||| DRINKING 7 potions of mutation.
 64376 | Tomb:1   | Lost mutation: Your flesh is cold resistant. (rC+) [potion
                  | of mutation]
 64376 | Tomb:1   | Lost mutation: You occasionally lose the ability to read
                  | scrolls when taking damage. [potion of mutation]
 64376 | Tomb:1   | Gained mutation: Your spells are a little harder to cast,
                  | but a little more powerful. [potion of mutation]
 64376 | Tomb:1   | Gained mutation: You are somewhat resistant to further
                  | mutation. [potion of mutation]
 64393 | Tomb:1   | Gained mutation: You are occasionally teleported next to
                  | monsters. [mutagenic glow]
 64394 | Tomb:1   | 64394 ||| DRINKING 6 potions of mutation.
 64394 | Tomb:1   | Lost mutation: You are somewhat resistant to further
                  | mutation. [potion of mutation]
 64394 | Tomb:1   | Lost mutation: Your spells are a little harder to cast, but
                  | a little more powerful. [potion of mutation]
 64394 | Tomb:1   | Gained mutation: You are frail. (-10% HP) [potion of
                  | mutation]
 64394 | Tomb:1   | Gained mutation: Your magical capacity is low. (-10% MP)
                  | [potion of mutation]
 64395 | Tomb:1   | 64395 ||| DRINKING 5 potions of mutation.
 64395 | Tomb:1   | Lost mutation: You are occasionally teleported next to
                  | monsters. [potion of mutation]
 64395 | Tomb:1   | Lost mutation: Your magical capacity is low. (-10% MP)
                  | [potion of mutation]
 64395 | Tomb:1   | Lost mutation: You are frail. (-10% HP) [potion of
                  | mutation]
 64395 | Tomb:1   | Gained mutation: You expend magic power (3 MP) to
                  | strengthen your wands. [potion of mutation]
 64411 | Tomb:1   | 64411 ||| UPGRADING to +1 helmet "Ferrolorph" {Str+3}.
 64486 | Tomb:2   | 64486 ||| DRINKING 10 potions of haste.
 64487 | Tomb:2   | 64487 ||| DRINKING 13 potions of attraction.
 64488 | Tomb:2   | Noticed a royal mummy
 64489 | Tomb:2   | 64489 ||| INVOKING Summon Divine Warrior.
 64490 | Tomb:2   | 64490 ||| INVOKING Cleansing Flame.
 64490 | Tomb:2   | Noticed a royal mummy
 64490 | Tomb:2   | Noticed a royal mummy
 64490 | Tomb:2   | Noticed a royal mummy
 64499 | Tomb:2   | 64499 ||| INVOKING Cleansing Flame.
 64499 | Tomb:2   | Killed a royal mummy
 64502 | Tomb:2   | Killed a royal mummy
 64503 | Tomb:2   | Killed a royal mummy
 64505 | Tomb:2   | Killed a royal mummy
 64522 | Tomb:2   | 64522 ||| INVOKING Cleansing Flame.
 64916 | Tomb:1   | Noticed a royal mummy
 64916 | Tomb:1   | Noticed a royal mummy
 64917 | Tomb:1   | 64917 ||| INVOKING Summon Divine Warrior.
 64917 | Tomb:1   | Identified the +7 tower shield of Fautoc {rC++ Regen+}
 64917 | Tomb:1   | Noticed a royal mummy
 64920 | Tomb:1   | Noticed a royal mummy
 64921 | Tomb:1   | 64921 ||| INVOKING Cleansing Flame.
 64921 | Tomb:1   | Noticed a royal mummy
 64922 | Tomb:1   | 64922 ||| INVOKING Cleansing Flame.
 64923 | Tomb:1   | 64923 ||| INVOKING Cleansing Flame.
 64924 | Tomb:1   | 64924 ||| INVOKING Cleansing Flame.
 64924 | Tomb:1   | Killed a royal mummy
 64936 | Tomb:1   | 64936 ||| INVOKING Cleansing Flame.
 64937 | Tomb:1   | 64937 ||| INVOKING Cleansing Flame.
 64938 | Tomb:1   | 64938 ||| INVOKING Cleansing Flame.
 64938 | Tomb:1   | Noticed a royal mummy
 64939 | Tomb:1   | 64939 ||| INVOKING Cleansing Flame.
 64940 | Tomb:1   | 64940 ||| DRINKING 2 potions of magic.
 64941 | Tomb:1   | 64941 ||| INVOKING Cleansing Flame.
 64942 | Tomb:1   | 64942 ||| INVOKING Cleansing Flame.
 64943 | Tomb:1   | 64943 ||| INVOKING Cleansing Flame.
 64943 | Tomb:1   | Killed a royal mummy
 64943 | Tomb:1   | HP: 45/196 [something (19)]
 64944 | Tomb:1   | 64944 ||| READING 14 scrolls of teleportation.
 64945 | Tomb:1   | 64945 ||| DRINKING 4 potions of heal wounds.
 64946 | Tomb:1   | 64946 ||| DRINKING 3 potions of heal wounds.
 64947 | Tomb:1   | Noticed a royal mummy
 65087 | Tomb:1   | 65087 ||| INVOKING Cleansing Flame.
 65088 | Tomb:1   | 65088 ||| INVOKING Cleansing Flame.
 65089 | Tomb:1   | 65089 ||| INVOKING Cleansing Flame.
 65261 | Tomb:1   | 65261 ||| INVOKING Summon Divine Warrior.
 65267 | Tomb:1   | Killed a royal mummy
 65268 | Tomb:1   | Noticed a royal mummy
 65270 | Tomb:1   | Noticed a royal mummy
 65276 | Tomb:1   | 65276 ||| INVOKING Summon Divine Warrior.
 65279 | Tomb:1   | 65279 ||| INVOKING Cleansing Flame.
 65280 | Tomb:1   | 65280 ||| INVOKING Cleansing Flame.
 65281 | Tomb:1   | 65281 ||| INVOKING Cleansing Flame.
 65282 | Tomb:1   | 65282 ||| INVOKING Cleansing Flame.
 65282 | Tomb:1   | Killed a royal mummy
 65284 | Tomb:1   | 65284 ||| INVOKING Cleansing Flame.
 65285 | Tomb:1   | 65285 ||| INVOKING Cleansing Flame.
 65286 | Tomb:1   | 65286 ||| INVOKING Cleansing Flame.
 65286 | Tomb:1   | Killed a royal mummy
 65287 | Tomb:1   | 65287 ||| DRINKING potion of magic.
 65288 | Tomb:1   | 65288 ||| INVOKING Cleansing Flame.
 65289 | Tomb:1   | 65289 ||| INVOKING Cleansing Flame.
 65290 | Tomb:1   | 65290 ||| INVOKING Cleansing Flame.
 65291 | Tomb:1   | 65291 ||| INVOKING Cleansing Flame.
 65291 | Tomb:1   | Killed a royal mummy
 65293 | Tomb:1   | 65293 ||| INVOKING Cleansing Flame.
 65298 | Tomb:1   | HP: 47/196 [??? (9)]
 65299 | Tomb:1   | 65299 ||| READING 13 scrolls of teleportation.
 65300 | Tomb:1   | 65300 ||| DRINKING 2 potions of heal wounds.
 65301 | Tomb:1   | Killed a royal mummy
 65303 | Tomb:1   | Noticed a royal mummy
 65309 | Tomb:1   | Killed a royal mummy
 65312 | Tomb:1   | 65312 ||| INVOKING Cleansing Flame.
 65312 | Tomb:1   | Killed a royal mummy
 65314 | Tomb:1   | Reached skill level 21 in Invocations
 65314 | Tomb:1   | Killed a royal mummy
 65461 | Tomb:1   | Noticed a royal mummy
 65463 | Tomb:1   | Noticed a royal mummy
 65466 | Tomb:1   | 65466 ||| INVOKING Cleansing Flame.
 65467 | Tomb:1   | 65467 ||| INVOKING Cleansing Flame.
 65468 | Tomb:1   | 65468 ||| INVOKING Cleansing Flame.
 65469 | Tomb:1   | Killed a royal mummy
 65474 | Tomb:1   | Killed a royal mummy
 65592 | Tomb:1   | Noticed a royal mummy
 65593 | Tomb:1   | 65593 ||| Stepping ~*~*~tactically~*~*~ (stealth).
 65593 | Tomb:1   | Noticed a royal mummy
 65594 | Tomb:1   | 65594 ||| Stepping ~*~*~tactically~*~*~ (hiding).
 65595 | Tomb:1   | 65595 ||| INVOKING Summon Divine Warrior.
 65596 | Tomb:1   | 65596 ||| INVOKING Cleansing Flame.
 65597 | Tomb:1   | 65597 ||| INVOKING Cleansing Flame.
 65597 | Tomb:1   | Noticed a royal mummy
 65599 | Tomb:1   | Killed a royal mummy
 65601 | Tomb:1   | 65601 ||| INVOKING Cleansing Flame.
 65602 | Tomb:1   | 65602 ||| INVOKING Cleansing Flame.
 65603 | Tomb:1   | 65603 ||| INVOKING Cleansing Flame.
 65604 | Tomb:1   | 65604 ||| INVOKING Cleansing Flame.
 65610 | Tomb:1   | Killed a royal mummy
 65615 | Tomb:1   | 65615 ||| INVOKING Cleansing Flame.
 65618 | Tomb:1   | 65618 ||| INVOKING Cleansing Flame.
 65618 | Tomb:1   | Killed a royal mummy
 65889 | Tomb:1   | Was forgiven by Okawaru
 66074 | Tomb:2   | Gained mutation: Your magical capacity is low. (-10% MP)
                  | [mutagenic glow]
 66078 | Tomb:2   | 66078 ||| INVOKING Cleansing Flame.
 66079 | Tomb:2   | 66079 ||| INVOKING Cleansing Flame.
 66080 | Tomb:2   | 66080 ||| INVOKING Cleansing Flame.
 66085 | Tomb:2   | 66085 ||| INVOKING Cleansing Flame.
 66086 | Tomb:2   | 66086 ||| INVOKING Cleansing Flame.
 66095 | Tomb:2   | 66095 ||| INVOKING Cleansing Flame.
 66095 | Tomb:2   | Gained mutation: You occasionally shout uncontrollably at
                  | your foes. [mutagenic glow]
 66229 | Tomb:2   | 66229 ||| READING scroll of acquirement.
 66229 | Tomb:2   | 66229 ||| ACQUIRING +2 hat "Cuexuinu" {rPois rC+ Str+2}
 66229 | Tomb:2   | Acquired the +2 hat "Cuexuinu" {rPois rC+ Str+2}
 66281 | Tomb:2   | 66281 ||| UPGRADING to +2 hat "Cuexuinu" {rPois rC+ Str+2}.
 66334 | Tomb:3   | Entered Level 3 of the Tomb of the Ancients
 66335 | Tomb:3   | 66335 ||| DRINKING 9 potions of haste.
 66336 | Tomb:3   | 66336 ||| DRINKING 12 potions of attraction.
 66343 | Tomb:3   | 66343 ||| INVOKING Cleansing Flame.
 66346 | Tomb:3   | 66346 ||| INVOKING Cleansing Flame.
 66347 | Tomb:3   | Noticed Boris
 66347 | Tomb:3   | 66347 ||| INVOKING Summon Divine Warrior.
 66349 | Tomb:3   | 66349 ||| INVOKING Cleansing Flame.
 66350 | Tomb:3   | 66350 ||| INVOKING Cleansing Flame.
 66352 | Tomb:3   | Killed Boris
 66375 | Tomb:3   | 66375 ||| INVOKING Cleansing Flame.
 66376 | Tomb:3   | 66376 ||| INVOKING Cleansing Flame.
 66380 | Tomb:3   | Noticed a royal mummy
 66381 | Tomb:3   | 66381 ||| INVOKING Cleansing Flame.
 66382 | Tomb:3   | 66382 ||| INVOKING Summon Divine Warrior.
 66383 | Tomb:3   | 66383 ||| INVOKING Cleansing Flame.
 66383 | Tomb:3   | Noticed a royal mummy
 66384 | Tomb:3   | 66384 ||| INVOKING Cleansing Flame.
 66385 | Tomb:3   | 66385 ||| INVOKING Cleansing Flame.
 66385 | Tomb:3   | Killed a royal mummy
 66386 | Tomb:3   | 66386 ||| INVOKING Cleansing Flame.
 66387 | Tomb:3   | 66387 ||| INVOKING Cleansing Flame.
 66387 | Tomb:3   | Killed a royal mummy
 66388 | Tomb:3   | 66388 ||| INVOKING Cleansing Flame.
 66392 | Tomb:3   | Reached skill level 24 in Invocations
 66446 | Tomb:3   | Noticed a royal mummy
 66451 | Tomb:3   | Killed a royal mummy
 66486 | Tomb:3   | Noticed a royal mummy
 66490 | Tomb:3   | 66490 ||| INVOKING Cleansing Flame.
 66490 | Tomb:3   | Killed a royal mummy
 66492 | Tomb:3   | Noticed a royal mummy
 66494 | Tomb:3   | Noticed a royal mummy
 66495 | Tomb:3   | Noticed a royal mummy
 66496 | Tomb:3   | 66496 ||| INVOKING Cleansing Flame.
 66497 | Tomb:3   | 66497 ||| INVOKING Cleansing Flame.
 66497 | Tomb:3   | Killed a royal mummy
 66500 | Tomb:3   | 66500 ||| INVOKING Cleansing Flame.
 66501 | Tomb:3   | 66501 ||| INVOKING Cleansing Flame.
 66501 | Tomb:3   | Noticed a royal mummy
 66502 | Tomb:3   | 66502 ||| INVOKING Cleansing Flame.
 66502 | Tomb:3   | Killed a royal mummy
 66502 | Tomb:3   | Noticed a royal mummy
 66504 | Tomb:3   | 66504 ||| INVOKING Cleansing Flame.
 66505 | Tomb:3   | 66505 ||| INVOKING Cleansing Flame.
 66505 | Tomb:3   | Killed a royal mummy
 66507 | Tomb:3   | Killed a royal mummy
 66509 | Tomb:3   | 66509 ||| INVOKING Cleansing Flame.
 66519 | Tomb:3   | Killed a royal mummy
 66668 | Tomb:3   | Identified the +6 long sword of Parts Unknown {drain,
                  | Int+2}
 66671 | Tomb:3   | Identified the ring of Cheibriados's Delight {EV+5 Int+6
                  | Dex-2}
 66689 | Tomb:3   | Identified the +7 battleaxe of Zosseac {freeze, rElec}
 66720 | Tomb:3   | Identified the ring "Haddoimp" {rC+ Str+2}
 66724 | Tomb:3   | Identified the +1 glaive of Ru, Nurturing {flame, Drain
                  | rPois rF+}
 66749 | Tomb:3   | Got a golden rune of Zot
 66905 | Tomb:3   | Identified the +2 robe "Fuvix" {rElec Str-4 Int+2}
 66928 | Tomb:3   | Identified the +1 leather armour of Mezcal {SInv}
 67003 | Tomb:3   | 67003 ||| PLANNING ABYSS
 67003 | Tomb:3   | 67003 ||| DROPPING ring of protection from cold.
 67004 | Tomb:3   | 67004 ||| UPGRADING to ring of Cheibriados's Delight {EV+5
                  | Int+6 Dex-2}.
 67006 | Tomb:3   | 67006 ||| DROPPING ring of magical power.
 67007 | Tomb:3   | 67007 ||| DROPPING ring "Uneazusi" {Str+6 Int+5}.
 67008 | Tomb:3   | 67008 ||| DROPPING 17 potions of lignification.
 67009 | Tomb:3   | 67009 ||| DROPPING 11 potions of attraction.
 67666 | Depths:1 | Voluntarily entered the Abyss.
 67735 | Abyss:2  | 67735 ||| Stepping ~*~*~tactically~*~*~ (stealth).
 67736 | Abyss:2  | 67736 ||| Stepping ~*~*~tactically~*~*~ (stealth).
 67737 | Abyss:2  | 67737 ||| Stepping ~*~*~tactically~*~*~ (stealth).
 67741 | Abyss:2  | 67741 ||| Stepping ~*~*~tactically~*~*~ (stealth).
 67758 | Abyss:2  | 67758 ||| Stepping ~*~*~tactically~*~*~ (stealth).
 67760 | Abyss:2  | 67760 ||| Stepping ~*~*~tactically~*~*~ (stealth).
 67761 | Abyss:2  | 67761 ||| Stepping ~*~*~tactically~*~*~ (stealth).
 67762 | Abyss:2  | 67762 ||| Stepping ~*~*~tactically~*~*~ (stealth).
 67788 | Abyss:2  | 67788 ||| Stepping ~*~*~tactically~*~*~ (stealth).
 67851 | Abyss:2  | 67851 ||| Stepping ~*~*~tactically~*~*~ (stealth).
 67852 | Abyss:2  | 67852 ||| Stepping ~*~*~tactically~*~*~ (stealth).
 67909 | Abyss:2  | 67909 ||| Stepping ~*~*~tactically~*~*~ (stealth).
 67920 | Abyss:2  | 67920 ||| Stepping ~*~*~tactically~*~*~ (hiding).
 67921 | Abyss:2  | 67921 ||| Stepping ~*~*~tactically~*~*~ (hiding).
 67974 | Abyss:2  | 67974 ||| DRINKING 5 potions of resistance.
 67987 | Abyss:2  | 67987 ||| Stepping ~*~*~tactically~*~*~ (hiding).
 68018 | Abyss:2  | 68018 ||| Stepping ~*~*~tactically~*~*~ (hiding).
 68019 | Abyss:2  | 68019 ||| Stepping ~*~*~tactically~*~*~ (hiding).
 68020 | Abyss:2  | 68020 ||| Stepping ~*~*~tactically~*~*~ (hiding).
 68076 | Abyss:2  | 68076 ||| Stepping ~*~*~tactically~*~*~ (stealth).
 68095 | Abyss:2  | 68095 ||| Stepping ~*~*~tactically~*~*~ (hiding).
 68096 | Abyss:2  | 68096 ||| Stepping ~*~*~tactically~*~*~ (hiding).
 68105 | Abyss:2  | 68105 ||| Stepping ~*~*~tactically~*~*~ (hiding).
 68125 | Abyss:2  | 68125 ||| Stepping ~*~*~tactically~*~*~ (stealth).
 68131 | Abyss:2  | 68131 ||| Stepping ~*~*~tactically~*~*~ (hiding).
 68147 | Abyss:2  | 68147 ||| Stepping ~*~*~tactically~*~*~ (hiding).
 68149 | Abyss:2  | 68149 ||| Stepping ~*~*~tactically~*~*~ (hiding).
 68164 | Abyss:2  | 68164 ||| Stepping ~*~*~tactically~*~*~ (stealth).
 68167 | Abyss:2  | 68167 ||| Stepping ~*~*~tactically~*~*~ (hiding).
 68168 | Abyss:2  | 68168 ||| Stepping ~*~*~tactically~*~*~ (stealth).
 68181 | Abyss:2  | 68181 ||| Stepping ~*~*~tactically~*~*~ (hiding).
 68182 | Abyss:2  | 68182 ||| Stepping ~*~*~tactically~*~*~ (hiding).
 68254 | Abyss:2  | 68254 ||| Stepping ~*~*~tactically~*~*~ (stealth).
 68255 | Abyss:2  | 68255 ||| Stepping ~*~*~tactically~*~*~ (stealth).
 68256 | Abyss:2  | 68256 ||| Stepping ~*~*~tactically~*~*~ (stealth).
 68259 | Abyss:2  | 68259 ||| Stepping ~*~*~tactically~*~*~ (stealth).
 68263 | Abyss:2  | 68263 ||| Stepping ~*~*~tactically~*~*~ (stealth).
 68264 | Abyss:2  | 68264 ||| Stepping ~*~*~tactically~*~*~ (stealth).
 68323 | Abyss:2  | 68323 ||| Stepping ~*~*~tactically~*~*~ (stealth).
 68325 | Abyss:2  | 68325 ||| Stepping ~*~*~tactically~*~*~ (stealth).
 68326 | Abyss:2  | 68326 ||| Stepping ~*~*~tactically~*~*~ (stealth).
 68356 | Abyss:2  | 68356 ||| Stepping ~*~*~tactically~*~*~ (stealth).
 68374 | Abyss:2  | 68374 ||| Stepping ~*~*~tactically~*~*~ (hiding).
 68378 | Abyss:2  | 68378 ||| Stepping ~*~*~tactically~*~*~ (stealth).
 68379 | Abyss:2  | 68379 ||| Stepping ~*~*~tactically~*~*~ (stealth).
 68387 | Abyss:2  | Gained mutation: You are vulnerable to heat. (rF-) [a
                  | neqoxec]
 68413 | Abyss:2  | 68413 ||| DRINKING 4 potions of mutation.
 68413 | Abyss:2  | Lost mutation: Your natural rate of healing is unusually
                  | fast. [potion of mutation]
 68413 | Abyss:2  | Lost mutation: You are vulnerable to heat. (rF-) [potion of
                  | mutation]
 68413 | Abyss:2  | Gained mutation: Your flesh is heat resistant. (rF+)
                  | [potion of mutation]
 68413 | Abyss:2  | Gained mutation: You are strong-willed. (Will+) [potion of
                  | mutation]
 68413 | Abyss:2  | Gained mutation: You are agile. (Dex +4, Str/Int -1)
                  | [potion of mutation]
 68414 | Abyss:2  | 68414 ||| Stepping ~*~*~tactically~*~*~ (stealth).
 68473 | Abyss:2  | 68473 ||| Stepping ~*~*~tactically~*~*~ (stealth).
 68475 | Abyss:2  | 68475 ||| Stepping ~*~*~tactically~*~*~ (hiding).
 68484 | Abyss:2  | Paralysed by accursed screaming for 1 turns
 68506 | Abyss:2  | 68506 ||| Stepping ~*~*~tactically~*~*~ (stealth).
 68507 | Abyss:2  | 68507 ||| Stepping ~*~*~tactically~*~*~ (hiding).
 68534 | Abyss:2  | 68534 ||| Stepping ~*~*~tactically~*~*~ (hiding).
 68535 | Abyss:2  | 68535 ||| Stepping ~*~*~tactically~*~*~ (stealth).
 68548 | Abyss:2  | 68548 ||| Stepping ~*~*~tactically~*~*~ (hiding).
 68554 | Abyss:2  | 68554 ||| INVOKING Summon Divine Warrior.
 68554 | Abyss:2  | Identified the +8 tower shield of Perpetual Drought {rC+
                  | rN+ Regen+ Int-4}
 68627 | Abyss:2  | 68627 ||| Stepping ~*~*~tactically~*~*~ (stealth).
 68631 | Abyss:2  | 68631 ||| Stepping ~*~*~tactically~*~*~ (hiding).
 68845 | Abyss:2  | Paralysed by you for 5 turns
 69222 | Abyss:2  | Reached skill level 1 in Short Blades
 69489 | Abyss:2  | 69489 ||| Stepping ~*~*~tactically~*~*~ (stealth).
 69603 | Abyss:2  | 69603 ||| Stepping ~*~*~tactically~*~*~ (cloud).
 69613 | Abyss:2  | Reached skill level 3 in Short Blades
 69614 | Abyss:2  | Paralysed by you for 3 turns
 69655 | Abyss:2  | 69655 ||| Stepping ~*~*~tactically~*~*~ (stealth).
 69891 | Abyss:2  | Found a shimmering blue altar of Sif Muna.
 69899 | Abyss:2  | 69899 ||| INVOKING Cleansing Flame.
 69900 | Abyss:2  | 69900 ||| INVOKING Cleansing Flame.
 69900 | Abyss:2  | Identified the amulet of Hetuwk {RegenMP Str+3}
 69909 | Abyss:2  | Reached skill level 27 in Invocations
 70134 | Abyss:2  | Lost mutation: You are agile. (Dex +4, Str/Int -1) [a
                  | neqoxec]
 70141 | Abyss:2  | Gained mutation: You are partially covered in iridescent
                  | scales. (AC +2) [a neqoxec]
 70297 | Abyss:2  | Found a corrupted altar of Lugonu.
 70436 | Abyss:2  | Found a corrupted altar of Lugonu.
 70448 | Abyss:2  | Lost mutation: Your mind is acute. (Int +4, Str/Dex -1) [a
                  | neqoxec]
 70543 | Abyss:2  | Found a corrupted altar of Lugonu.
 70720 | Abyss:2  | 70720 ||| Stepping ~*~*~tactically~*~*~ (stealth).
 70724 | Abyss:2  | 70724 ||| Stepping ~*~*~tactically~*~*~ (stealth).
 70728 | Abyss:2  | 70728 ||| Stepping ~*~*~tactically~*~*~ (stealth).
 70730 | Abyss:2  | 70730 ||| Stepping ~*~*~tactically~*~*~ (stealth).
 70731 | Abyss:2  | 70731 ||| Stepping ~*~*~tactically~*~*~ (stealth).
 70757 | Abyss:2  | 70757 ||| Stepping ~*~*~tactically~*~*~ (stealth).
 70759 | Abyss:2  | 70759 ||| Stepping ~*~*~tactically~*~*~ (hiding).
 70761 | Abyss:2  | 70761 ||| DRINKING 4 potions of resistance.
 70781 | Abyss:2  | 70781 ||| Stepping ~*~*~tactically~*~*~ (hiding).
 70847 | Abyss:2  | 70847 ||| Stepping ~*~*~tactically~*~*~ (stealth).
 70897 | Abyss:2  | 70897 ||| Stepping ~*~*~tactically~*~*~ (hiding).
 70901 | Abyss:2  | 70901 ||| Stepping ~*~*~tactically~*~*~ (hiding).
 70902 | Abyss:2  | 70902 ||| Stepping ~*~*~tactically~*~*~ (hiding).
 70903 | Abyss:2  | 70903 ||| Stepping ~*~*~tactically~*~*~ (hiding).
 70959 | Abyss:3  | 70959 ||| Stepping ~*~*~tactically~*~*~ (stealth).
 70992 | Abyss:3  | 70992 ||| Stepping ~*~*~tactically~*~*~ (stealth).
 70994 | Abyss:3  | 70994 ||| Stepping ~*~*~tactically~*~*~ (stealth).
 70995 | Abyss:3  | 70995 ||| Stepping ~*~*~tactically~*~*~ (stealth).
 71037 | Abyss:3  | 71037 ||| Stepping ~*~*~tactically~*~*~ (hiding).
 71049 | Abyss:3  | 71049 ||| Stepping ~*~*~tactically~*~*~ (hiding).
 71050 | Abyss:3  | 71050 ||| Stepping ~*~*~tactically~*~*~ (hiding).
 71051 | Abyss:3  | 71051 ||| Stepping ~*~*~tactically~*~*~ (hiding).
 71084 | Abyss:3  | 71084 ||| Stepping ~*~*~tactically~*~*~ (stealth).
 71143 | Abyss:3  | 71143 ||| Stepping ~*~*~tactically~*~*~ (stealth).
 71163 | Abyss:3  | 71163 ||| Stepping ~*~*~tactically~*~*~ (stealth).
 71166 | Abyss:3  | 71166 ||| Stepping ~*~*~tactically~*~*~ (stealth).
 71168 | Abyss:3  | 71168 ||| Stepping ~*~*~tactically~*~*~ (stealth).
 71205 | Abyss:3  | 71205 ||| Stepping ~*~*~tactically~*~*~ (stealth).
 71212 | Abyss:3  | Found a transporter.
 71215 | Abyss:3  | 71215 ||| Stepping ~*~*~tactically~*~*~ (stealth).
 71218 | Abyss:3  | 71218 ||| Stepping ~*~*~tactically~*~*~ (stealth).
 71222 | Abyss:3  | 71222 ||| Stepping ~*~*~tactically~*~*~ (stealth).
 71223 | Abyss:3  | 71223 ||| Stepping ~*~*~tactically~*~*~ (stealth).
 71237 | Abyss:3  | Gained mutation: You are frail. (-10% HP) [a neqoxec]
 71243 | Abyss:3  | Gained mutation: You are occasionally teleported next to
                  | monsters. [a neqoxec]
 71249 | Abyss:3  | 71249 ||| Stepping ~*~*~tactically~*~*~ (stealth).
 71252 | Abyss:3  | 71252 ||| DRINKING 3 potions of mutation.
 71252 | Abyss:3  | Lost mutation: You expend magic power (3 MP) to strengthen
                  | your wands. [potion of mutation]
 71252 | Abyss:3  | Lost mutation: You have sharp toenails. [potion of
                  | mutation]
 71252 | Abyss:3  | Lost mutation: You are frail. (-10% HP) [potion of
                  | mutation]
 71269 | Abyss:3  | 71269 ||| DRINKING 2 potions of mutation.
 71269 | Abyss:3  | Lost mutation: You are partially covered in iridescent
                  | scales. (AC +2) [potion of mutation]
 71269 | Abyss:3  | Lost mutation: You have sharp fingernails. [potion of
                  | mutation]
 71270 | Abyss:3  | 71270 ||| DRINKING potion of mutation.
 71270 | Abyss:3  | Lost mutation: Your magical capacity is low. (-10% MP)
                  | [potion of mutation]
 71270 | Abyss:3  | Lost mutation: Your flesh is heat resistant. (rF+) [potion
                  | of mutation]
 71270 | Abyss:3  | Gained mutation: Your mind is acute. (Int +4, Str/Dex -1)
                  | [potion of mutation]
 71270 | Abyss:3  | Gained mutation: You are robust. (+10% HP) [potion of
                  | mutation]
 71270 | Abyss:3  | Gained mutation: You passively dampen the noise of your
                  | surroundings. [potion of mutation]
 71279 | Abyss:3  | 71279 ||| Stepping ~*~*~tactically~*~*~ (stealth).
 71290 | Abyss:3  | 71290 ||| Stepping ~*~*~tactically~*~*~ (stealth).
 71292 | Abyss:3  | Found a transporter.
 71299 | Abyss:3  | 71299 ||| Stepping ~*~*~tactically~*~*~ (stealth).
 71325 | Abyss:3  | Found a corrupted altar of Lugonu.
 71337 | Abyss:3  | 71337 ||| Stepping ~*~*~tactically~*~*~ (stealth).
 71350 | Abyss:3  | 71350 ||| Stepping ~*~*~tactically~*~*~ (stealth).
 71352 | Abyss:3  | 71352 ||| Stepping ~*~*~tactically~*~*~ (stealth).
 71354 | Abyss:3  | 71354 ||| Stepping ~*~*~tactically~*~*~ (stealth).
 71466 | Abyss:3  | 71466 ||| Stepping ~*~*~tactically~*~*~ (stealth).
 71482 | Abyss:3  | 71482 ||| Stepping ~*~*~tactically~*~*~ (hiding).
 71596 | Abyss:3  | 71596 ||| Stepping ~*~*~tactically~*~*~ (stealth).
 71597 | Abyss:3  | 71597 ||| Stepping ~*~*~tactically~*~*~ (stealth).
 71601 | Abyss:3  | 71601 ||| Stepping ~*~*~tactically~*~*~ (hiding).
 71612 | Abyss:3  | 71612 ||| Stepping ~*~*~tactically~*~*~ (stealth).
 71613 | Abyss:3  | 71613 ||| Stepping ~*~*~tactically~*~*~ (stealth).
 71635 | Abyss:3  | 71635 ||| Stepping ~*~*~tactically~*~*~ (stealth).
 71719 | Abyss:3  | 71719 ||| Stepping ~*~*~tactically~*~*~ (stealth).
 71725 | Abyss:3  | 71725 ||| Stepping ~*~*~tactically~*~*~ (stealth).
 71726 | Abyss:3  | 71726 ||| Stepping ~*~*~tactically~*~*~ (stealth).
 71727 | Abyss:3  | 71727 ||| Stepping ~*~*~tactically~*~*~ (stealth).
 71736 | Abyss:3  | 71736 ||| Stepping ~*~*~tactically~*~*~ (stealth).
 71770 | Abyss:3  | 71770 ||| Stepping ~*~*~tactically~*~*~ (stealth).
 71775 | Abyss:3  | 71775 ||| Stepping ~*~*~tactically~*~*~ (stealth).
 71837 | Abyss:3  | 71837 ||| Stepping ~*~*~tactically~*~*~ (hiding).
 71843 | Abyss:3  | 71843 ||| Stepping ~*~*~tactically~*~*~ (hiding).
 71848 | Abyss:3  | Reached skill level 24 in Armour
 71874 | Abyss:3  | 71874 ||| Stepping ~*~*~tactically~*~*~ (stealth).
 71936 | Abyss:3  | 71936 ||| Stepping ~*~*~tactically~*~*~ (hiding).
 71942 | Abyss:3  | 71942 ||| Stepping ~*~*~tactically~*~*~ (hiding).
 71998 | Abyss:3  | 71998 ||| Stepping ~*~*~tactically~*~*~ (stealth).
 71999 | Abyss:3  | 71999 ||| Stepping ~*~*~tactically~*~*~ (stealth).
 72000 | Abyss:3  | 72000 ||| Stepping ~*~*~tactically~*~*~ (stealth).
 72001 | Abyss:3  | 72001 ||| Stepping ~*~*~tactically~*~*~ (stealth).
 72007 | Abyss:3  | 72007 ||| Stepping ~*~*~tactically~*~*~ (hiding).
 72010 | Abyss:3  | Noticed an ancient lich
 72011 | Abyss:3  | 72011 ||| INVOKING Summon Divine Warrior.
 72017 | Abyss:3  | 72017 ||| INVOKING Cleansing Flame.
 72018 | Abyss:3  | 72018 ||| INVOKING Cleansing Flame.
 72018 | Abyss:3  | Killed an ancient lich
 72034 | Abyss:3  | 72034 ||| INVOKING Cleansing Flame.
 72148 | Abyss:3  | 72148 ||| Stepping ~*~*~tactically~*~*~ (stealth).
 72150 | Abyss:3  | 72150 ||| Stepping ~*~*~tactically~*~*~ (stealth).
 72158 | Abyss:3  | 72158 ||| Stepping ~*~*~tactically~*~*~ (stealth).
 72177 | Abyss:3  | 72177 ||| FLEEEEING.
 72178 | Abyss:3  | 72178 ||| FLEEEEING.
 72192 | Abyss:3  | 72192 ||| FLEEEEING.
 72197 | Abyss:3  | 72197 ||| Stepping ~*~*~tactically~*~*~ (stealth).
 72199 | Abyss:3  | 72199 ||| Stepping ~*~*~tactically~*~*~ (hiding).
 72201 | Abyss:3  | 72201 ||| Stepping ~*~*~tactically~*~*~ (hiding).
 72203 | Abyss:3  | 72203 ||| Stepping ~*~*~tactically~*~*~ (hiding).
 72209 | Abyss:3  | 72209 ||| Stepping ~*~*~tactically~*~*~ (hiding).
 72216 | Abyss:3  | 72216 ||| Stepping ~*~*~tactically~*~*~ (hiding).
 72218 | Abyss:3  | 72218 ||| Stepping ~*~*~tactically~*~*~ (hiding).
 72238 | Abyss:3  | 72238 ||| Stepping ~*~*~tactically~*~*~ (stealth).
 72267 | Abyss:3  | Got an abyssal rune of Zot
 72306 | Abyss:3  | 72306 ||| Stepping ~*~*~tactically~*~*~ (stealth).
 72312 | Abyss:3  | 72312 ||| Stepping ~*~*~tactically~*~*~ (hiding).
 72319 | Abyss:3  | 72319 ||| Stepping ~*~*~tactically~*~*~ (hiding).
 72327 | Abyss:3  | 72327 ||| INVOKING Summon Divine Warrior.
 72332 | Abyss:3  | 72332 ||| INVOKING Cleansing Flame.
 72334 | Abyss:3  | 72334 ||| INVOKING Cleansing Flame.
 72335 | Abyss:3  | 72335 ||| INVOKING Cleansing Flame.
 72384 | Depths:1 | Escaped the Abyss
 72385 | Depths:1 | 72385 ||| PLANNING PAN
 72423 | Depths:2 | 72423 ||| Stepping ~*~*~tactically~*~*~ (stealth).
 72445 | Pan      | Entered Pandemonium
 72454 | Pan      | 72454 ||| Stepping ~*~*~tactically~*~*~ (stealth).
 72456 | Pan      | 72456 ||| Stepping ~*~*~tactically~*~*~ (hiding).
 72458 | Pan      | 72458 ||| Stepping ~*~*~tactically~*~*~ (hiding).
 72471 | Pan      | Gained mutation: Your muscles are strong. (Str +4, Int/Dex
                  | -1) [a cacodemon]
 72491 | Pan      | 72491 ||| Stepping ~*~*~tactically~*~*~ (hiding).
 72542 | Pan      | 72542 ||| Stepping ~*~*~tactically~*~*~ (stealth).
 72551 | Pan      | 72551 ||| Stepping ~*~*~tactically~*~*~ (stealth).
 72573 | Pan      | 72573 ||| Stepping ~*~*~tactically~*~*~ (stealth).
 72652 | Pan      | Gained mutation: You are agile. (Dex +4, Str/Int -1) [a
                  | cacodemon]
 72654 | Pan      | Noticed Odwot the pandemonium lord
 72655 | Pan      | 72655 ||| INVOKING Summon Divine Warrior.
 72667 | Pan      | 72667 ||| INVOKING Cleansing Flame.
 72678 | Pan      | Killed Odwot the pandemonium lord
 72717 | Pan      | Identified the +4 plate armour "Xudux" {rC+}
 72933 | Pan      | Identified the +0 ring mail "Jesoant" {Harm rC+}
 73065 | Pan      | Reached skill level 6 in Short Blades
 73107 | Pan      | 73107 ||| INVOKING Cleansing Flame.
 73218 | Pan      | 73218 ||| INVOKING Cleansing Flame.
 73311 | Pan      | Noticed Nieshrip the pandemonium lord
 73311 | Pan      | 73311 ||| INVOKING Summon Divine Warrior.
 73317 | Pan      | 73317 ||| INVOKING Cleansing Flame.
 73318 | Pan      | 73318 ||| INVOKING Cleansing Flame.
 73318 | Pan      | Killed Nieshrip the pandemonium lord
 73327 | Pan      | Reached skill level 27 in Fighting
 73465 | Pan      | 73465 ||| Stepping ~*~*~tactically~*~*~ (stealth).
 73469 | Pan      | 73469 ||| Stepping ~*~*~tactically~*~*~ (stealth).
 73489 | Pan      | 73489 ||| DRINKING 3 potions of resistance.
 73490 | Pan      | 73490 ||| INVOKING Summon Divine Warrior.
 73738 | Pan      | 73738 ||| INVOKING Cleansing Flame.
 73941 | Pan      | 73941 ||| Stepping ~*~*~tactically~*~*~ (stealth).
 74020 | Pan      | 74020 ||| Stepping ~*~*~tactically~*~*~ (stealth).
 74038 | Pan      | 74038 ||| Stepping ~*~*~tactically~*~*~ (hiding).
 74039 | Pan      | 74039 ||| Stepping ~*~*~tactically~*~*~ (hiding).
 74093 | Pan      | 74093 ||| Stepping ~*~*~tactically~*~*~ (stealth).
 74096 | Pan      | 74096 ||| Stepping ~*~*~tactically~*~*~ (stealth).
 74097 | Pan      | 74097 ||| Stepping ~*~*~tactically~*~*~ (stealth).
 74099 | Pan      | 74099 ||| Stepping ~*~*~tactically~*~*~ (hiding).
 74126 | Pan      | 74126 ||| Stepping ~*~*~tactically~*~*~ (stealth).
 74130 | Pan      | Noticed Upninutus the pandemonium lord
 74131 | Pan      | 74131 ||| INVOKING Summon Divine Warrior.
 74138 | Pan      | 74138 ||| INVOKING Cleansing Flame.
 74143 | Pan      | 74143 ||| INVOKING Cleansing Flame.
 74143 | Pan      | Killed Upninutus the pandemonium lord
 74145 | Pan      | 74145 ||| INVOKING Summon Divine Warrior.
 74146 | Pan      | HP: 52/218 [hellion/damnation (21)]
 74147 | Pan      | 74147 ||| READING 15 scrolls of teleportation.
 74148 | Pan      | 74148 ||| DRINKING potion of heal wounds.
 74151 | Pan      | 74151 ||| INVOKING Cleansing Flame.
 74152 | Pan      | 74152 ||| INVOKING Cleansing Flame.
 74756 | Pan      | Entered the realm of Mnoleg.
 74761 | Pan      | Gained mutation: Your spells are a little easier to cast,
                  | but a little less powerful. [a cacodemon]
 74864 | Pan      | 74864 ||| Stepping ~*~*~tactically~*~*~ (stealth).
 74965 | Pan      | Gained mutation: Your magical capacity is low. (-10% MP) [a
                  | neqoxec]
 75026 | Pan      | 75026 ||| Stepping ~*~*~tactically~*~*~ (stealth).
 75126 | Pan      | 75126 ||| Stepping ~*~*~tactically~*~*~ (hiding).
 75227 | Pan      | 75227 ||| Stepping ~*~*~tactically~*~*~ (hiding).
 75231 | Pan      | Gained mutation: You sometimes lose your temper in combat.
                  | [a neqoxec]
 75254 | Pan      | 75254 ||| Stepping ~*~*~tactically~*~*~ (hiding).
 75380 | Pan      | Noticed Mnoleg
 75382 | Pan      | 75382 ||| INVOKING Summon Divine Warrior.
 75386 | Pan      | 75386 ||| INVOKING Cleansing Flame.
 75387 | Pan      | 75387 ||| INVOKING Cleansing Flame.
 75388 | Pan      | 75388 ||| INVOKING Cleansing Flame.
 75389 | Pan      | 75389 ||| INVOKING Cleansing Flame.
 75392 | Pan      | Killed Mnoleg
 75441 | Pan      | Got a glowing rune of Zot
 75470 | Pan      | 75470 ||| Stepping ~*~*~tactically~*~*~ (hiding).
 75558 | Pan      | Lost mutation: You occasionally shout uncontrollably at
                  | your foes. [a neqoxec]
 75559 | Pan      | 75559 ||| Stepping ~*~*~tactically~*~*~ (hiding).
 75638 | Pan      | 75638 ||| Stepping ~*~*~tactically~*~*~ (stealth).
 75639 | Pan      | 75639 ||| Stepping ~*~*~tactically~*~*~ (stealth).
 75641 | Pan      | 75641 ||| Stepping ~*~*~tactically~*~*~ (hiding).
 75728 | Pan      | 75728 ||| Stepping ~*~*~tactically~*~*~ (stealth).
 75744 | Pan      | 75744 ||| Stepping ~*~*~tactically~*~*~ (hiding).
 75942 | Pan      | 75942 ||| Stepping ~*~*~tactically~*~*~ (hiding).
 76154 | Pan      | 76154 ||| Stepping ~*~*~tactically~*~*~ (stealth).
 76173 | Pan      | 76173 ||| Stepping ~*~*~tactically~*~*~ (hiding).
 76177 | Pan      | Gained mutation: You occasionally lose the ability to read
                  | scrolls when taking damage. [a cacodemon]
 76248 | Pan      | 76248 ||| Stepping ~*~*~tactically~*~*~ (stealth).
 76249 | Pan      | 76249 ||| Stepping ~*~*~tactically~*~*~ (stealth).
 76250 | Pan      | 76250 ||| Stepping ~*~*~tactically~*~*~ (stealth).
 76251 | Pan      | 76251 ||| Stepping ~*~*~tactically~*~*~ (stealth).
 76279 | Pan      | 76279 ||| Stepping ~*~*~tactically~*~*~ (stealth).
 76300 | Pan      | 76300 ||| Stepping ~*~*~tactically~*~*~ (stealth).
 76303 | Pan      | 76303 ||| Stepping ~*~*~tactically~*~*~ (hiding).
 76474 | Pan      | 76474 ||| Stepping ~*~*~tactically~*~*~ (stealth).
 76506 | Pan      | Gained mutation: Armour fits poorly on your strangely
                  | shaped body. [a cacodemon]
 76567 | Pan      | 76567 ||| INVOKING Cleansing Flame.
 76610 | Pan      | 76610 ||| Stepping ~*~*~tactically~*~*~ (stealth).
 76751 | Pan      | Identified the +1 robe of Mental Paralysis {Drain rF++}
 76839 | Pan      | Noticed Ignacio
 76851 | Pan      | 76851 ||| INVOKING Summon Divine Warrior.
 76853 | Pan      | Killed Ignacio
 77100 | Pan      | 77100 ||| Stepping ~*~*~tactically~*~*~ (stealth).
 77101 | Pan      | 77101 ||| Stepping ~*~*~tactically~*~*~ (stealth).
 77116 | Pan      | 77116 ||| INVOKING Cleansing Flame.
 77116 | Pan      | Noticed Milon the pandemonium lord
 77127 | Pan      | Killed Milon the pandemonium lord
 77130 | Pan      | Reached skill level 27 in Armour
 77682 | Pan      | 77682 ||| Stepping ~*~*~tactically~*~*~ (stealth).
 77685 | Pan      | 77685 ||| INVOKING Cleansing Flame.
 77686 | Pan      | 77686 ||| INVOKING Summon Divine Warrior.
 77690 | Pan      | 77690 ||| INVOKING Summon Divine Warrior.
 77691 | Pan      | 77691 ||| INVOKING Cleansing Flame.
 77789 | Pan      | 77789 ||| INVOKING Cleansing Flame.
 77795 | Pan      | Reached skill level 24 in Shields
 77815 | Pan      | Noticed Cyliv the pandemonium lord
 77816 | Pan      | 77816 ||| INVOKING Summon Divine Warrior.
 77825 | Pan      | 77825 ||| INVOKING Cleansing Flame.
 77839 | Pan      | Killed Cyliv the pandemonium lord
 77880 | Pan      | 77880 ||| INVOKING Cleansing Flame.
 77881 | Pan      | 77881 ||| INVOKING Cleansing Flame.
 77882 | Pan      | 77882 ||| INVOKING Cleansing Flame.
 77953 | Pan      | Found an exit through the horrors of the Abyss.
 78105 | Pan      | Identified the +0 dire flail of the Imperium {freeze, rF+
                  | Will- Dex+5}
 78355 | Pan      | 78355 ||| INVOKING Cleansing Flame.
 78412 | Pan      | 78412 ||| INVOKING Summon Divine Warrior.
 78415 | Pan      | 78415 ||| INVOKING Cleansing Flame.
 78416 | Pan      | 78416 ||| INVOKING Cleansing Flame.
 78769 | Pan      | 78769 ||| Stepping ~*~*~tactically~*~*~ (stealth).
 78773 | Pan      | 78773 ||| Stepping ~*~*~tactically~*~*~ (stealth).
 78774 | Pan      | 78774 ||| Stepping ~*~*~tactically~*~*~ (stealth).
 78775 | Pan      | 78775 ||| Stepping ~*~*~tactically~*~*~ (stealth).
 78781 | Pan      | 78781 ||| Stepping ~*~*~tactically~*~*~ (stealth).
 78789 | Pan      | 78789 ||| Stepping ~*~*~tactically~*~*~ (stealth).
 78792 | Pan      | 78792 ||| Stepping ~*~*~tactically~*~*~ (stealth).
 78804 | Pan      | 78804 ||| INVOKING Summon Divine Warrior.
 78912 | Pan      | Found an exit through the horrors of the Abyss.
 78953 | Pan      | 78953 ||| Stepping ~*~*~tactically~*~*~ (stealth).
 78963 | Pan      | 78963 ||| DRINKING 2 potions of resistance.
 78964 | Pan      | 78964 ||| INVOKING Summon Divine Warrior.
 78967 | Pan      | 78967 ||| INVOKING Cleansing Flame.
 79009 | Pan      | Noticed Tecvugus the pandemonium lord
 79023 | Pan      | Killed Tecvugus the pandemonium lord
 79026 | Pan      | 79026 ||| INVOKING Cleansing Flame.
 79455 | Pan      | Entered the realm of Cerebov.
 79455 | Pan      | Found the +6 sword of Cerebov {flame}
 79455 | Pan      | Noticed Cerebov
 79456 | Pan      | 79456 ||| DRINKING 12 potions of haste.
 79457 | Pan      | 79457 ||| DRINKING potion of resistance.
 79458 | Pan      | 79458 ||| INVOKING Summon Divine Warrior.
 79459 | Pan      | 79459 ||| DRINKING 14 potions of might.
 79478 | Pan      | Killed Cerebov
 79480 | Pan      | Identified the +7 war axe of Moral Flaws {heavy, Fly Str+4
                  | Dex-2}
 79480 | Pan      | Identified the ring of Kauraggo {Fire Will+ rCorr}
 79582 | Pan      | 79582 ||| Stepping ~*~*~tactically~*~*~ (hiding).
 79585 | Pan      | 79585 ||| Stepping ~*~*~tactically~*~*~ (hiding).
 79650 | Pan      | 79650 ||| Stepping ~*~*~tactically~*~*~ (hiding).
 79801 | Pan      | 79801 ||| Stepping ~*~*~tactically~*~*~ (hiding).
 79806 | Pan      | 79806 ||| Stepping ~*~*~tactically~*~*~ (hiding).
 79971 | Pan      | 79971 ||| Stepping ~*~*~tactically~*~*~ (stealth).
 79973 | Pan      | 79973 ||| INVOKING Summon Divine Warrior.
 79983 | Pan      | 79983 ||| INVOKING Cleansing Flame.
 79984 | Pan      | 79984 ||| INVOKING Cleansing Flame.
 80092 | Pan      | 80092 ||| DROPPING +3 broad axe of freezing.
 80098 | Pan      | Identified the +0 chain mail of Omission {rC++ Will+ Str+3
                  | Int-2}
 80242 | Pan      | Found an exit through the horrors of the Abyss.
 80271 | Pan      | 80271 ||| Stepping ~*~*~tactically~*~*~ (stealth).
 80319 | Pan      | 80319 ||| Stepping ~*~*~tactically~*~*~ (stealth).
 80320 | Pan      | 80320 ||| Stepping ~*~*~tactically~*~*~ (stealth).
 80322 | Pan      | 80322 ||| Stepping ~*~*~tactically~*~*~ (hiding).
 80323 | Pan      | 80323 ||| Stepping ~*~*~tactically~*~*~ (hiding).
 80439 | Pan      | Identified the +5 great sword "Giosid" {flame, rF+ rC+++
                  | Str-4 Int+3}
 80501 | Pan      | Identified the +1 mace of the Several Hosts {venom, rF+
                  | Int+3}
 80599 | Pan      | 80599 ||| Stepping ~*~*~tactically~*~*~ (stealth).
 80602 | Pan      | 80602 ||| Stepping ~*~*~tactically~*~*~ (stealth).
 80603 | Pan      | 80603 ||| Stepping ~*~*~tactically~*~*~ (stealth).
 80613 | Pan      | 80613 ||| INVOKING Cleansing Flame.
 80614 | Pan      | 80614 ||| INVOKING Summon Divine Warrior.
 80759 | Pan      | 80759 ||| INVOKING Cleansing Flame.
 80782 | Pan      | Got a fiery rune of Zot
 80830 | Pan      | Identified the amulet of Puebull {Faith Regen+ Slay+2 SInv}
 80984 | Pan      | 80984 ||| Stepping ~*~*~tactically~*~*~ (stealth).
 80986 | Pan      | 80986 ||| Stepping ~*~*~tactically~*~*~ (hiding).
 81338 | Pan      | Identified the ring of Eternity {rElec Int+6 Dex+2}
 81416 | Pan      | Identified the +1 plate armour of the Onion {Rampage}
 81420 | Pan      | 81420 ||| UPGRADING to amulet of Puebull {Faith Regen+
                  | Slay+2 SInv}.
 81430 | Pan      | 81430 ||| DROPPING amulet of regeneration.
 81431 | Pan      | 81431 ||| DROPPING +6 ring of strength.
 81509 | Pan      | Found an exit through the horrors of the Abyss.
 81574 | Pan      | Lost mutation: You are robust. (+10% HP) [a cacodemon]
 81575 | Pan      | Gained mutation: You occasionally shout uncontrollably at
                  | your foes. [a cacodemon]
 81596 | Pan      | 81596 ||| Stepping ~*~*~tactically~*~*~ (hiding).
 81601 | Pan      | 81601 ||| INVOKING Cleansing Flame.
 81619 | Pan      | 81619 ||| Stepping ~*~*~tactically~*~*~ (stealth).
 81621 | Pan      | 81621 ||| Stepping ~*~*~tactically~*~*~ (hiding).
 81810 | Pan      | 81810 ||| Stepping ~*~*~tactically~*~*~ (hiding).
 81918 | Pan      | Noticed Rotohupt the pandemonium lord
 81919 | Pan      | 81919 ||| INVOKING Summon Divine Warrior.
 81922 | Pan      | 81922 ||| INVOKING Summon Divine Warrior.
 81929 | Pan      | Killed Rotohupt the pandemonium lord
 81997 | Pan      | 81997 ||| INVOKING Summon Divine Warrior.
 82052 | Pan      | 82052 ||| INVOKING Cleansing Flame.
 82094 | Pan      | 82094 ||| INVOKING Cleansing Flame.
 82241 | Pan      | 82241 ||| INVOKING Cleansing Flame.
 82427 | Pan      | 82427 ||| INVOKING Cleansing Flame.
 82465 | Pan      | Entered the realm of Lom Lobon.
 82504 | Pan      | 82504 ||| Stepping ~*~*~tactically~*~*~ (stealth).
 82522 | Pan      | 82522 ||| Stepping ~*~*~tactically~*~*~ (stealth).
 82529 | Pan      | 82529 ||| Stepping ~*~*~tactically~*~*~ (stealth).
 82605 | Pan      | 82605 ||| Stepping ~*~*~tactically~*~*~ (stealth).
 82606 | Pan      | 82606 ||| Stepping ~*~*~tactically~*~*~ (stealth).
 82607 | Pan      | 82607 ||| Stepping ~*~*~tactically~*~*~ (stealth).
 82608 | Pan      | 82608 ||| Stepping ~*~*~tactically~*~*~ (stealth).
 82609 | Pan      | 82609 ||| Stepping ~*~*~tactically~*~*~ (stealth).
 82704 | Pan      | 82704 ||| Stepping ~*~*~tactically~*~*~ (hiding).
 82705 | Pan      | 82705 ||| Stepping ~*~*~tactically~*~*~ (hiding).
 82706 | Pan      | 82706 ||| Stepping ~*~*~tactically~*~*~ (hiding).
 82707 | Pan      | 82707 ||| Stepping ~*~*~tactically~*~*~ (hiding).
 82709 | Pan      | 82709 ||| Stepping ~*~*~tactically~*~*~ (hiding).
 82871 | Pan      | 82871 ||| Stepping ~*~*~tactically~*~*~ (stealth).
 82872 | Pan      | 82872 ||| Stepping ~*~*~tactically~*~*~ (stealth).
 82990 | Pan      | 82990 ||| Stepping ~*~*~tactically~*~*~ (hiding).
 83059 | Pan      | Found an exit through the horrors of the Abyss.
 83062 | Pan      | 83062 ||| Stepping ~*~*~tactically~*~*~ (stealth).
 83063 | Pan      | 83063 ||| Stepping ~*~*~tactically~*~*~ (stealth).
 83064 | Pan      | 83064 ||| Stepping ~*~*~tactically~*~*~ (stealth).
 83075 | Pan      | Reached skill level 21 in Axes
 83084 | Pan      | 83084 ||| Stepping ~*~*~tactically~*~*~ (stealth).
 83270 | Pan      | 83270 ||| Stepping ~*~*~tactically~*~*~ (stealth).
 83275 | Pan      | 83275 ||| Stepping ~*~*~tactically~*~*~ (cloud).
 83313 | Pan      | 83313 ||| Stepping ~*~*~tactically~*~*~ (stealth).
 83330 | Pan      | 83330 ||| Stepping ~*~*~tactically~*~*~ (hiding).
 83370 | Pan      | 83370 ||| Stepping ~*~*~tactically~*~*~ (stealth).
 83373 | Pan      | 83373 ||| Stepping ~*~*~tactically~*~*~ (hiding).
 83381 | Pan      | 83381 ||| Stepping ~*~*~tactically~*~*~ (cloud).
 83411 | Pan      | 83411 ||| Stepping ~*~*~tactically~*~*~ (stealth).
 83476 | Pan      | 83476 ||| Stepping ~*~*~tactically~*~*~ (cloud).
 83729 | Pan      | 83729 ||| INVOKING Summon Divine Warrior.
 83733 | Pan      | 83733 ||| INVOKING Cleansing Flame.
 83734 | Pan      | 83734 ||| INVOKING Cleansing Flame.
 83760 | Pan      | 83760 ||| Stepping ~*~*~tactically~*~*~ (hiding).
 83812 | Pan      | 83812 ||| Stepping ~*~*~tactically~*~*~ (hiding).
 83813 | Pan      | 83813 ||| Stepping ~*~*~tactically~*~*~ (hiding).
 83903 | Pan      | 83903 ||| Stepping ~*~*~tactically~*~*~ (hiding).
 83916 | Pan      | 83916 ||| Stepping ~*~*~tactically~*~*~ (hiding).
 83924 | Pan      | Noticed Lom Lobon
 83925 | Pan      | 83925 ||| Stepping ~*~*~tactically~*~*~ (stealth).
 83927 | Pan      | 83927 ||| Stepping ~*~*~tactically~*~*~ (hiding).
 83932 | Pan      | 83932 ||| DRINKING 13 potions of haste.
 83933 | Pan      | 83933 ||| INVOKING Summon Divine Warrior.
 83934 | Pan      | 83934 ||| INVOKING Cleansing Flame.
 83935 | Pan      | 83935 ||| INVOKING Cleansing Flame.
 83936 | Pan      | 83936 ||| Stepping ~*~*~tactically~*~*~ (cloud).
 83937 | Pan      | 83937 ||| INVOKING Cleansing Flame.
 83938 | Pan      | 83938 ||| INVOKING Summon Divine Warrior.
 83939 | Pan      | 83939 ||| DRINKING 13 potions of might.
 83943 | Pan      | Killed Lom Lobon
 83944 | Pan      | 83944 ||| Stepping ~*~*~tactically~*~*~ (cloud).
 84086 | Pan      | Got a magical rune of Zot
 84429 | Pan      | Entered the realm of Gloorx Vloq.
 84462 | Pan      | 84462 ||| Stepping ~*~*~tactically~*~*~ (stealth).
 84466 | Pan      | 84466 ||| Stepping ~*~*~tactically~*~*~ (stealth).
 84508 | Pan      | Reached skill level 15 in Dodging
 84564 | Pan      | 84564 ||| Stepping ~*~*~tactically~*~*~ (stealth).
 84631 | Pan      | 84631 ||| Stepping ~*~*~tactically~*~*~ (stealth).
 84727 | Pan      | 84727 ||| INVOKING Cleansing Flame.
 84727 | Pan      | Noticed Gloorx Vloq
 84728 | Pan      | 84728 ||| INVOKING Summon Divine Warrior.
 84742 | Pan      | Killed Gloorx Vloq
 84833 | Pan      | Got a dark rune of Zot
 85167 | Pan      | 85167 ||| Stepping ~*~*~tactically~*~*~ (stealth).
 85173 | Pan      | 85173 ||| INVOKING Cleansing Flame.
 85174 | Pan      | 85174 ||| INVOKING Cleansing Flame.
 85212 | Pan      | 85212 ||| Stepping ~*~*~tactically~*~*~ (stealth).
 85214 | Pan      | 85214 ||| Stepping ~*~*~tactically~*~*~ (stealth).
 85215 | Pan      | 85215 ||| Stepping ~*~*~tactically~*~*~ (stealth).
 85323 | Pan      | 85323 ||| Stepping ~*~*~tactically~*~*~ (stealth).
 85327 | Pan      | 85327 ||| Stepping ~*~*~tactically~*~*~ (stealth).
 85919 | Pan      | 85919 ||| Stepping ~*~*~tactically~*~*~ (stealth).
 85990 | Pan      | 85990 ||| Stepping ~*~*~tactically~*~*~ (stealth).
 86014 | Pan      | 86014 ||| Stepping ~*~*~tactically~*~*~ (stealth).
 86016 | Pan      | 86016 ||| Stepping ~*~*~tactically~*~*~ (stealth).
 86017 | Pan      | 86017 ||| Stepping ~*~*~tactically~*~*~ (stealth).
 86026 | Pan      | 86026 ||| INVOKING Cleansing Flame.
 86036 | Pan      | 86036 ||| Stepping ~*~*~tactically~*~*~ (stealth).
 86037 | Pan      | 86037 ||| Stepping ~*~*~tactically~*~*~ (stealth).
 86039 | Pan      | 86039 ||| Stepping ~*~*~tactically~*~*~ (stealth).
 86045 | Pan      | 86045 ||| Stepping ~*~*~tactically~*~*~ (hiding).
 86079 | Pan      | 86079 ||| INVOKING Cleansing Flame.
 86107 | Pan      | Noticed Vankir the pandemonium lord
 86108 | Pan      | 86108 ||| INVOKING Summon Divine Warrior.
 86109 | Pan      | 86109 ||| INVOKING Cleansing Flame.
 86110 | Pan      | 86110 ||| INVOKING Cleansing Flame.
 86111 | Pan      | 86111 ||| Stepping ~*~*~tactically~*~*~ (cloud).
 86112 | Pan      | 86112 ||| Stepping ~*~*~tactically~*~*~ (cloud).
 86113 | Pan      | 86113 ||| Stepping ~*~*~tactically~*~*~ (cloud).
 86114 | Pan      | 86114 ||| Stepping ~*~*~tactically~*~*~ (cloud).
 86115 | Pan      | 86115 ||| Stepping ~*~*~tactically~*~*~ (cloud).
 86116 | Pan      | 86116 ||| INVOKING Cleansing Flame.
 86116 | Pan      | Killed Vankir the pandemonium lord
 86376 | Pan      | 86376 ||| Stepping ~*~*~tactically~*~*~ (hiding).
 86446 | Pan      | Identified the +0 scale mail "Hioduoxago" {rF- Int+6}
 86530 | Pan      | Gained mutation: You are frail. (-10% HP) [a cacodemon]
 86838 | Pan      | 86838 ||| Stepping ~*~*~tactically~*~*~ (stealth).
 86855 | Pan      | 86855 ||| Stepping ~*~*~tactically~*~*~ (stealth).
 86858 | Pan      | 86858 ||| INVOKING Cleansing Flame.
 86859 | Pan      | 86859 ||| INVOKING Summon Divine Warrior.
 86994 | Pan      | 86994 ||| ZAPPING wand of digging (41).
 87035 | Pan      | 87035 ||| ZAPPING wand of digging (40).
 87037 | Pan      | Noticed Ydaohap the pandemonium lord
 87038 | Pan      | 87038 ||| Stepping ~*~*~tactically~*~*~ (stealth).
 87067 | Pan      | Killed Ydaohap the pandemonium lord
 87085 | Pan      | 87085 ||| Stepping ~*~*~tactically~*~*~ (stealth).
 87108 | Pan      | 87108 ||| Stepping ~*~*~tactically~*~*~ (stealth).
 87218 | Pan      | 87218 ||| Stepping ~*~*~tactically~*~*~ (stealth).
 87330 | Pan      | 87330 ||| Stepping ~*~*~tactically~*~*~ (stealth).
 87357 | Pan      | 87357 ||| Stepping ~*~*~tactically~*~*~ (stealth).
 87358 | Pan      | 87358 ||| Stepping ~*~*~tactically~*~*~ (stealth).
 87362 | Pan      | 87362 ||| Stepping ~*~*~tactically~*~*~ (stealth).
 87392 | Pan      | 87392 ||| Stepping ~*~*~tactically~*~*~ (stealth).
 87417 | Pan      | 87417 ||| ZAPPING wand of digging (39).
 87603 | Pan      | 87603 ||| ZAPPING wand of digging (38).
 87803 | Pan      | 87803 ||| ZAPPING wand of digging (37).
 87958 | Pan      | Found a runed translucent door.
 87965 | Pan      | Got a demonic rune of Zot
 87982 | Pan      | 87982 ||| PLANNING TAR RUNE
 87982 | Pan      | 87982 ||| UPGRADING to +2 tower shield of protection.
 87992 | Pan      | 87992 ||| DROPPING +2 tower shield.
 88095 | Pan      | 88095 ||| Stepping ~*~*~tactically~*~*~ (stealth).
 88096 | Pan      | 88096 ||| Stepping ~*~*~tactically~*~*~ (stealth).
 88113 | Pan      | 88113 ||| Stepping ~*~*~tactically~*~*~ (stealth).
 88133 | Pan      | 88133 ||| INVOKING Cleansing Flame.
 88134 | Pan      | 88134 ||| INVOKING Cleansing Flame.
 88200 | Pan      | 88200 ||| Stepping ~*~*~tactically~*~*~ (stealth).
 88238 | Pan      | 88238 ||| Stepping ~*~*~tactically~*~*~ (hiding).
 88241 | Pan      | Noticed Ciga the pandemonium lord
 88242 | Pan      | 88242 ||| INVOKING Summon Divine Warrior.
 88250 | Pan      | 88250 ||| Stepping ~*~*~tactically~*~*~ (hiding).
 88253 | Pan      | 88253 ||| INVOKING Summon Divine Warrior.
 88258 | Pan      | Killed Ciga the pandemonium lord
 88303 | Pan      | 88303 ||| Stepping ~*~*~tactically~*~*~ (hiding).
 88313 | Pan      | 88313 ||| Stepping ~*~*~tactically~*~*~ (hiding).
 88338 | Pan      | 88338 ||| INVOKING Cleansing Flame.
 88339 | Pan      | 88339 ||| INVOKING Cleansing Flame.
 88362 | Pan      | Found an exit through the horrors of the Abyss.
 88485 | Pan      | 88485 ||| INVOKING Cleansing Flame.
 88485 | Pan      | Noticed Mennas
 88486 | Pan      | 88486 ||| INVOKING Cleansing Flame.
 88500 | Pan      | Killed Mennas
 89064 | Depths:2 | Escaped Pandemonium
 89114 | Hell     | Entered the Vestibule of Hell
 89114 | Hell     | Noticed Geryon
 89115 | Hell     | 89115 ||| Stepping ~*~*~tactically~*~*~ (hiding).
 89139 | Hell     | Killed Geryon
 89194 | Hell     | 89194 ||| FLEEEEING.
 89195 | Hell     | 89195 ||| FLEEEEING.
 89202 | Hell     | 89202 ||| FLEEEEING.
 89204 | Hell     | 89204 ||| Stepping ~*~*~tactically~*~*~ (hiding).
 89258 | Hell     | 89258 ||| Stepping ~*~*~tactically~*~*~ (hiding).
 89360 | Hell     | 89360 ||| Stepping ~*~*~tactically~*~*~ (stealth).
 89363 | Hell     | Found a gateway to the Iron City of Dis.
 89372 | Hell     | 89372 ||| INVOKING Cleansing Flame.
 89377 | Hell     | 89377 ||| INVOKING Cleansing Flame.
 89387 | Hell     | 89387 ||| FLEEEEING.
 89389 | Hell     | 89389 ||| Stepping ~*~*~tactically~*~*~ (hiding).
 89390 | Hell     | 89390 ||| FLEEEEING.
 89399 | Hell     | 89399 ||| Stepping ~*~*~tactically~*~*~ (stealth).
 89400 | Hell     | 89400 ||| Stepping ~*~*~tactically~*~*~ (stealth).
 89401 | Hell     | 89401 ||| Stepping ~*~*~tactically~*~*~ (stealth).
 89403 | Hell     | 89403 ||| Stepping ~*~*~tactically~*~*~ (stealth).
 89409 | Hell     | 89409 ||| Stepping ~*~*~tactically~*~*~ (hiding).
 89425 | Hell     | 89425 ||| Stepping ~*~*~tactically~*~*~ (hiding).
 89538 | Hell     | 89538 ||| Stepping ~*~*~tactically~*~*~ (hiding).
 89549 | Hell     | 89549 ||| FLEEEEING.
 89550 | Hell     | 89550 ||| FLEEEEING.
 89791 | Hell     | Found a gateway to the ashen valley of Gehenna.
 89976 | Hell     | Found a gateway to the decaying netherworld of Tartarus.
 89985 | Tar:1    | Entered Level 1 of Tartarus
 89986 | Tar:1    | 89986 ||| INVOKING Summon Divine Warrior.
 89990 | Tar:1    | 89990 ||| INVOKING Cleansing Flame.
 89991 | Tar:1    | Reached skill level 24 in Axes
 90187 | Tar:2    | 90187 ||| INVOKING Cleansing Flame.
 90280 | Tar:3    | 90280 ||| Stepping ~*~*~tactically~*~*~ (hiding).
 90281 | Tar:3    | 90281 ||| Stepping ~*~*~tactically~*~*~ (hiding).
 90283 | Tar:3    | 90283 ||| INVOKING Cleansing Flame.
 90308 | Tar:3    | 90308 ||| Stepping ~*~*~tactically~*~*~ (hiding).
 90309 | Tar:3    | 90309 ||| Stepping ~*~*~tactically~*~*~ (hiding).
 90457 | Tar:3    | Noticed a dread lich
 90458 | Tar:3    | 90458 ||| INVOKING Summon Divine Warrior.
 90462 | Tar:3    | 90462 ||| INVOKING Cleansing Flame.
 90463 | Tar:3    | Killed a dread lich
 90674 | Tar:4    | 90674 ||| INVOKING Summon Divine Warrior.
 90741 | Tar:6    | 90741 ||| Stepping ~*~*~tactically~*~*~ (hiding).
 90760 | Tar:7    | Entered Level 7 of Tartarus
 90764 | Tar:7    | 90764 ||| Stepping ~*~*~tactically~*~*~ (hiding).
 90765 | Tar:7    | 90765 ||| Stepping ~*~*~tactically~*~*~ (hiding).
 90873 | Tar:7    | 90873 ||| Stepping ~*~*~tactically~*~*~ (hiding).
 90877 | Tar:7    | 90877 ||| Stepping ~*~*~tactically~*~*~ (hiding).
 90963 | Tar:7    | Reached skill level 18 in Dodging
 91052 | Tar:7    | 91052 ||| INVOKING Summon Divine Warrior.
 91063 | Tar:7    | 91063 ||| INVOKING Cleansing Flame.
 91070 | Tar:7    | 91070 ||| INVOKING Summon Divine Warrior.
 91070 | Tar:7    | Identified the -1 tower shield "Alucu" {rElec rN++ Int+2
                  | Dex-3}
 91124 | Tar:7    | Noticed the Serpent of Hell
 91142 | Tar:7    | Killed the Serpent of Hell
 91160 | Tar:7    | Noticed Ereshkigal
 91161 | Tar:7    | 91161 ||| INVOKING Summon Divine Warrior.
 91175 | Tar:7    | Killed Ereshkigal
 91176 | Tar:7    | 91176 ||| INVOKING Summon Divine Warrior.
 91321 | Tar:7    | Identified the ring of Zoucemei {rF+ Str-3 Dex+4 SInv}
 91328 | Tar:7    | Got a bone rune of Zot
 91332 | Tar:7    | Identified the +3 cloak of Whack-A-Mole {Rampage Int+3}
 91334 | Tar:7    | Identified the +2 ring mail "Piuzinet" {rPois rN+ MP+9
                  | Slay-6}
 91457 | Tar:7    | 91457 ||| INVOKING Summon Divine Warrior.
 91500 | Tar:7    | 91500 ||| INVOKING Cleansing Flame.
 91541 | Tar:7    | 91541 ||| INVOKING Summon Divine Warrior.
 91731 | Tar:7    | 91731 ||| INVOKING Cleansing Flame.
 92352 | Tar:7    | 92352 ||| Stepping ~*~*~tactically~*~*~ (hiding).
 92369 | Tar:7    | 92369 ||| INVOKING Summon Divine Warrior.
 92372 | Tar:7    | 92372 ||| INVOKING Cleansing Flame.
 92373 | Tar:7    | 92373 ||| INVOKING Cleansing Flame.
 92530 | Tar:7    | 92530 ||| Stepping ~*~*~tactically~*~*~ (hiding).
 92831 | Tar:7    | Identified the +7 rapier of the Swamp {heavy, Dex+4}
 92832 | Tar:7    | Identified the +4 arbalest "qw's Bane" {penet, rElec}
 93009 | Tar:7    | 93009 ||| Stepping ~*~*~tactically~*~*~ (hiding).
 93917 | Tar:7    | 93917 ||| PLANNING COC RUNE
 93917 | Tar:7    | 93917 ||| DROPPING +3 cloak of Whack-A-Mole {Rampage
                  | Int+3}.
 93918 | Tar:7    | 93918 ||| UPGRADING to scarf of resistance.
 93928 | Tar:7    | 93928 ||| DROPPING ring of Zoucemei {rF+ Str-3 Dex+4 SInv}.
 94109 | Hell     | 94109 ||| INVOKING Summon Divine Warrior.
 94110 | Hell     | Found a gateway to the freezing wastes of Cocytus.
 94236 | Coc:1    | Entered Level 1 of Cocytus
 94237 | Coc:1    | 94237 ||| INVOKING Summon Divine Warrior.
 94242 | Coc:1    | 94242 ||| INVOKING Cleansing Flame.
 94248 | Coc:1    | 94248 ||| INVOKING Cleansing Flame.
 94252 | Coc:1    | 94252 ||| INVOKING Cleansing Flame.
 94258 | Coc:1    | 94258 ||| INVOKING Cleansing Flame.
 94260 | Coc:1    | 94260 ||| INVOKING Cleansing Flame.
 94286 | Coc:1    | 94286 ||| Stepping ~*~*~tactically~*~*~ (stealth).
 94287 | Coc:1    | 94287 ||| Stepping ~*~*~tactically~*~*~ (stealth).
 94288 | Coc:1    | 94288 ||| Stepping ~*~*~tactically~*~*~ (stealth).
 94292 | Coc:1    | 94292 ||| INVOKING Cleansing Flame.
 94300 | Coc:1    | 94300 ||| INVOKING Cleansing Flame.
 94306 | Coc:1    | 94306 ||| INVOKING Cleansing Flame.
 94312 | Coc:1    | 94312 ||| INVOKING Cleansing Flame.
 94314 | Coc:1    | 94314 ||| INVOKING Cleansing Flame.
 94332 | Coc:1    | 94332 ||| Stepping ~*~*~tactically~*~*~ (cloud).
 94334 | Coc:1    | 94334 ||| Stepping ~*~*~tactically~*~*~ (cloud).
 94338 | Coc:2    | 94338 ||| INVOKING Cleansing Flame.
 94339 | Coc:2    | 94339 ||| INVOKING Summon Divine Warrior.
 94344 | Coc:2    | 94344 ||| INVOKING Cleansing Flame.
 94356 | Coc:2    | 94356 ||| INVOKING Cleansing Flame.
 94358 | Coc:2    | 94358 ||| INVOKING Summon Divine Warrior.
 94387 | Coc:2    | 94387 ||| INVOKING Cleansing Flame.
 94422 | Coc:2    | 94422 ||| FLEEEEING.
 94551 | Coc:3    | 94551 ||| INVOKING Summon Divine Warrior.
 94572 | Coc:3    | 94572 ||| FLEEEEING.
 94573 | Coc:3    | 94573 ||| FLEEEEING.
 94574 | Coc:3    | 94574 ||| FLEEEEING.
 94575 | Coc:3    | 94575 ||| FLEEEEING.
 94632 | Coc:3    | 94632 ||| Stepping ~*~*~tactically~*~*~ (stealth).
 94655 | Coc:4    | Noticed a juggernaut
 94656 | Coc:4    | 94656 ||| INVOKING Summon Divine Warrior.
 94666 | Coc:4    | Noticed a juggernaut
 94671 | Coc:4    | Killed a juggernaut
 94676 | Coc:4    | Killed a juggernaut
 94677 | Coc:4    | Reached skill level 9 in Short Blades
 94698 | Coc:4    | 94698 ||| INVOKING Summon Divine Warrior.
 94743 | Coc:4    | Noticed a juggernaut
 94744 | Coc:4    | 94744 ||| INVOKING Summon Divine Warrior.
 94758 | Coc:4    | Noticed a juggernaut
 94759 | Coc:4    | 94759 ||| INVOKING Summon Divine Warrior.
 94766 | Coc:4    | Killed a juggernaut
 94768 | Coc:4    | Killed a juggernaut
 94810 | Coc:4    | 94810 ||| FLEEEEING.
 94811 | Coc:4    | 94811 ||| FLEEEEING.
 94812 | Coc:4    | 94812 ||| FLEEEEING.
 94813 | Coc:4    | 94813 ||| FLEEEEING.
 94814 | Coc:4    | 94814 ||| FLEEEEING.
 94815 | Coc:4    | 94815 ||| FLEEEEING.
 94816 | Coc:4    | 94816 ||| FLEEEEING.
 94817 | Coc:4    | 94817 ||| FLEEEEING.
 94818 | Coc:4    | 94818 ||| FLEEEEING.
 94819 | Coc:4    | 94819 ||| FLEEEEING.
 94820 | Coc:4    | 94820 ||| FLEEEEING.
 94946 | Coc:4    | Noticed a juggernaut
 94947 | Coc:4    | 94947 ||| INVOKING Summon Divine Warrior.
 94958 | Coc:4    | Killed a juggernaut
 94987 | Coc:4    | Reached skill level 27 in Axes
 95159 | Coc:5    | 95159 ||| INVOKING Cleansing Flame.
 95176 | Coc:6    | 95176 ||| INVOKING Summon Divine Warrior.
 95177 | Coc:6    | 95177 ||| INVOKING Cleansing Flame.
 95196 | Coc:6    | 95196 ||| INVOKING Summon Divine Warrior.
 95202 | Coc:6    | 95202 ||| INVOKING Cleansing Flame.
 95202 | Coc:6    | HP: 38/168 [shard shrike (12)]
 95203 | Coc:6    | 95203 ||| READING 17 scrolls of teleportation.
 95207 | Coc:6    | HP: 26/171 [shard shrike/shard of ice (5)]
 95208 | Coc:6    | 95208 ||| READING 16 scrolls of teleportation.
 95212 | Coc:6    | 95212 ||| READING 15 scrolls of teleportation.
 95216 | Coc:6    | 95216 ||| INVOKING Summon Divine Warrior.
 95220 | Coc:6    | 95220 ||| INVOKING Summon Divine Warrior.
 95225 | Coc:6    | HP: 30/177 [shard shrike/shard of ice (21)]
 95226 | Coc:6    | 95226 ||| READING 14 scrolls of teleportation.
 95235 | Coc:6    | 95235 ||| READING 13 scrolls of teleportation.
 95239 | Coc:6    | 95239 ||| READING 12 scrolls of teleportation.
 95244 | Coc:6    | 95244 ||| INVOKING Summon Divine Warrior.
 95245 | Coc:6    | HP: 34/179 [juggernaut simulacrum (17)]
 95246 | Coc:6    | 95246 ||| READING 11 scrolls of teleportation.
 95250 | Coc:6    | 95250 ||| READING 10 scrolls of teleportation.
 95253 | Coc:6    | 95253 ||| INVOKING Summon Divine Warrior.
 95255 | Coc:6    | HP: 44/179 [Ice Fiend] (6)]
 95256 | Coc:6    | 95256 ||| INVOKING Cleansing Flame.
 95259 | Coc:6    | 95259 ||| INVOKING Summon Divine Warrior.
 95353 | Coc:7    | Entered Level 7 of Cocytus
 95413 | Coc:7    | 95413 ||| INVOKING Summon Divine Warrior.
 95414 | Coc:7    | 95414 ||| INVOKING Cleansing Flame.
 95428 | Coc:7    | 95428 ||| INVOKING Summon Divine Warrior.
 95435 | Coc:7    | 95435 ||| INVOKING Cleansing Flame.
 95436 | Coc:7    | 95436 ||| INVOKING Cleansing Flame.
 95471 | Coc:7    | 95471 ||| INVOKING Summon Divine Warrior.
 95483 | Coc:7    | 95483 ||| INVOKING Cleansing Flame.
 95487 | Coc:7    | 95487 ||| INVOKING Cleansing Flame.
 95495 | Coc:7    | 95495 ||| Stepping ~*~*~tactically~*~*~ (cloud).
 95576 | Coc:7    | 95576 ||| Stepping ~*~*~tactically~*~*~ (cloud).
 95595 | Coc:7    | 95595 ||| INVOKING Summon Divine Warrior.
 95597 | Coc:7    | 95597 ||| INVOKING Cleansing Flame.
 95700 | Coc:7    | Paralysed by a wendigo for 1 turns
 95706 | Coc:7    | Paralysed by a wendigo for 1 turns
 95727 | Coc:7    | Paralysed by a wendigo for 1 turns
 95856 | Coc:7    | 95856 ||| INVOKING Cleansing Flame.
 95857 | Coc:7    | 95857 ||| INVOKING Cleansing Flame.
 95858 | Coc:7    | 95858 ||| INVOKING Summon Divine Warrior.
 95906 | Coc:7    | Identified the ring "Xutigen" {Str+6 Int+4}
 95912 | Coc:7    | Identified the staff of earth "Etual Agu" {rCorr}
 96002 | Coc:7    | 96002 ||| INVOKING Cleansing Flame.
 96009 | Coc:7    | Reached skill level 21 in Dodging
 96189 | Coc:7    | Noticed Antaeus
 96190 | Coc:7    | 96190 ||| INVOKING Cleansing Flame.
 96191 | Coc:7    | 96191 ||| INVOKING Cleansing Flame.
 96193 | Coc:7    | 96193 ||| INVOKING Cleansing Flame.
 96194 | Coc:7    | 96194 ||| INVOKING Cleansing Flame.
 96200 | Coc:7    | 96200 ||| INVOKING Summon Divine Warrior.
 96201 | Coc:7    | 96201 ||| INVOKING Summon Divine Warrior.
 96203 | Coc:7    | HP: 41/179 [??? (8)]
 96204 | Coc:7    | 96204 ||| READING 9 scrolls of teleportation.
 96204 | Coc:7    | HP: 15/179 [Antaeus (18)]
 96204 | Coc:7    | HP: 1/179 [Antaeus (14)]
 96207 | Coc:7    | The Shining One protects you from harm!
 96208 | Coc:7    | Killed Antaeus
 96208 | Coc:7    | Killed from afar by an Ice Fiend

Levels and vault maps discovered:
D:1:      amcnicky_arrival_underground_garden, layout_loops_ring
D:2:      layout_rooms, nicolae_ecumenical_oubliette, nicolae_shop_vocational
D:3:      layout_loops_ring, mainiacjoe_overflow_brackets, lemuel_tele_altar
D:4:      layout_basic, minmay_temple_entry_trees, gup_sewer_entry_bubbles,
          minmay_ruptured
D:5:      layout_basic, uniq_eustachio
D:6:      layout_cave_pools, zin_angel, mainiacjoe_overflow_boulevard
D:7:      layout_cave_pools, mainiacjoe_overflow_surrounded_room,
          kennysheep_mini_moat
D:8:      layout_basic, ashenzari_conservatory_becter, hellmonk_lair_entry_icy
D:9:      layout_gridville, minitemple, dk_noncrumbling_4,
          dreamdust_mushroom_princess, chequers_serial_rivers_marsh
D:10:     layout_roguey, orc_0_dummy
D:11:     minmay_the_grid_octo_tiled_squarecenter_mashed
          [minmay_the_grid_octo_clover, minmay_the_grid_octo_shrine,
          minmay_the_grid_octo_teeth, minmay_the_grid_octo_vomiting_pacman,
          minmay_the_grid_square_5x5_megaprize_crossed,
          minmay_the_grid_square_5x5_misaligned,
          minmay_the_grid_square_5x5_forky, minmay_the_grid_square_5x5_minibox,
          minmay_the_grid_square_5x5_shrine1], layout_cross, uniq_snorg
D:12:     layout_loops_ring, serial_bayou_lake_a
D:13:     layout_loops_cross, david_vaults_5, special_room [special_room_orc],
          uniq_nessos
D:14:     layout_roguey, serial_co_window_serial, co_window_paths_b,
          co_window_corner_a, co_window_corner_a, co_window_of_opportunity_a,
          co_window_of_opportunity_a, co_window_corner_a, co_window_paths_b,
          co_window_unsneaky_path_a, co_window_2corner, co_window_paths_c,
          co_window_broadway_c, co_window_broadway_b, co_window_unsneaky_path_b,
          co_window_corner_b, glass_columns_b, glass_columns_b,
          chequers_serial_rivers_room_b
D:15:     grunt_enter_depths_hoard, layout_basic
Temple:   oiseaux_autumnal_temple
Lair:1:   layout_cave_pods, ebering_ghost_rock_garden, serial_bayou_shore_a,
          uniq_amaemon
Lair:2:   layout_gridlike, minmay_shoals_entry_centaurs,
          hellmonk_spider_entry_life_and_decay, chequers_serial_rivers_micro_d
Lair:3:   layout_layer_cave, gauntlet_entry_generic
Lair:4:   layout_regular_city, minmay_lindwurm_lava
Lair:5:   minmay_lair_end_frog_pond, layout_gridlike,
          minmay_slime_entry_pillars, kennysheep_abandoned_house
Shoals:1: argonaut_golden_fleece, layout_shoals, uniq_roxanne
Shoals:2: nzn_motion_control, layout_shoals, serial_shops, shop_statue,
          uniq_ilsuiw
Shoals:3: nicolae_shoals_deep_elves_summer_vacation, layout_shoals,
          portal_ice_cave_entry_pillars_three, nicolae_shoals_cliffside_cave,
          uniq_polyphemus
Shoals:4: shoals_end_grunt_ice, layout_shoals
Spider:1: layout_spider_delve
Spider:2: nicolae_spider_hilbert_zone_3 [nicolae_spider_hilbert_4_sides_2_open,
          nicolae_spider_hilbert_3_sides_1_open,
          nicolae_spider_hilbert_3_sides_1_open,
          nicolae_spider_hilbert_3_sides_1_open,
          nicolae_spider_hilbert_3_sides_1_open,
          nicolae_spider_hilbert_4_sides_1_open,
          nicolae_spider_hilbert_4_sides_1_open,
          nicolae_spider_hilbert_4_sides_1_open,
          nicolae_spider_hilbert_4_sides_1_open,
          nicolae_spider_hilbert_4_sides_1_open,
          nicolae_spider_hilbert_4_sides_1_open,
          nicolae_spider_hilbert_4_sides_1_open,
          nicolae_spider_hilbert_4_sides_1_open,
          nicolae_spider_hilbert_3_sides_1_open,
          nicolae_spider_hilbert_3_sides_1_open,
          nicolae_spider_hilbert_3_sides_1_open,
          nicolae_spider_hilbert_3_sides_1_open], guppyfry_spider_mini_2
Spider:3: layout_spider_delve
Spider:4: spider_rune_water, gammafunk_ghost_necromancy, uniq_donald
Slime:1:  layout_caves
Slime:2:  layout_caves
Slime:3:  layout_caves
Slime:4:  layout_caves
Slime:5
Orc:1:    layout_caves, minmay_orc_keep
Orc:2:    st_orc_ogre_mass, layout_diamond_mine, gammafunk_ghost_stat_death,
          uniq_jorgrun
Vaults:1: vaults_room_grunt_arrival_ludios, grunt_vaults_trifunnel,
          hangedman_vaults_locks, nicolae_vaults_closet_pinwheel_3, v_misc_10,
          nicolae_vaults_oval_intersection, vaults_dpeg_emergency_exit,
          v_misc_2, nicolae_vaults_apartment_2, nicolae_vaults_trapezoid_2,
          nicolae_vaults_cochlea, layout_vaults_omnigrid
Vaults:2: ebering_ghost_xom, nicolae_vaults_door_testing_chamber,
          vaults_room_large_hall, hangedman_vaults_hat, grunt_vaults_bifocal,
          nicolae_vaults_hexular_roomagon, nicolae_vaults_trapezoid_lopsided_3,
          nicolae_vaults_network_star, nicolae_vaults_doubleplus_tesselated,
          v_misc_25, nicolae_vaults_house_3, v_misc_2, vaults_room_pool,
          nicolae_vaults_holding_cells, dpeg_vaults_monster_box,
          nicolae_vaults_little_squares_1, layout_vaults_big_cross, uniq_boris
Vaults:3: ebering_ghost_gozag, minmay_crypt_entry_simple_round,
          nicolae_vaults_sesquioval_fish, nicolae_vaults_closet_pinwheel_2,
          grunt_vaults_hallway_long, st_more_cells, v_misc_29, v_alt_pattern_5,
          nicolae_vaults_tetromino_Z_1, hangedman_vaults_slice,
          layout_vaults_big_room
Vaults:4: nicolae_vaults_spaceships, v_misc_13,
          nicolae_vaults_offset_grid_hallway_2, serial_ice_h,
          nicolae_vaults_lightning_bolt, nicolae_vaults_more_shelving_1,
          nicolae_vaults_meiosis, hangedman_vaults_nails,
          layout_vaults_maze_snakey
Vaults:5: serial_shops
Crypt:1:  layout_basic, grunt_crypt_arrival_guarded_gate, grunt_megastairs_5
Crypt:2:  layout_misc_corridors, ebering_ghost_inner_flame, minivault_25,
          grunt_megastairs_3
Crypt:3:  quadcrypt_mu, uniq_vv
Tomb:1
Tomb:2
Tomb:3
Depths:1: layout_cave_pools, hell_entry, abyss_entry_flame_altar,
          nicolae_wu_jian_immortal_techniques, minmay_misc_feat_room,
          nicolae_danse_macabre
Depths:2: nicolae_cairo_tiling, layout_twisted_cross, enter_ziggurat_f,
          pan_entry, tso_metal_star, pf_hell_entry_tar_spiral, uniq_bai_suzhen,
          uniq_asterion
Depths:3: gammafunk_corrupted_shrine, layout_cave_pools,
          serial_sigils_hangedman_quiver, pan_entry, serial_bayou,
          serial_bayou_pond_b, serial_bayou_pond_d, serial_bayou_crossing,
          serial_bayou_lagoon_b, pf_coc_iceberg,
          nicolae_abyss_entry_one_way_or_another,
          nicolae_qazlal_general_emergency, uniq_xtahua, uniq_sojobo
Depths:4: grunt_zot_entry_tricorne, layout_gridville, hell_entry,
          minmay_room_of_horrors, uniq_margery
Hell
Coc:1:    nicolae_coc_caina, layout_cocytus_delve
Coc:2:    nicolae_coc_ice_floe, layout_cocytus_delve, serial_ice, serial_ice_n
Coc:3:    layout_ice_bergs
Coc:4:    nicolae_hells_titanomachy
Coc:5:    layout_cocytus_water_paths
Coc:6:    layout_ice_bergs, nicolae_coc_melting_block
Coc:7:    coc_dpeg
Tar:1:    nicolae_hells_demon_pit, layout_cathedral_of_symmetry
Tar:2:    layout_grid_maze
Tar:3:    layout_grid_maze
Tar:4:    layout_cathedral_of_symmetry
Tar:5:    layout_grid_maze, nicolae_tar_cuneiform_water
Tar:6:    layout_grid_maze
Tar:7:    tar_minmay_river
Zot:1:    gammafunk_dig_for_victory, layout_concentric_octagons,
          grunt_ministairs_3, nicolae_transmutations_shop,
          st_grand_hoard_of_tiamat
Zot:2:    layout_onion_interference
Zot:3:    lemuel_draconian_sentries_small, layout_gridlike, zot_minivault_4
Zot:4:    layout_basic, grunt_megastairs_2

Skill      XL: |  1  2  3  4  5  6  7  8  9 10 11 12 13 14 15 16 17 18 19 20 21 22 23 24 25 26 27 |
---------------+----------------------------------------------------------------------------------+-----
Axes           | 2 3 4 5 6 7 8 9 10 12 13 15 16 18 27 | 27.0
Shields        | 4 5 6 8 9 10 11 12 13 14 15 17 19 20 21 22 26 | 26.5
Fighting       | 4 5 6 7 8 10 12 13 15 16 17 18 19 21 22 23 25 26 27 | 27.0
Dodging        | 1 2 3 4 5 6 7 8 9 10 11 12 21 | 21.0
Invocations    | 4 6 9 10 13 27 | 27.0
Armour         | 4 5 6 7 8 9 10 11 12 13 15 16 18 19 20 21 22 27 | 27.0
Throwing       | 1 4 5 7 8 9 10 11 13 14 15 | 15.0
Short Blades   | 10 | 10.2

Action                     |  1- 3 |  4- 6 |  7- 9 | 10-12 | 13-15 | 16-18 | 19-21 | 22-24 | 25-27 || total
---------------------------+-------+-------+-------+-------+-------+-------+-------+-------+-------++-------
  Melee: War axe           |   109 |   144 |   301 |   456 |   563 |       |       |       |       ||  1573
         Hand axe          |       |       |       |    10 |    25 |       |       |       |       ||    35
         Broad axe         |       |       |       |       |   317 |  1414 |  1434 |  1328 |  5447 ||  9940
  Throw: Boomerang         |       |    33 |    42 |    45 |    96 |    38 |     9 |    48 |   649 ||   960
         Javelin           |       |       |       |       |    88 |   121 |   231 |   154 |   192 ||   786
 Invoke: Heroism           |       |       |     4 |    26 |    31 |    36 |    23 |    36 |    18 ||   174
         Finesse           |       |       |       |       |     3 |    16 |     2 |    11 |     2 ||    34
         Cleansing Flame   |       |       |       |       |       |       |       |       |   194 ||   194
         Summon Divine War |       |       |       |       |       |       |       |       |    76 ||    76
         Brand Weapon With |       |       |       |       |       |       |       |       |     1 ||     1
  Evoke: Wand              |       |       |       |       |       |       |       |       |     9 ||     9
    Use: Scroll            |     4 |     8 |     5 |     4 |     8 |    16 |     2 |    11 |    16 ||    74
         Potion            |       |     2 |     3 |     4 |     4 |     7 |     3 |    13 |    38 ||    74
   Stab: Distracted        |       |       |       |       |     1 |       |       |    29 |    23 ||    53
         Petrified         |       |       |       |       |       |     6 |       |     2 |       ||     8
         Petrifying        |       |       |       |       |       |       |       |     2 |       ||     2
 Armour: Scale mail        |    28 |       |       |       |       |       |       |       |       ||    28
         Chain mail        |    39 |    95 |   169 |       |       |       |       |       |    24 ||   327
         Plate armour      |       |       |   101 |   289 |   518 |   620 |   502 |   477 |  1744 ||  4251
  Dodge: Dodged            |    42 |    59 |   106 |   108 |   292 |   642 |   518 |   426 |  2048 ||  4241
  Block: Buckler           |    10 |       |       |       |       |       |       |       |       ||    10
         Kite shield       |    32 |    77 |   157 |   277 |   546 |   805 |   196 |       |       ||  2090
         Tower shield      |       |       |       |       |       |       |   918 |  1014 |  4348 ||  6280

Table legend:
 A = Non-vault XP
 B = Vault XP
 C = Vault XP percentage of total XP
 D = Non-vault monster count
 E = Vault monster count
 F = Vault count percentage of total count
                 A         B        C        D         E       F
            +---------+---------+-------+---------+---------+-------
      Total | 1735078 | 1293980 |  42.7 |    2954 |    1410 |  32.3
            +---------+---------+-------+---------+---------+-------
        D:1 |      34 |       0 |   0.0 |      22 |       0 |   0.0
        D:2 |     112 |       0 |   0.0 |      26 |       0 |   0.0
        D:3 |      37 |       0 |   0.0 |      14 |       0 |   0.0
        D:4 |     318 |     178 |  35.9 |      17 |      12 |  41.4
        D:5 |     743 |     208 |  21.9 |      23 |       1 |   4.2
        D:6 |     479 |       0 |   0.0 |      17 |       0 |   0.0
        D:7 |    2209 |       0 |   0.0 |      25 |       0 |   0.0
        D:8 |     995 |    1720 |  63.4 |      22 |      10 |  31.2
        D:9 |    2661 |       0 |   0.0 |      30 |       0 |   0.0
       D:10 |    2643 |       0 |   0.0 |      22 |       0 |   0.0
       D:11 |    3240 |   12444 |  79.3 |      15 |      28 |  65.1
       D:12 |    2424 |       0 |   0.0 |       9 |       0 |   0.0
       D:13 |    8654 |    2750 |  24.1 |      29 |      22 |  43.1
       D:14 |   16075 |       0 |   0.0 |      33 |       0 |   0.0
       D:15 |    7776 |    1792 |  18.7 |      16 |       2 |  11.1
     Lair:1 |    8913 |    1198 |  11.8 |      30 |       2 |   6.2
     Lair:2 |    7996 |     899 |  10.1 |      25 |       6 |  19.4
     Lair:3 |    5594 |       0 |   0.0 |      14 |       0 |   0.0
     Lair:4 |   13115 |    2531 |  16.2 |      37 |       4 |   9.8
     Lair:5 |   10806 |   13295 |  55.2 |      30 |      55 |  64.7
   Shoals:1 |    9634 |    3041 |  24.0 |      18 |       3 |  14.3
   Shoals:2 |   10866 |    7674 |  41.4 |      24 |      10 |  29.4
   Shoals:3 |   15987 |    9734 |  37.8 |      33 |      12 |  26.7
   Shoals:4 |   16965 |   23577 |  58.2 |      37 |      33 |  47.1
   Spider:1 |   21400 |       0 |   0.0 |      54 |       0 |   0.0
   Spider:2 |   21210 |   11407 |  35.0 |      53 |      28 |  34.6
   Spider:3 |   18136 |       0 |   0.0 |      42 |       0 |   0.0
   Spider:4 |   26848 |   18326 |  40.6 |      53 |      35 |  39.8
    Slime:3 |    3630 |       0 |   0.0 |       8 |       0 |   0.0
    Slime:4 |    1775 |       0 |   0.0 |       4 |       0 |   0.0
    Slime:5 |    9947 |   23168 |  70.0 |      17 |      17 |  50.0
      Orc:1 |    2213 |     273 |  11.0 |      18 |       9 |  33.3
      Orc:2 |    1668 |   19467 |  92.1 |      19 |      41 |  68.3
   Vaults:1 |   45704 |   24211 |  34.6 |      59 |      34 |  36.6
   Vaults:2 |   26063 |   24114 |  48.1 |      39 |      35 |  47.3
   Vaults:3 |   33013 |   25137 |  43.2 |      43 |      32 |  42.7
   Vaults:4 |   35218 |   23586 |  40.1 |      52 |      27 |  34.2
   Vaults:5 |   10178 |   90468 |  89.9 |      14 |      89 |  86.4
    Crypt:1 |   21245 |    2369 |  10.0 |      41 |       2 |   4.7
    Crypt:2 |   37594 |    2287 |   5.7 |      57 |       2 |   3.4
    Crypt:3 |    3328 |   57095 |  94.5 |       1 |      82 |  98.8
     Tomb:1 |    6121 |  104807 |  94.5 |      16 |      68 |  81.0
     Tomb:2 |   12100 |   37184 |  75.4 |      22 |      52 |  70.3
     Tomb:3 |   19172 |   71840 |  78.9 |      41 |      85 |  67.5
   Depths:1 |   42036 |    4914 |  10.5 |      52 |       6 |  10.3
   Depths:2 |   33617 |    4953 |  12.8 |      36 |       2 |   5.3
   Depths:3 |   50827 |   12960 |  20.3 |      71 |       8 |  10.1
   Depths:4 |   27965 |   31784 |  53.2 |      33 |      37 |  52.9
       Hell |   19288 |   41371 |  68.2 |      28 |      49 |  63.6
      Coc:1 |    6221 |    7034 |  53.1 |       9 |       6 |  40.0
      Coc:2 |    6501 |   16980 |  72.3 |       9 |      17 |  65.4
      Coc:3 |   28074 |       0 |   0.0 |      25 |       0 |   0.0
      Coc:4 |       0 |   52187 | 100.0 |       0 |      28 | 100.0
      Coc:5 |    8010 |       0 |   0.0 |      11 |       0 |   0.0
      Coc:6 |   39700 |       0 |   0.0 |      34 |       0 |   0.0
      Coc:7 |   28485 |   58214 |  67.1 |      31 |      44 |  58.7
      Tar:1 |   14440 |    5648 |  28.1 |      13 |       7 |  35.0
      Tar:2 |    7646 |       0 |   0.0 |       7 |       0 |   0.0
      Tar:3 |   13976 |       0 |   0.0 |      11 |       0 |   0.0
      Tar:4 |    9468 |       0 |   0.0 |       7 |       0 |   0.0
      Tar:6 |    1586 |       0 |   0.0 |       1 |       0 |   0.0
      Tar:7 |   38382 |  121391 |  76.0 |      20 |      72 |  78.3
      Zot:1 |   32261 |   48937 |  60.3 |      26 |      31 |  54.4
      Zot:2 |   31488 |       0 |   0.0 |      25 |       0 |   0.0
      Zot:3 |   20972 |   26385 |  55.7 |      18 |      16 |  47.1
      Zot:4 |   67677 |    3988 |   5.6 |      54 |       4 |   6.9
    Abyss:2 |  203659 |    6876 |   3.3 |     457 |      12 |   2.6
    Abyss:3 |   70813 |    7157 |   9.2 |     157 |       7 |   4.3
        Pan |  427147 |  222492 |  34.2 |     598 |     212 |  26.2
      Sewer |       0 |     137 | 100.0 |       0 |       7 | 100.0
   Gauntlet |       0 |    3792 | 100.0 |       0 |       7 | 100.0
            +---------+---------+-------+---------+---------+-------
